Workbook
Name \0: #REF!
Name \00: #REF!
Name \a: #REF!
Name \AA: [1]LIQUIDACION!#REF!
Name \b: [2]STRSUMM0!#REF!
Name \bb: [2]STRSUMM0!#REF!
Name \E: #REF!
Name \EE: #REF!
Name \G: #REF!
Name \k: '[3]7422CW00'!#REF!
Name \l: [4]STRSUMM0!#REF!
Name \M: #REF!
Name \ñ: '[5]7422CW00'!#REF!
Name \P: #REF!
Name \R: #REF!
Name \s: #REF!
Name \V: #REF!
Name \X: [0]!ERR
Name \Z: [0]!ERR
Name _________AFC1: [6]INV!$A$25:$D$28
Name _________AFC3: [6]INV!$F$25:$I$28
Name _________AFC5: [6]INV!$K$25:$N$28
Name _________BGC1: [6]INV!$A$5:$D$8
Name _________BGC3: [6]INV!$F$5:$I$8
Name _________BGC5: [6]INV!$K$5:$N$8
Name _________CAC1: [6]INV!$A$19:$D$22
Name _________CAC3: [6]INV!$F$19:$I$22
Name _________CAC5: [6]INV!$K$19:$N$22
Name _________PJ50: #REF!
Name _________SBC1: [6]INV!$A$12:$D$15
Name _________SBC3: [6]INV!$F$12:$I$15
Name _________SBC5: [6]INV!$K$12:$N$15
Name ________AFC1: [6]INV!$A$25:$D$28
Name ________AFC3: [6]INV!$F$25:$I$28
Name ________AFC5: [6]INV!$K$25:$N$28
Name ________BGC1: [6]INV!$A$5:$D$8
Name ________BGC3: [6]INV!$F$5:$I$8
Name ________BGC5: [6]INV!$K$5:$N$8
Name ________CAC1: [6]INV!$A$19:$D$22
Name ________CAC3: [6]INV!$F$19:$I$22
Name ________CAC5: [6]INV!$K$19:$N$22
Name ________MA2: #REF!
Name ________PJ50: #REF!
Name ________SBC1: [6]INV!$A$12:$D$15
Name ________SBC3: [6]INV!$F$12:$I$15
Name ________SBC5: [6]INV!$K$12:$N$15
Name _______AFC1: [6]INV!$A$25:$D$28
Name _______AFC3: [6]INV!$F$25:$I$28
Name _______AFC5: [6]INV!$K$25:$N$28
Name _______BGC1: [6]INV!$A$5:$D$8
Name _______BGC3: [6]INV!$F$5:$I$8
Name _______BGC5: [6]INV!$K$5:$N$8
Name _______CAC1: [6]INV!$A$19:$D$22
Name _______CAC3: [6]INV!$F$19:$I$22
Name _______CAC5: [6]INV!$K$19:$N$22
Name _______MA2: #REF!
Name _______PJ50: #REF!
Name _______SBC1: [6]INV!$A$12:$D$15
Name _______SBC3: [6]INV!$F$12:$I$15
Name _______SBC5: [6]INV!$K$12:$N$15

Sheet PRESUPUESTO OFICIAL (Entidad)
C3: Formulario 1 - Propuesta económica - Documento tipo de selección abreviada de menor cuantía - versión 2
C4: Código | D4: CCE-EICP-FM-25 | E4: Versión | F4: 2
C6: FORMULARIO 1
C7: PRESUPUESTO OFICIAL
C8: [La entidad puede utilizar este formulario de detalle del presupuesto oficial para determinar las condiciones bajo las cuales los proponentes analizarán y presentarán su propuesta económica de forma detallada, sin perjuicio que la entidad pueda modificarlo o establecer la presentación de la oferta económica con un formulario distinto al indicado.]
C10: Adicionalmente, cuando el proceso de contratación es estructurado por precios unitarios, la Entidad debe aplicar las notas 1, 2 y 3 del presente formulario y las casillas de "Descripción", "Porcentaje" de la Administración, Imprevisto, Utilidad y total A.I.U. resaltadas en colo amarillo. Tratándose de otras modalidades de precio, la Entidad puede o no configurar los mismos aspectos.
C11: =[33]DATOS!Q20 -> “MEJORAMIENTO DE VÍAS TERCIARIAS MEDIANTE LA CONSTRUCCION DE PLACA HUELLA EN SITIOS CRITICOS DE LOS MUNICIPIOS DE GARZON, EL PITAL, EL AGRADO Y PAICOL DEPARTAMENTO DEL HUILA"
C12: Nº | D12: ITEM DE PAGO | E12: ESPECIFICACIONES | G12: DESCRIPCION | H12: UND. | I12: CANTIDAD | J12: VALOR UNITARIO | K12: VALOR TOTAL
E13: GENERAL | F13: PARTICULAR
C14: 1. MUNICIPIO DE GARZON
C15: PRELIMINARES
C16: 1 | D16: 1.1 | E16: 1P | G16: LOCALIZACION Y REPLANTEO | H16: ML | I16: 920 | J16: 4285 | K16: =I16*J16 -> 3942200
C17: Subtotal | K17: =K16 -> 3942200
C18: ESTRUCTURA DE PAVIMENTO PLACA HUELLA
C19: 2 | D19: 2.1 | F19: ESP 210-13 INV. | G19: EXCAVACIÓN MECÁNICA (EXPLANACIÓN). ESP. 210-13 INV. INCLUYE RETIRO DE MATERIAL PROVENIENTE DE LA EXCAVACIÓN A DISPOSICIÓN FINAL DEL MISMO. | H19: M3 | I19: 226 | J19: 29054 | K19: =I19*J19 -> 6566204
C20: 3 | D20: 2.2 | E20: 2P | G20: EXCAVACION MANUAL EN MATERIAL SECO (INCLUYE TRANSPORTE A SITIO AUTORIZADO.) | H20: M3 | I20: 101 | J20: 38840 | K20: =I20*J20 -> 3922840
C21: 4 | D21: 2.3 | F21: ESP 320-13 INV. | G21: SUMINISTRO, INSTALACION, EXTENDIDA, NIVELACION, HUMEDECIMIENTO O AIREACION Y COMPACTACION DE SUBBASE GRANULAR CBR ≥ 40%. ESP. 320-13 INV. | H21: M3 | I21: 584 | J21: 287174 | K21: =I21*J21 -> 167709616
C22: 5 | D22: 2.4 | F22: ESP 640-13 INV. | G22: ACERO DE REFUERZO 4.200 KG/CM² (60.000 PSI) ESP.640-13 INV. PARA PLACAS, RIOSTRAS, CUNETAS, BORDILLOS Y DENTELLONES | H22: KG | I22: 39394 | J22: 8432 | K22: =I22*J22 -> 332170208
C23: 6 | D23: 2.5 | E23: 4P | G23: SUMINISTRO E INSTALACIÓN DE CONCRETO NORMAL CLASE D - (F´C=210 KGF/CM2) O (3.000 PSI) PARA DENTELLONES- PLACAS - RIOSTRAS - CUNETAS - BORDILLO. | H23: M3 | I23: 686 | J23: 877374 | K23: =I23*J23 -> 601878564
C24: 7 | D24: 2.6 | F24: ESP 630-13 INV. | G24: SUMINISTRO E INSTALACIÓN DE CONCRETO CICLÓPEO DE 210 KG/CM² (3.000 PSI) ESPESOR 0,15 M.60% CONCRETO NORMAL DE 210 KG/CM² (3.000 PSI) , 40% PIEDRA ESP. 630-13 INV. PARA HUELLAS. | H24: M3 | I24: 168 | J24: 623325 | K24: =I24*J24 -> 104718600
C25: Subtotal | K25: =SUM(K19:K24) -> 1216966032
C26: OBRAS DE DRENAJE Y COMPLEMENTARIAS: ALCANTARILLAS (8)
C27: 8 | D27: 3.1 | E27: 5P | G27: SUMINISTRO E INSTALACIÓN DE SOLADO DE LIMPIEZA EN CONCRETO NORMAL CLASE F- (F´C=140 KGF/CM2). PARA OBRAS DE ARTE. | H27: M3 | I27: 24 | J27: 754313 | K27: =I27*J27 -> 18103512
C28: 9 | D28: 3.2 | E28: 6P | G28: SUMINISTRO E INSTALACIÓN DE CONCRETO NORMAL CLASE D- (F´C=210 KGF/CM2). PARA CONSTRUCCION DE CABEZOTES, MUROS, ENCOLES, DESCOLES Y PLACAS DE SOBREPISO DE ALCANTARILLAS. | H28: M3 | I28: 67 | J28: 877374 | K28: =I28*J28 -> 58784058
C29: 10 | D29: 3.3 | F29: ESP. 661-13 INV. | G29: SUMINISTRO E INTALACION DE TUBERIA EN CONCRETO F=36", L=1M. ESP. 661-13 INV. | H29: M | I29: 40 | J29: 544454 | K29: =I29*J29 -> 21778160
C30: 11 | D30: 3.4 | F30: ESP.640-13 INV. | G30: ACERO DE REFUERZO 4.200 KG/CM² (60.000 PSI) ESP.640-13 INV. PARA ALCANTARILLA, BOX, MUROS. | H30: KG | I30: 4631 | J30: 8432 | K30: =I30*J30 -> 39048592
C31: 12 | D31: 3.5 | F31: ESP. 673-13 INV. | G31: SUMINISTRO E INSTALACION MATERIAL GRANULAR FILTRANTE. ESP. 673-13 INV. | H31: M3 | I31: 96 | J31: 334910 | K31: =I31*J31 -> 32151360
C32: 13 | D32: 3.6 | F32: ESP. 220.1-13 INV. | G32: TERRAPLEN / MEJORAMIENTO CONFORMADO CON MATERIAL SELECCIONADO. ESP. 220.1-13 INV. | H32: M3 | I32: 56 | J32: 245526 | K32: =I32*J32 -> 13749456
C33: Subtotal | K33: =SUM(K27:K32) -> 183615138
C34: 2. MUNICIPIO DE EL PITAL
C35: PRELIMINARES
C36: 14 | D36: 1.1 | E36: 1P | G36: LOCALIZACION Y REPLANTEO | H36: ML | I36: 1800 | J36: 4285 | K36: =ROUND(I36*J36,0) -> 7713000
C37: Subtotal | K37: =K36 -> 7713000
C38: ESTRUCTURA DE PAVIMENTO PLACA HUELLA
C39: 15 | D39: 2.1 | F39: ESP 210-13 INV. | G39: EXCAVACIÓN MECÁNICA (EXPLANACIÓN). ESP. 210-13 INV. INCLUYE RETIRO DE MATERIAL PROVENIENTE DE LA EXCAVACIÓN A DISPOSICIÓN FINAL DEL MISMO. | H39: M3 | I39: 344 | J39: 29054 | K39: =ROUND(I39*J39,0) -> 9994576
C40: 16 | D40: 2.2 | E40: 2P | G40: EXCAVACION MANUAL EN MATERIAL SECO (INCLUYE TRANSPORTE A SITIO AUTORIZADO.) | H40: M3 | I40: 197 | J40: 38840 | K40: =ROUND(I40*J40,0) -> 7651480
C41: 17 | D41: 2.3 | F41: ESP 320-13 INV. | G41: SUMINISTRO, INSTALACION, EXTENDIDA, NIVELACION, HUMEDECIMIENTO O AIREACION Y COMPACTACION DE SUBBASE GRANULAR CBR ≥ 40%. ESP. 320-13 INV. | H41: M3 | I41: 1143 | J41: 261182 | K41: =ROUND(I41*J41,0) -> 298531026
C42: 18 | D42: 2.4 | F42: ESP 640-13 INV. | G42: ACERO DE REFUERZO 4.200 KG/CM² (60.000 PSI) ESP.640-13 INV. PARA PLACAS, RIOSTRAS, CUNETAS, BORDILLOS Y DENTELLONES | H42: KG | I42: 77074 | J42: 8411 | K42: =ROUND(I42*J42,0) -> 648269414
C43: 19 | D43: 2.5 | E43: 4P | G43: SUMINISTRO E INSTALACIÓN DE CONCRETO NORMAL CLASE D - (F´C=210 KGF/CM2) O (3.000 PSI) PARA DENTELLONES- PLACAS - RIOSTRAS - CUNETAS - BORDILLO. | H43: M3 | I43: 1343 | J43: 847384 | K43: =ROUND(I43*J43,0) -> 1138036712
C44: 20 | D44: 2.6 | F44: ESP 630-13 INV. | G44: SUMINISTRO E INSTALACIÓN DE CONCRETO CICLÓPEO DE 210 KG/CM² (3.000 PSI) ESPESOR 0,15 M.60% CONCRETO NORMAL DE 210 KG/CM² (3.000 PSI) , 40% PIEDRA ESP. 630-13 INV. PARA HUELLAS. | H44: M3 | I44: 329 | J44: 597333 | K44: =ROUND(I44*J44,0) -> 196522557
C45: Subtotal | K45: =SUM(K39:K44) -> 2299005765
C46: OBRAS DE DRENAJE Y COMPLEMENTARIAS: ALCANTARILLAS (16)
C47: 21 | D47: 3.1 | E47: 5P | G47: SUMINISTRO E INSTALACIÓN DE SOLADO DE LIMPIEZA EN CONCRETO NORMAL CLASE F- (F´C=140 KGF/CM2). PARA OBRAS DE ARTE. | H47: M3 | I47: 47 | J47: 724923 | K47: =ROUND(I47*J47,0) -> 34071381
C48: 22 | D48: 3.2 | E48: 6P | G48: SUMINISTRO E INSTALACIÓN DE CONCRETO NORMAL CLASE D- (F´C=210 KGF/CM2). PARA CONSTRUCCION DE CABEZOTES, MUROS, ENCOLES, DESCOLES Y PLACAS DE SOBREPISO DE ALCANTARILLAS. | H48: M3 | I48: 135 | J48: 847384 | K48: =ROUND(I48*J48,0) -> 114396840
C49: 23 | D49: 3.3 | F49: ESP. 661-13 INV. | G49: SUMINISTRO E INTALACION DE TUBERIA EN CONCRETO F=36", L=1M. ESP. 661-13 INV. | H49: M | I49: 80 | J49: 528645 | K49: =ROUND(I49*J49,0) -> 42291600
C50: 24 | D50: 3.4 | F50: ESP.640-13 INV. | G50: ACERO DE REFUERZO 4.200 KG/CM² (60.000 PSI) ESP.640-13 INV. PARA ALCANTARILLA, BOX, MUROS. | H50: KG | I50: 9262 | J50: 8411 | K50: =ROUND(I50*J50,0) -> 77902682
C51: 25 | D51: 3.5 | F51: ESP. 673-13 INV. | G51: SUMINISTRO E INSTALACION MATERIAL GRANULAR FILTRANTE. ESP. 673-13 INV. | H51: M3 | I51: 84 | J51: 314917 | K51: =ROUND(I51*J51,0) -> 26453028
C52: 26 | D52: 3.6 | F52: ESP. 220.1-13 INV. | G52: TERRAPLEN / MEJORAMIENTO CONFORMADO CON MATERIAL SELECCIONADO. ESP. 220.1-13 INV. | H52: M3 | I52: 112 | J52: 219535 | K52: =ROUND(I52*J52,0) -> 24587920
C53: Subtotal | K53: =SUM(K47:K52) -> 319703451
C54: 3. MUNICIPIO DE EL AGRADO
C55: PRELIMINARES
C56: 27 | D56: 1.1 | E56: 1P | G56: LOCALIZACION Y REPLANTEO | H56: ML | I56: 900 | J56: 4285 | K56: =ROUND(I56*J56,0) -> 3856500
C57: Subtotal | K57: =K56 -> 3856500
C58: 3.2 ESTRUCTURA DE PAVIMENTO PLACA HUELLA
C59: 28 | D59: 2.1 | F59: ESP 210-13 INV. | G59: EXCAVACIÓN MECÁNICA (EXPLANACIÓN). ESP. 210-13 INV. INCLUYE RETIRO DE MATERIAL PROVENIENTE DE LA EXCAVACIÓN A DISPOSICIÓN FINAL DEL MISMO. | H59: M3 | I59: 202 | J59: 29054 | K59: =ROUND(I59*J59,0) -> 5868908
C60: 29 | D60: 2.2 | E60: 2P | G60: EXCAVACION MANUAL EN MATERIAL SECO (INCLUYE TRANSPORTE A SITIO AUTORIZADO.) | H60: M3 | I60: 99 | J60: 38840 | K60: =ROUND(I60*J60,0) -> 3845160
C61: 30 | D61: 2.3 | F61: ESP 320-13 INV. | G61: SUMINISTRO, INSTALACION, EXTENDIDA, NIVELACION, HUMEDECIMIENTO O AIREACION Y COMPACTACION DE SUBBASE GRANULAR CBR ≥ 40%. ESP. 320-13 INV. | H61: M3 | I61: 572 | J61: 271812 | K61: =ROUND(I61*J61,0) -> 155476464
C62: 31 | D62: 2.4 | F62: ESP 640-13 INV. | G62: ACERO DE REFUERZO 4.200 KG/CM² (60.000 PSI) ESP.640-13 INV. PARA PLACAS, RIOSTRAS, CUNETAS, BORDILLOS Y DENTELLONES | H62: KG | I62: 38538 | J62: 8415 | K62: =ROUND(I62*J62,0) -> 324297270
C63: 32 | D63: 2.5 | E63: 4P | G63: SUMINISTRO E INSTALACIÓN DE CONCRETO NORMAL CLASE D - (F´C=210 KGF/CM2) O (3.000 PSI) PARA DENTELLONES- PLACAS - RIOSTRAS - CUNETAS - BORDILLO. | H63: M3 | I63: 671 | J63: 859648 | K63: =ROUND(I63*J63,0) -> 576823808
C64: 33 | D64: 2.6 | F64: ESP 630-13 INV. | G64: SUMINISTRO E INSTALACIÓN DE CONCRETO CICLÓPEO DE 210 KG/CM² (3.000 PSI) ESPESOR 0,15 M.60% CONCRETO NORMAL DE 210 KG/CM² (3.000 PSI) , 40% PIEDRA ESP. 630-13 INV. PARA HUELLAS. | H64: M3 | I64: 164 | J64: 607963 | K64: =ROUND(I64*J64,0) -> 99705932
C65: Subtotal | K65: =SUM(K59:K64) -> 1166017542
C66: OBRAS DE DRENAJE Y COMPLEMENTARIAS: ALCANTARILLAS (8)
C67: 34 | D67: 3.1 | E67: 5P | G67: SUMINISTRO E INSTALACIÓN DE SOLADO DE LIMPIEZA EN CONCRETO NORMAL CLASE F- (F´C=140 KGF/CM2). PARA OBRAS DE ARTE. | H67: M3 | I67: 24 | J67: 736943 | K67: =ROUND(I67*J67,0) -> 17686632
C68: 35 | D68: 3.2 | E68: 6P | G68: SUMINISTRO E INSTALACIÓN DE CONCRETO NORMAL CLASE D- (F´C=210 KGF/CM2). PARA CONSTRUCCION DE CABEZOTES, MUROS, ENCOLES, DESCOLES Y PLACAS DE SOBREPISO DE ALCANTARILLAS. | H68: M3 | I68: 67 | J68: 832185 | K68: =ROUND(I68*J68,0) -> 55756395
C69: 36 | D69: 3.3 | F69: ESP. 661-13 INV. | G69: SUMINISTRO E INTALACION DE TUBERIA EN CONCRETO F=36", L=1M. ESP. 661-13 INV. | H69: M | I69: 40 | J69: 531434 | K69: =ROUND(I69*J69,0) -> 21257360
C70: 37 | D70: 3.4 | F70: ESP.640-13 INV. | G70: ACERO DE REFUERZO 4.200 KG/CM² (60.000 PSI) ESP.640-13 INV. PARA ALCANTARILLA, BOX, MUROS. | H70: KG | I70: 4631 | J70: 8415 | K70: =ROUND(I70*J70,0) -> 38969865
C71: 38 | D71: 3.5 | F71: ESP. 673-13 INV. | G71: SUMINISTRO E INSTALACION MATERIAL GRANULAR FILTRANTE. ESP. 673-13 INV. | H71: M3 | I71: 72 | J71: 323094 | K71: =ROUND(I71*J71,0) -> 23262768
C72: 39 | D72: 3.6 | F72: ESP. 220.1-13 INV. | G72: TERRAPLEN / MEJORAMIENTO CONFORMADO CON MATERIAL SELECCIONADO. ESP. 220.1-13 INV. | H72: M3 | I72: 56 | J72: 230165 | K72: =ROUND(I72*J72,0) -> 12889240
C73: Subtotal | K73: =SUM(K67:K72) -> 169822260
C74: 4. MUNICIPIO DE PAICOL
C75: PRELIMINARES
C76: 40 | D76: 1.1 | E76: 1P | G76: LOCALIZACION Y REPLANTEO | H76: ML | I76: 600 | J76: 4285 | K76: =ROUND(I76*J76,0) -> 2571000
C77: Subtotal | K77: =K76 -> 2571000
C78: ESTRUCTURA DE PAVIMENTO PLACA HUELLA
C79: 41 | D79: 2.1 | F79: ESP 210-13 INV. | G79: EXCAVACIÓN MECÁNICA (EXPLANACIÓN). ESP. 210-13 INV. INCLUYE RETIRO DE MATERIAL PROVENIENTE DE LA EXCAVACIÓN A DISPOSICIÓN FINAL DEL MISMO. | H79: M3 | I79: 170 | J79: 29054 | K79: =ROUND(I79*J79,0) -> 4939180
C80: 42 | D80: 2.2 | E80: 2P | G80: EXCAVACION MANUAL EN MATERIAL SECO (INCLUYE TRANSPORTE A SITIO AUTORIZADO.) | H80: M3 | I80: 66 | J80: 38840 | K80: =ROUND(I80*J80,0) -> 2563440
C81: 43 | D81: 2.3 | F81: ESP 320-13 INV. | G81: SUMINISTRO, INSTALACION, EXTENDIDA, NIVELACION, HUMEDECIMIENTO O AIREACION Y COMPACTACION DE SUBBASE GRANULAR CBR ≥ 40%. ESP. 320-13 INV. | H81: M3 | I81: 381 | J81: 145877 | K81: =ROUND(I81*J81,0) -> 55579137
C82: 44 | D82: 2.4 | F82: ESP 640-13 INV. | G82: ACERO DE REFUERZO 4.200 KG/CM² (60.000 PSI) ESP.640-13 INV. PARA PLACAS, RIOSTRAS, CUNETAS, BORDILLOS Y DENTELLONES | H82: KG | I82: 25691 | J82: 8399 | K82: =ROUND(I82*J82,0) -> 215778709
C83: 45 | D83: 2.5 | E83: 4P | G83: SUMINISTRO E INSTALACIÓN DE CONCRETO NORMAL CLASE D - (F´C=210 KGF/CM2) O (3.000 PSI) PARA DENTELLONES- PLACAS - RIOSTRAS - CUNETAS - BORDILLO. | H83: M3 | I83: 448 | J83: 714340 | K83: =ROUND(I83*J83,0) -> 320024320
C84: 46 | D84: 2.6 | F84: ESP 630-13 INV. | G84: SUMINISTRO E INSTALACIÓN DE CONCRETO CICLÓPEO DE 210 KG/CM² (3.000 PSI) ESPESOR 0,15 M.60% CONCRETO NORMAL DE 210 KG/CM² (3.000 PSI) , 40% PIEDRA ESP. 630-13 INV. PARA HUELLAS. | H84: M3 | I84: 110 | J84: 482028 | K84: =ROUND(I84*J84,0) -> 53023080
C85: Subtotal | K85: =SUM(K79:K84) -> 651907866
C86: OBRAS DE DRENAJE Y COMPLEMENTARIAS: ALCANTARILLAS (6)
C87: 47 | D87: 3.1 | E87: 5P | G87: SUMINISTRO E INSTALACIÓN DE SOLADO DE LIMPIEZA EN CONCRETO NORMAL CLASE F- (F´C=140 KGF/CM2). PARA OBRAS DE ARTE. | H87: M3 | I87: 18 | J87: 594539 | K87: =ROUND(I87*J87,0) -> 10701702
C88: 48 | D88: 3.2 | E88: 6P | G88: SUMINISTRO E INSTALACIÓN DE CONCRETO NORMAL CLASE D- (F´C=210 KGF/CM2). PARA CONSTRUCCION DE CABEZOTES, MUROS, ENCOLES, DESCOLES Y PLACAS DE SOBREPISO DE ALCANTARILLAS. | H88: M3 | I88: 51 | J88: 714340 | K88: =ROUND(I88*J88,0) -> 36431340
C89: 49 | D89: 3.3 | F89: ESP. 661-13 INV. | G89: SUMINISTRO E INTALACION DE TUBERIA EN CONCRETO F=36", L=1M. ESP. 661-13 INV. | H89: M | I89: 30 | J89: 519164 | K89: =ROUND(I89*J89,0) -> 15574920
C90: 50 | D90: 3.4 | F90: ESP.640-13 INV. | G90: ACERO DE REFUERZO 4.200 KG/CM² (60.000 PSI) ESP.640-13 INV. PARA ALCANTARILLA, BOX, MUROS. | H90: KG | I90: 3473 | J90: 8399 | K90: =ROUND(I90*J90,0) -> 29169727
C91: 51 | D91: 3.5 | F91: ESP. 673-13 INV. | G91: SUMINISTRO E INSTALACION MATERIAL GRANULAR FILTRANTE. ESP. 673-13 INV. | H91: M3 | I91: 72 | J91: 226221 | K91: =ROUND(I91*J91,0) -> 16287912
C92: 52 | D92: 3.6 | F92: ESP. 220.1-13 INV. | G92: TERRAPLEN / MEJORAMIENTO CONFORMADO CON MATERIAL SELECCIONADO. ESP. 220.1-13 INV. | H92: M3 | I92: 42 | J92: 104230 | K92: =ROUND(I92*J92,0) -> 4377660
C93: Subtotal | K93: =SUM(K87:K92) -> 112543261
C94: SUBTOTAL OBRAS | K94: =K93+K85+K77+K73+K65+K57+K53+K45+K37+K33+K25+K17 -> 6137664015 | O94: =K94/1.3 -> 4.72128e+09 | P94: =O94*0.3 -> 1.416384e+09
O95: =O94*1.3 -> 6137664015
G96: PLAN DE MANEJO DE TRANSITO (PMT) | K96: 15500000
G97: PAGA | K97: 23243288
G98: CARACTERIZACION DE LOS CORREDORES VIALES A INTERVENIR EN EL MUNICIPIO DE GARZON - 73,45 Km. | K98: 47742500
G99: VALOR TOTAL | K99: =K94+K96+K97+K98 -> 6224149803 | O99: 1565193530 | P99: 2821540821 | Q99: 1442933653 | R99: 830172285
C102: NOTA 1: Se debe tener en cuenta que el PRECIO UNITARIO incluye el valor de A.I.U. | H102: DESCRIPCION | K102: VALOR | O102: =I16+I36+I56+I76 -> 4220 | P102: =K99/4.22 -> 1.474917e+09
C103: NOTA 2: Cuando la fracción decimal del peso sea igual o superior a 5 se aproximara por exceso al número entero siguiente del peso y cuando la fracción decimal del peso sea inferior a 5 se aproximará por defecto al número entero del peso. | H103: ADMINISTRACION | J103: 0.23
C104: NOTA 3: El A.I.U y su discriminación deben estar en porcentaje (%). | H104: IMPREVISTO | J104: 0.02
H105: UTILIDAD | J105: 0.05
H106: TOTAL A.I.U | J106: A.I.U.=
...

Sheet Analisis AIU final
B1: =[33]DATOS!Q20 -> “MEJORAMIENTO DE VÍAS TERCIARIAS MEDIANTE LA CONSTRUCCION DE PLACA HUELLA EN SITIOS CRITICOS DE LOS MUNICIPIOS DE GARZON, EL PITAL, EL AGRADO Y PAICOL DEPARTAMENTO DEL HUILA"
F5: 4.72128e+09
A6: ANALISIS Y DESGLOSE DEL A.I.U
A7: ITEM | B7: DESCRIPCIÓN | C7: V. UNITARIO | D7: MESES | E7: % DEDICACIÓN | F7: VALOR TOTAL
A8: 1 | B8: ADMINISTRACIÓN
B9: PERSONAL
A10: 1.1 | B10: INGENIERO DIRECTOR DE OBRA (Prog. Gerencia de proyectos) | C10: 4500000 | D10: 10 | E10: 0.3 | F10: =+E10*D10*C10 -> 13500000
A11: 1.2 | B11: INGENIERO CIVIL RESIDENTE DE OBRA | C11: 3500000 | D11: 10 | E11: 1 | F11: =+E11*D11*C11 -> 35000000
A12: 1.3 | B12: ESPECIALISTA EN GEOTECNIA VIAL | C12: 3800000 | D12: 10 | E12: 0.2 | F12: =+E12*D12*C12 -> 7600000
A13: 1.4 | B13: ESPECIALISTA EN ESTRUCTURAS | C13: 3800000 | D13: 10 | E13: 0.15 | F13: =+E13*D13*C13 -> 5700000
A14: 1.5 | B14: INGENIERO INDUSTRIAL (SISOMA) | C14: 3200000 | D14: 10 | E14: 1 | F14: =+E14*D14*C14 -> 32000000
A15: 1.6 | B15: INGENIERO AMBIENTAL | C15: 2500000 | D15: 10 | E15: 0.5 | F15: =+E15*D15*C15 -> 12500000
A16: 1.7 | B16: INSPECTOR DE OBRA | C16: 1500000 | D16: 10 | E16: 1 | F16: =+E16*D16*C16 -> 15000000
A17: 1.8 | B17: INSPECTOR DE OBRA | C17: 1500000 | D17: 10 | E17: 1 | F17: =+E17*D17*C17 -> 15000000
A18: 1.9 | B18: CELADOR ALMACENISTA | C18: 1160000 | D18: 10 | E18: 1 | F18: =+E18*D18*C18 -> 11600000
A19: 1.10 | B19: CONDUCTOR | C19: 1160000 | D19: 10 | E19: 1 | F19: =+E19*D19*C19 -> 11600000
A20: 1.11 | B20: TOPOGRAFO (control permanente de niveles y alineamiento) | C20: 1800000 | D20: 10 | E20: 1 | F20: =+E20*D20*C20 -> 18000000
A21: 1.12 | B21: CADENERO (control permanente de niveles y alineamiento) | C21: 1160000 | D21: 10 | E21: 1 | F21: =+E21*D21*C21 -> 11600000
... A23: 1.14 | B23: CONTROLADORES DE TRANSITO (PALETEROS) | C23: 1160000 | D23: 10 | E23: 1 | F23: =+E23*D23*C23 -> 11600000
B24: SUB TOTAL COSTOS DE PERSONAL | F24: =SUM(F10:F23) -> 212300000
B25: FACTOR PRESTACIONAL | C25: PORCENTAJE | D25: VALOR
A26: 1.12 | B26: CESANTIAS | C26: 0.0833 | D26: =F24*C26 -> 17684590
A27: 1.13 | B27: INTERESES DE CESANTIAS | C27: 0.01 | D27: =F24*C27 -> 2123000
A28: 1.14 | B28: PRIMA LEGAL | C28: 0.0833 | D28: =F24*C28 -> 17684590
A29: 1.15 | B29: VACACIONES | C29: 0.0416 | D29: =F24*C29 -> 8831680
B30: SUB TOTAL COSTOS DE PRESTACIONES | D30: =SUM(D26:F29) -> 46323860
B31: SEGURIDAD SOCIAL | C31: PORCENTAJE | D31: VALOR
A32: 1.16 | B32: Eps salud 12,5% Aporte patronal 8,5% | C32: 0.085 | D32: =C32*F24 -> 18045500
A33: 1.17 | B33: Pension 16%, Aporte patronal 12% | C33: 0.12 | D33: =C33*F24 -> 25476000
A34: 1.18 | B34: A.R.P | C34: 0.0696 | D34: =C34*F24 -> 14776080
A35: 1.19 | B35: Caja de compesación familiar | C35: 0.04 | D35: =C35*F24 -> 8492000
A36: 1.20 | B36: SENA | C36: 0.02 | D36: =C36*F24 -> 4246000
A37: 1.21 | B37: I.C.B.F | C37: 0.03 | D37: =C37*F24 -> 6369000
A38: 1.22 | B38: Otros (subsidio de transporte 0,6%; Dotacion 0,46% hasta 2 SMMLV) | C38: 0.0106 | D38: =C38*(F16+F18+F19+F20+F21+F22+F23) -> 964600
B39: SUB TOTAL COSTOS DE SEGURIDAD SOCIAL | D39: =SUM(D32:F38) -> 78369180
B40: OTROS GASTOS | C40: UNIDAD | D40: CANT | E40: VR. UNIT | F40: TOTAL
A41: 1.23 | B41: EQUIPO COMPLETO DE TOPOGRAFIA (INCLUYE TRANSITO, NIVEL, ESTACION Y ELEMENTOS COMPLEMENTARIOS) | C41: Mes | D41: 10 | E41: 1500000 | F41: =ROUND(D41*E41,0) -> 15000000
A42: 1.24 | B42: OFICINA, PAPELERÍA E INSUMOS DE OFICINA, ASEO | C42: Mes | D42: 10 | E42: 600000 | F42: =ROUND(D42*E42,0) -> 6000000
A43: 1.25 | B43: LABORATORIO DE SUELOS, CONCRETOS Y PAVIMENTOS (LIMITES, DENSIDADES:PROCTOR, GRANULOMETRIA, RESISTENCIA CONCRETO-FLEXION..ETC,) | C43: Mes | D43: 10 | E43: =E50/10 -> 1241600 | F43: =+E43*D43 -> 12416000
A44: 1.25.1 | B44: TIPO ENSAYO | C44: CANT. | D44: V. UNIT | E44: TOTAL
A45: 1.25.2 | B45: Ensayos de caracterizacion (granulometrias, limites, Indices de plasticidad, desgaste, dureza, limpieza) | C45: 3 | D45: 50000 | E45: =C45*D45 -> 150000
A46: 1.25.3 | B46: desgaste maquina de los angeles | C46: 5 | D46: 130000 | E46: =C46*D46 -> 650000
A47: 1.25.4 | B47: Resistencia a la compresion del concreto | C47: 160 | D47: 13000 | E47: =C47*D47 -> 2080000 | G47: =E47+H65 -> 2080000.3 | H47: =G47/C47 -> 13000.002
A48: 1.25.5 | B48: proctor Modificado | C48: 8 | D48: 92000 | E48: =C48*D48 -> 736000
A49: 1.25.6 | B49: densidad in situ | C49: 160 | D49: 55000 | E49: =C49*D49 -> 8800000 | H49: =E49-H63 -> 7500000
B50: Sub Total | E50: =SUM(E45:E49) -> 12416000
A51: 1.26 | B51: ALQUILER DE VEHICULO - CAMIONETA >2000 CC. PICK-UP Ó SIMILAR (INCLUYE COMBUSTIBLE) Cantidad 02 und. | C51: Mes | D51: 10 | E51: 3000000 | F51: =ROUND(D51*E51,0) -> 30000000
A52: 1.27 | B52: VALLA INFORMATIVA 2.0X2.0 MTS | C52: Und | D52: 1 | E52: 828884.32 | F52: =ROUND(D52*E52,0) -> 828884 | H52: =750000+H65 -> 750000.32
B53: SUB TOTAL OTROS GASTOS | F53: =SUM(F41:F52) -> 64244884
B54: GASTOS DE IMPUESTOS Y PUBLICACION | C54: PORCENTAJE | D54: VALOR
A55: 1.28 | B55: Estampilla Pro Cultura | C55: 0.015 | D55: =C55*'PRESUPUESTO OFICIAL (Entidad)'!K99 -> 93362247 | H55: =E52+H65 -> 828884.65
A56: 1.29 | B56: Estampilla Pro Desarrollo | C56: 0.02 | D56: =C56*'PRESUPUESTO OFICIAL (Entidad)'!K99 -> 1.24483e+08
A57: 1.30 | B57: Estampilla Pro Usco | C57: 0.005 | D57: =C57*'PRESUPUESTO OFICIAL (Entidad)'!K99 -> 31120749
A58: 1.31 | B58: Estampilla Pro Deporte | C58: 0.015 | D58: =C58*'PRESUPUESTO OFICIAL (Entidad)'!K99 -> 93362247
A59: 1.32 | B59: IMPUESTO SEGURIDAD DEMOCRATICA | C59: 0.05 | D59: =C59*'PRESUPUESTO OFICIAL (Entidad)'!K99 -> 3.1120749e+08
B60: SUB TOTAL COSTOS DE IMPUESTOS Y PERFECCIONAMIENTO | D60: =SUM(D55:F59) -> 6.5353573e+08
B61: GASTOS DE POLIZAS | C61: PORCENTAJE | D61: VALOR
A62: 1.34 | B62: Poliza de calidad, cumplimiento, salarios | C62: 0.005 | D62: =('[33]PRESUPUESTO OFICIAL (Entidad)'!K100-'[33]PRESUPUESTO OFICIAL (Entidad)'!K99)*'Analisis AIU final'!C62 -> 31120749
B63: SUB TOTAL COSTOS DE POLIZAS | D63: =SUM(D62:F62) -> 31120749 | H63: =1300000+(H65/10) -> 1300000
B65: TOTAL DE ADMINISTRACION (A) | C65: 0.23 | D65: =C65*F5 -> 1.0858944e+09 | G65: =D63+D60+F53+D39+D30+F24 -> 1.0858944e+09 | H65: =D65-G65 -> 0.32384634
A67: 2 | B67: IMPREVISTOS (I)
A68: 2.1 | B68: Imprevisto Generales en Ejecución de Obra | C68: 0.02 | D68: =C68*F5 -> 94425600
B69: TOTAL DEL IMPREVISTO | C69: =SUM(C68:C68) -> 0.02 | D69: =SUM(D68:D68) -> 94425600
A71: 3 | B71: UTILIDAD (U)
A72: 3.1 | B72: Ganancias esperadas | C72: 0.05 | D72: =C72*F5 -> 2.36064e+08
B73: TOTAL DE LA UTILDAD | C73: =+C72 -> 0.05 | D73: =+D72 -> 2.36064e+08
B75: TOTAL A.I.U. | C75: =+C65+C69+C73 -> 0.3 | D75: =+D73+D69+D65 -> 1.416384e+09
A78: Elaboro: PABLO CESAR ARRIETA RAMIREZ
A79: ING. APOYO SVI - GOBERNACIÓN DEL HUILA.

Sheet Inter
A2: =+[33]DATOS!Q18 -> PROYECTO PLACA HUELLA MUNICIPIOS DE GARZON, PITAL, AGRADO Y PAICOL
A3: =+[33]DATOS!Q19 -> DEPARTAMENTO DEL HUILA
A5: PRESUPUESTO OFICIAL DE INTERVENTORIA
A7: ="OBJETO: "&[33]DATOS!Q20 -> OBJETO: “MEJORAMIENTO DE VÍAS TERCIARIAS MEDIANTE LA CONSTRUCCION DE PLACA HUELLA EN SITIOS CRITICOS DE LOS MUNICIPIOS DE GARZON, EL PITAL, EL AGRADO Y PAICOL DEPARTAMENTO DEL HUILA"
A8: CANT | B8: CARGO / OFICIO | C8: SUELDO Y/O JORNAL MENSUAL | D8: Dedicación (Hombre-Mes) | E8: FACTOR MULTIPLICADOR | F8: DURACION TOTAL (Mes) | G8: VALOR PARCIAL
B9: PERSONAL PROFESIONAL
A10: 1 | B10: Director de interventoría | C10: 4500000 | D10: 0.5 | E10: 2 | F10: 10 | G10: =ROUND((C10*D10*F10*A10*E10),0) -> 45000000 | J10: ='[33]P. P.HUELLA (2)'!H34 -> 3.4719215e+08
A11: 1 | B11: Ingeniero Civil Residente de interventoría | C11: 3500000 | D11: 1 | E11: 2 | F11: 10 | G11: =ROUND((C11*D11*F11*A11*E11),0) -> 70000000
A12: 1 | B12: ESPECIALISTA EN ESTRUCTURAS | C12: 3800000 | D12: 0.2 | E12: 2 | F12: 10 | G12: =ROUND((C12*D12*F12*A12*E12),0) -> 15200000
A13: 1 | B13: ESPECIALISTA EN VIAS | C13: 3800000 | D13: 0.2 | E13: 2 | F13: 10 | G13: =ROUND((C13*D13*F13*A13*E13),0) -> 15200000
A14: 1 | B14: INGENIERO AMBIENTAL | C14: 2500000 | D14: 0.5 | E14: 2 | F14: 10 | G14: =ROUND((C14*D14*F14*A14*E14),0) -> 25000000
A15: 1 | B15: Tecnologo SISO | C15: 1800000 | D15: 1 | E15: 2 | F15: 10 | G15: =ROUND((C15*D15*F15*A15*E15),0) -> 36000000
A16: 1 | B16: Inspector de Interventoria 1 | C16: 1500000 | D16: 1 | E16: 2 | F16: 10 | G16: =ROUND((C16*D16*F16*A16*E16),0) -> 30000000
A17: 1 | B17: Inspector de Interventoria 2 | C17: 1500000 | D17: 1 | E17: 2 | F17: 10 | G17: =ROUND((C17*D17*F17*A17*E17),0) -> 30000000
B18: PERSONAL TECNICO Y ADMINISTRATIVO
A19: 1 | B19: Topografo | C19: 1800000 | D19: 0.6 | E19: 2 | F19: 10 | G19: =ROUND((C19*D19*F19*A19*E19),0) -> 21600000
A20: 1 | B20: Cadenero 1 | C20: 1160000 | D20: 0.6 | E20: 2 | F20: 10 | G20: =ROUND((C20*D20*F20*A20*E20),0) -> 13920000
B21: TOTAL COSTOS DE PERSONAL | G21: =SUM(G10:G20) -> 301920000
A22: OTROS COSTOS DIRECTOS
A23: CANT | B23: CONCEPTO | C23: UNIDAD | D23: COSTO ($) | F23: CANTIDAD | G23: VALOR PARCIAL ($)
A24: 1 | B24: EQUIPO COMPLETO DE TOPOGRAFIA (INCLUYE TRANSITO, NIVEL, ESTACION Y ELEMENTOS COMPLEMENTARIOS) | C24: Mes | D24: 1400000 | F24: 10 | G24: =ROUND((A24*D24*F24),0) -> 14000000
A25: 1 | B25: LABORATORIO DE SUELOS, CONCRETOS Y PAVIMENTOS (LIMITES, DENSIDADES:PROTOR, GRANULOMETRIA, RESISTENCIA CONCRETO-FLEXION..ETC,) | C25: Mes | D25: 2020645.9 | F25: 10 | G25: =ROUND((A25*D25*F25),0) -> 20206459 | L25: =+#REF! -> #REF! | M25: =+L25-L26 -> #REF!
A26: 1 | B26: ALQUILER DE VEHICULO - CAMIONETA >2000 CC. PICK-UP Ó SIMILAR (INCLUYE CONDUCTOR Y COMBUSTIBLE) | C26: Mes | D26: 3000000 | F26: 10 | G26: =ROUND((A26*D26*F26),0) -> 30000000 | J26: =J28/10+(2000000) -> 2000000 | L26: =+K26*J26 -> 0
B27: SUB TOTAL OTROS COSTOS | G27: =SUM(G24:G26) -> 64206459
B28: COSTO DIRECTO INTERVENTORIA | G28: =G21+G27 -> 366126459 | I28: =I30/1.19 -> 3.6612646e+08 | J28: =I28-G28 -> -0.17647058
B29: IVA = 19% | G29: =ROUND((G28*0.19),0) -> 69564027
B30: COSTO TOTAL | G30: =G28+G29 -> 435690486 | I30: ='[33]PRESUPUESTO OFICIAL (Entidad)'!K99 -> 435690486 | J30: =I30-G30 -> 0
J32: ='[33]P. P.HUELLA'!#REF! -> #REF!
J33: 990936240
B36: =+[33]DATOS!$Q$60 -> ELABORO: PABLO CESAR ARRIETA RAMIREZ
B37: =+[33]DATOS!$Q$61 -> Apoyo Secretaria de Vias Departamental | D37: =[33]DATOS!U61
B38: =+[33]DATOS!$Q$62 | D38: =[33]DATOS!U62

Sheet FM
A1: =+[33]DATOS!Q18 -> PROYECTO PLACA HUELLA MUNICIPIOS DE GARZON, PITAL, AGRADO Y PAICOL
A2: =+[33]DATOS!Q19 -> DEPARTAMENTO DEL HUILA
A3: ANEXO FACTOR MULTIPLICADOR
A5: ="OBJETO: "&[33]DATOS!Q20 -> OBJETO: “MEJORAMIENTO DE VÍAS TERCIARIAS MEDIANTE LA CONSTRUCCION DE PLACA HUELLA EN SITIOS CRITICOS DE LOS MUNICIPIOS DE GARZON, EL PITAL, EL AGRADO Y PAICOL DEPARTAMENTO DEL HUILA"
A8: ITEM | B8: DESCRIPCION | E8: %
A9: A | B9: SALARIO | E9: 1
A10: B | B10: PRESTACIONES SOCIALES | E10: =SUM(E11:E14) -> 0.20915967
B11: Cesantías (A/12) | E11: 0.08333
B12: Intereses sobre cesantía | E12: 0.000833
B13: Prima de servicios anual (A/12) | E13: 0.08333
B14: Vacaciones (15/360) | E14: 0.041666667
A15: C | B15: SISTEMA DE SEGURIDAD SOCIAL INTEGRAL | E15: =SUM(E16:E22) -> 0.3706
B16: Salud | E16: 0.085
B17: Pension | E17: 0.12
B18: A. R. P. (RIESGO 5). | E18: 0.0696 | F18: que No sobrepase el limite de 4salarios min | L18: =+[33]MO!E7*4 -> 4000000
B19: Subsidio Familiar. | E19: 0.04
B20: I.C.B.F. | E20: 0.03
B21: SENA. | E21: 0.02
B22: Dotación ( Hasta 2 SMMLV). | E22: 0.006
A23: D | B23: COSTOS DE PERFECCIONAMIENTO (ESTAMPILLAS Y POLIZAS) | E23: =(SUM(E24:E28)) -> 0.065
B24: Estampilla Prodesarrollo Departamental. | E24: 0.02
B25: Estampilla ProCultura. | E25: 0.015
B26: Estampilla Prodeporte | E26: 0.015
B27: Estampilla Prodesarrollo de la Universidad Surcolombiana | E27: 0.005
B28: Polizas | E28: 0.01
A29: E | B29: OTROS IMPUESTOS | E29: =SUM(E30:E30) -> 0.01
B30: Impuesto bancario y costos financieros. | E30: 0.01
A31: F | B31: GASTOS OFICINA DEL CONSULTOR | E31: =+E32+E34+E35+E36+E33 -> 0.217
B32: Alquiler oficina, incluye dotación y pago servicios públicos | E32: 0.075
B33: Personal técnico no facturable | E33: 0.06
B34: Edición y elaboración de informes | E34: 0.027
B35: Fotocopias. | E35: 0.015
B36: Gastos de viaje y viáticos | E36: 0.04
B37: IMPREVISTOS | E37: 0.01
A38: G | B38: HONORARIOS (UTILIDAD) | E38: 0.12
B39: SUBTOTAL | E39: =E38+E29+E23+E15+E10+E9+E31+E37 -> 2.0017597
B40: FACTOR MULTIPLICADOR ESTIMADO - FM | E40: 2
A43: =+[33]DATOS!$Q$60 -> ELABORO: PABLO CESAR ARRIETA RAMIREZ
A44: =+[33]DATOS!$Q$61 -> Apoyo Secretaria de Vias Departamental | C44: =[33]DATOS!U61
A45: =+[33]DATOS!$Q$62 | C45: =[33]DATOS!U62
A47: =+[33]DATOS!$Q$63 -> FECHA: Agosto de 2022

Sheet Cronograma
A1: CRONOGRAMA DE OBRAS Y FLUJO DE INVERSION PROGRAMADO
A3: =[33]DATOS!Q20 -> “MEJORAMIENTO DE VÍAS TERCIARIAS MEDIANTE LA CONSTRUCCION DE PLACA HUELLA EN SITIOS CRITICOS DE LOS MUNICIPIOS DE GARZON, EL PITAL, EL AGRADO Y PAICOL DEPARTAMENTO DEL HUILA"
A4: GOBERNACION DEL HUILA
A5: PLAZO DE EJECUCION TOTAL | C5: CATORCE (14) MESES | J5: PLAZO DE EJECUCION FISICA DE OBRA: 10 MESES
AB6: 5
A7: ITEM | B7: DESCRIPCION | C7: DURACION MESES | D7: MESES | BH7: VALOR TOTAL
D8: 1 | H8: 2 | L8: 3 | P8: 4 | T8: 5 | X8: 6 | AB8: 7 | AF8: 8 | AJ8: 9 | AN8: 10 | AR8: 11 | AV8: 12 | AZ8: 13 | BD8: 14
A9: PLACA HUELLA
A10: 1 | B10: PROCESO DE CONTRATACION | C10: 2
BH11: =SUM(D11:BG11) -> 0
B12: MUNICIPIO DE GARZON
A13: 2 | B13: ='[32]P. P.HUELLA (2)'!D10 -> PRELIMINARES | C13: 1
L14: =(('[33]PRESUPUESTO OFICIAL (Entidad)'!K17/1.3)) -> 3032461.5 | BH14: =SUM(D14:BG14) -> 3032461.5 | BL14: =BH14*1.3 -> 3942200
A15: 3 | B15: ='[32]P. P.HUELLA (2)'!D12 -> ESTRUCTURA DE PAVIMENTO PLACA HUELLA | C15: 2 | BL15: =BH15*1.3 -> 0
L16: =(('[33]PRESUPUESTO OFICIAL (Entidad)'!K25/3)/1.3)*0.6 -> 1.8722554e+08 | P16: =L16 -> 1.8722554e+08 | T16: =L16 -> 1.8722554e+08 | AZ16: =(('[33]PRESUPUESTO OFICIAL (Entidad)'!K25)/1.3)*0.4 -> 3.7445109e+08 | BH16: =SUM(D16:BG16) -> 9.3612772e+08 | BL16: =BH16*1.3 -> 1216966032
A17: 4 | B17: OBRAS DE DRENAJE Y COMPLEMENTARIAS: ALCANTARILLAS (15) | C17: 2 | BL17: =BH17*1.3 -> 0
P18: =(('[33]PRESUPUESTO OFICIAL (Entidad)'!K33/1.3)/2)*0.6 -> 42372724 | T18: =P18 -> 42372724 | AZ18: =(('[33]PRESUPUESTO OFICIAL (Entidad)'!K33/1.3))*0.4 -> 56496966 | BH18: =SUM(D18:BG18) -> 1.4124241e+08 | BL18: =BH18*1.3 -> 1.8361514e+08
B19: MUNICIPIO DE EL PITAL | BL19: =BH19*1.3 -> 0
B20: PRELIMINARES | C20: 1 | BL20: =BH20*1.3 -> 0
X21: ='[33]PRESUPUESTO OFICIAL (Entidad)'!K37/1.3 -> 5933076.9 | BH21: =SUM(D21:BG21) -> 5933076.9 | BL21: =BH21*1.3 -> 7713000
B22: ESTRUCTURA DE PAVIMENTO PLACA HUELLA | C22: 2 | BL22: =BH22*1.3 -> 0
X23: =('[33]PRESUPUESTO OFICIAL (Entidad)'!K45/3)/1.3 -> 5.8948866e+08 | AB23: =X23 -> 5.8948866e+08 | AF23: =AB23 -> 5.8948866e+08 | BH23: =SUM(D23:BG23) -> 1.768466e+09 | BL23: =BH23*1.3 -> 2299005765
B24: OBRAS DE DRENAJE Y COMPLEMENTARIAS: ALCANTARILLAS (15) | C24: 2 | BL24: =BH24*1.3 -> 0
AB25: =(('[33]PRESUPUESTO OFICIAL (Entidad)'!K53/1.3)/2) -> 1.2296287e+08 | AF25: =AB25 -> 1.2296287e+08 | BH25: =SUM(D25:BG25) -> 2.4592573e+08 | BL25: =BH25*1.3 -> 319703451
B26: MUNICIPIO DE EL AGRADO | BL26: =BH26*1.3 -> 0
B27: PRELIMINARES | C27: 1 | BL27: =BH27*1.3 -> 0
AJ28: ='[33]PRESUPUESTO OFICIAL (Entidad)'!K57/1.3 -> 2966538.5 | BH28: =SUM(D28:BG28) -> 2966538.5 | BL28: =BH28*1.3 -> 3856500
B29: ESTRUCTURA DE PAVIMENTO PLACA HUELLA | C29: 2 | BL29: =BH29*1.3 -> 0
AJ30: =('[33]PRESUPUESTO OFICIAL (Entidad)'!K65/2)/1.3 -> 4.4846829e+08 | AN30: =AJ30 -> 4.4846829e+08 | BH30: =SUM(D30:BG30) -> 8.9693657e+08 | BL30: =BH30*1.3 -> 1166017542
B31: OBRAS DE DRENAJE Y COMPLEMENTARIAS: ALCANTARILLAS (15) | C31: 2 | BL31: =BH31*1.3 -> 0
AN32: =(('[33]PRESUPUESTO OFICIAL (Entidad)'!K73/1.3)/1) -> 1.3063251e+08 | BH32: =SUM(D32:BG32) -> 1.3063251e+08 | BL32: =BH32*1.3 -> 169822260
B33: MUNICIPIO DE PAICOL | BL33: =BH33*1.3 -> 0
B34: PRELIMINARES | C34: 1 | BL34: =BH34*1.3 -> 0
AR35: ='[33]PRESUPUESTO OFICIAL (Entidad)'!K77/1.3 -> 1977692.3 | BH35: =SUM(D35:BG35) -> 1977692.3 | BL35: =BH35*1.3 -> 2571000
B36: ESTRUCTURA DE PAVIMENTO PLACA HUELLA | C36: 2 | BL36: =BH36*1.3 -> 0
AR37: =('[33]PRESUPUESTO OFICIAL (Entidad)'!K85/2)/1.3 -> 2.5073379e+08 | AV37: =AR37 -> 2.5073379e+08 | BH37: =SUM(D37:BG37) -> 5.0146759e+08 | BL37: =BH37*1.3 -> 651907866
B38: OBRAS DE DRENAJE Y COMPLEMENTARIAS: ALCANTARILLAS (15) | C38: 2 | BL38: =BH38*1.3 -> 0
AV39: =(('[33]PRESUPUESTO OFICIAL (Entidad)'!K93/1.3)/1) -> 86571739 | BH39: =SUM(D39:BG39) -> 86571739 | BL39: =BH39*1.3 -> 112543261
A40: 6 | B40: LIQUIDACION FINANCIERA | C40: 2
BL41: =SUM(BH10:BH39) -> 4.72128e+09
A42: A.I.U 30% | BL42: =BL41*1.3 -> 6137664015
D43: =SUM(D11:G41)*0.3 -> 0 | H43: =SUM(H11:K41)*0.3 -> 0 | L43: =SUM(L11:O41)*0.3 -> 57077401 | P43: =SUM(P11:S41)*0.3 -> 68879480 | T43: =SUM(T11:W41)*0.3 -> 68879480 | X43: =SUM(X11:AA41)*0.3 -> 1.7862652e+08 | AB43: =SUM(AB11:AE41)*0.3 -> 2.1373546e+08 | AF43: =SUM(AF11:AI41)*0.3 -> 2.1373546e+08 | AJ43: =SUM(AJ11:AM41)*0.3 -> 1.3543045e+08 | AN43: =SUM(AN11:AQ41)*0.3 -> 1.7373024e+08 | AR43: =SUM(AR11:AU41)*0.3 -> 75813446 | AV43: =SUM(AV11:AY41)*0.3 -> 1.0119166e+08 | AZ43: =SUM(AZ11:BC41)*0.3 -> 1.2928442e+08 | BD43: =SUM(BD11:BG41)*0.3 -> 0 | BH43: =ROUND(SUM(D43:BG43),0) -> 1416384003
A44: IMPLEMENTACION DEL PAGA | D44: =(D11+D14+D16+D18+D41+D43)*0.02 -> 0 | H44: =(H11+H14+H16+H18+H41+H43)*0.02 -> 0 | L44: =('[33]PRESUPUESTO OFICIAL (Entidad)'!K97/12) -> 1936940.7 | P44: =L44 -> 1936940.7 | T44: =P44 -> 1936940.7 | X44: =T44 -> 1936940.7 | AB44: =X44 -> 1936940.7 | AF44: =AB44 -> 1936940.7 | AJ44: =AF44 -> 1936940.7 | AN44: =AJ44 -> 1936940.7 | AR44: =AN44 -> 1936940.7 | AV44: =AR44 -> 1936940.7 | AZ44: =AV44 -> 1936940.7 | BD44: =AZ44 -> 1936940.7 | BH44: =ROUND(SUM(D44:BG44),0) -> 23243288
A45: IMPLEMENTACION DEL PMT | D45: =(D13+D15+D17+D40+D42+D44)*0.02 -> 0 | H45: =(H13+H15+H17+H40+H42+H44)*0.02 -> 0 | L45: =('[33]PRESUPUESTO OFICIAL (Entidad)'!K96/12) -> 1291666.7 | P45: =L45 -> 1291666.7 | T45: =P45 -> 1291666.7 | X45: =T45 -> 1291666.7 | AB45: =X45 -> 1291666.7 | AF45: =AB45 -> 1291666.7 | AJ45: =AF45 -> 1291666.7 | AN45: =AJ45 -> 1291666.7 | AR45: =AN45 -> 1291666.7 | AV45: =AR45 -> 1291666.7 | AZ45: =AV45 -> 1291666.7 | BD45: =AZ45 -> 1291666.7 | BH45: =ROUND(SUM(D45:BG45),0) -> 15500000
A46: CARACTERIZACION MUNICIPIO DE GARZON | D46: =(D14+D16+D18+D41+D43+D45)*0.02 -> 0 | H46: =(H14+H16+H18+H41+H43+H45)*0.02 -> 0 | L46: =('[33]PRESUPUESTO OFICIAL (Entidad)'!K98/12) -> 3978541.7 | P46: =L46 -> 3978541.7 | T46: =P46 -> 3978541.7 | X46: =T46 -> 3978541.7 | AB46: =X46 -> 3978541.7 | AF46: =AB46 -> 3978541.7 | AJ46: =AF46 -> 3978541.7 | AN46: =AJ46 -> 3978541.7 | AR46: =AN46 -> 3978541.7 | AV46: =AR46 -> 3978541.7 | AZ46: =AV46 -> 3978541.7 | BD46: =AZ46 -> 3978541.7 | BH46: =ROUND(SUM(D46:BG46),0) -> 47742500
A47: INTERVENTORIA 7% | D47: =SUM(D11:G44)*0.07 -> 0 | H47: =SUM(H11:K44)*0.07 -> 0 | L47: =SUM(L11:O46)*0.07 -> 17817979 | P47: =SUM(P11:S46)*0.07 -> 21397943 | T47: =SUM(T11:W46)*0.07 -> 21397943 | X47: =SUM(X11:AA46)*0.07 -> 54687878 | AB47: =SUM(AB11:AE46)*0.07 -> 65337589 | AF47: =SUM(AF11:AI46)*0.07 -> 65337589 | AJ47: =SUM(AJ11:AM46)*0.07 -> 41585069 | AN47: =SUM(AN11:AQ46)*0.07 -> 53202673 | AR47: =SUM(AR11:AU46)*0.07 -> 23501246 | AV47: =SUM(AV11:AY46)*0.07 -> 31199304 | AZ47: =SUM(AZ11:BC46)*0.07 -> 39720773 | BD47: =SUM(BD11:BG46)*0.07 -> 504500.43 | BH47: =ROUND(SUM(D47:BG47),0) -> 435690486
A48: INVERSION MENSUAL PROGRAMADA | D48: =SUM(D10:G47) -> 0 | H48: =SUM(H10:K47) -> 0 | L48: =ROUND(SUM(L10:O47),0) -> 272360534 | P48: =SUM(P10:S47) -> 3.2708284e+08 | T48: =SUM(T10:W47) -> 3.2708284e+08 | X48: =SUM(X10:AA47) -> 8.3594328e+08 | AB48: =SUM(AB10:AE47) -> 9.9873172e+08 | AF48: =SUM(AF10:AI47) -> 9.9873172e+08 | AJ48: =SUM(AJ10:AM47) -> 6.3565749e+08 | AN48: =SUM(AN10:AQ47) -> 8.1324085e+08 | AR48: =SUM(AR10:AU47) -> 3.5923333e+08 | AV48: =SUM(AV10:AY47) -> 4.7690365e+08 | AZ48: =SUM(AZ10:BC47) -> 6.0716039e+08 | BD48: =SUM(BD10:BG47) -> 7711649.4 | BH48: =SUM(BH10:BH47,0) -> 6.6598403e+09
A49: INVERSION MENSUAL PROGRAMADA ACUMULADA | D49: =+D48 -> 0 | H49: =+H48+D49 -> 0 | L49: =+L48+H49 -> 272360534 | P49: =+P48+L49 -> 5.9944337e+08 | T49: =+T48+P49 -> 9.2652621e+08 | X49: =+X48+T49 -> 1.7624695e+09 | AB49: =+AB48+X49 -> 2.7612012e+09 | AF49: =+AF48+AB49 -> 3.7599329e+09 | AJ49: =+AJ48+AF49 -> 4.3955904e+09 | AN49: =+AN48+AJ49 -> 5.2088313e+09 | AR49: =+AR48+AN49 -> 5.5680646e+09 | AV49: =+AV48+AR49 -> 6.0449682e+09 | AZ49: =+AZ48+AV49 -> 6.6521286e+09 | BD49: =+BD48+AZ49 -> 6.6598403e+09
A50: TOTALES
L51: 1 | P51: 2 | T51: 3 | X51: 4 | AB51: 5 | AF51: 6 | AJ51: 7 | AN51: 8 | AR51: 9 | AV51: 10 | BH51: TOTAL
A52: % Programado acumulado | L52: =+L49/BH48 -> 0.040895956 | P52: =+P49/BH48 -> 0.090008671 | T52: =+T49/BH48 -> 0.13912139 | X52: =+X49/BH48 -> 0.26464141 | AB52: =+AB49/BH48 -> 0.41460472 | AF52: =+AF49/BH48 -> 0.56456803 | AJ52: =+AJ49/BH48 -> 0.66001439 | AN52: =+AN49/BH48 -> 0.78212555 | AR52: =+AR49/BH48 -> 0.83606579 | AV52: =+AV49/BH48 -> 0.90767466 | AZ52: =+AZ49/BH48 -> 0.99884207 | BD52: =+BD49/BH48 -> 1
A53: elaboro
A55: Ing. PAULO CESAR ARRIETA RAMIREZ
A56: Apoyo Secretaria de Vias e Infraestructura - Gobernacion del Huila
C65: 0.17176983

Sheet 1
A1: PROYECTO PLACA HUELLA MUNICIPIO DE GARZON | C1: ANÁLISIS DE PRECIOS UNITARIOS
A2: DEPARTAMENTO DEL HUILA
A4: OBJETO: “MEJORAMIENTO DE VÍAS TERCIARIAS MEDIANTE LA CONSTRUCCION DE PLACA HUELLA EN SITIOS CRITICOS DE LOS MUNICIPIOS DE GARZON, PITAL, AGRADO Y PAICOL DEPARTAMENTO DEL HUILA" | D4: ITEM: LOCALIZACIÓN Y REPLANTEO. | I4: ITEM: LOCALIZACIÓN Y REPLANTEO.
C6: No. | D6: UNIDAD: | E6: m
C7: 1 | D7: ITEM DE PAGO: | E7: 1.1
A8: I. EQUIPO
A9: Descripción | C9: Tipo | D9: Tarifa/Hora | E9: Rendimiento | F9: Valor-Unit.
A10: HERRAMIENTA MENOR | E10: 0.1 | F10: 154.2
F13: Sub-Total | G13: 154
A14: II. MATERIALES
A15: Descripción | C15: Unidad | D15: Precio-Unit. | E15: Cantidad | F15: Valor-Unit.
A16: ALAMBRE NEGRO No. 18 | C16: Kg | D16: 7400 | E16: 0.01 | F16: 74
A17: DURMIENTE ORDINARIO 4*4 CM | C17: m | D17: 3000 | E17: 0.5 | F17: 1500
A18: PUNTILLA DE 1" | C18: lb | D18: 2600 | E18: 0.01 | F18: 26
F19: Sub-Total | G19: 1600
A20: III. TRANSPORTES
A21: Material | B21: Vol-peso ó Cant. | C21: Distancia | D21: Und.-Km | E21: Tarifa | F21: Valor-Unit.
C22: 0 | D22: 0 | F22: 0
F23: 0
F24: Sub-Total | G24: 0
A25: IV. MANO DE OBRA
A26: Trabajador | B26: Jornal | C26: Prestaciones | D26: Jornal Total | E26: Rendimiento | F26: Valor-Unit.
A27: CUADRILLA (2 obreros+1 oficial). | B27: 116698.92 | C27: 185 | D27: 215893 | E27: 140 | F27: 1542.0929 | H27: C21
F28: Sub-Total | G28: 1542
D30: Total Costo Directo | G30: 3296
D33: DESCRIPCION | F33: PORCENTAGE | G33: VR TOTAL
D34: ADMINISTRACION | F34: 0.23 | G34: 758.08
D35: IMPREVISTOS | F35: 0.02 | G35: 65.92
D36: UTILIDAD | F36: 0.05 | G36: 164.8
D37: PRECIO UNITARIO TOTAL APROXIMADO AL PESO | G37: 4285
A40: ELABORO: PABLO CESAR ARRIETA RAMIREZ
A41: Apoyo Secretaria de Vias Departamental
A44: FECHA: Octubre de 2022

Sheet 2
A1: PROYECTO PLACA HUELLA MUNICIPIO DE GARZON | C1: ANÁLISIS DE PRECIOS UNITARIOS
A2: DEPARTAMENTO DEL HUILA
A4: OBJETO: “MEJORAMIENTO DE VÍAS TERCIARIAS MEDIANTE LA CONSTRUCCION DE PLACA HUELLA EN SITIOS CRITICOS DE LOS MUNICIPIOS DE GARZON, PITAL, AGRADO Y PAICOL DEPARTAMENTO DEL HUILA" | D4: ITEM: EXCAVACIÓN MECÁNICA (EXPLANACIÓN). ESP. 210-13 INV. INCLUYE RETIRO DE MATERIAL PROVENIENTE DE LA EXCAVACIÓN A DISPOSICIÓN FINAL DEL MISMO. | I4: ITEM: EXCAVACIÓN MECÁNICA (EXPLANACIÓN). ESP. 210-13 INV. INCLUYE RETIRO DE MATERIAL PROVENIENTE DE LA EXCAVACIÓN A DISPOSICIÓN FINAL DEL MISMO.
C6: No. | D6: UNIDAD: | E6: m3
C7: 2 | D7: ITEM DE PAGO: | E7: 2.1
A8: I. EQUIPO
A9: Descripción | C9: Tipo | D9: Tarifa/Hora | E9: Rendimiento | F9: Valor-Unit.
A10: HERRAMIENTA MENOR | E10: 0.01 | F10: 8.566389
A11: Retroexcavadora sobre oruga, potencia 138 HP, balde de 1,5 m3. | D11: 168000 | E11: 35 | F11: 4800
F14: Sub-Total | G14: 4808.5664
A15: II. MATERIALES
A16: Descripción | C16: Unidad | D16: Precio-Unit. | E16: Cantidad | F16: Valor-Unit.
A17: Derechos de explotación y/o disposición de materiales | C17: M3 | D17: 6667 | E17: 1.3 | F17: 8667.1
F19: Sub-Total | G19: 8667.1
A20: III. TRANSPORTES
A21: Material | B21: Vol-peso ó Cant. | C21: Distancia | D21: Und.-Km | E21: Tarifa | F21: Valor-Unit.
A22: TRANSPORTE DE MATERIAL SOBRANTES PROVENIENTE DE LA EXCAVACIÓN | B22: 1.3 | C22: 5 | D22: 6.5 | E22: 1233.33 | F22: 8016.645
F24: Sub-Total | G24: 8016.645
A25: IV. MANO DE OBRA
A26: Trabajador | B26: Jornal | C26: Prestaciones | D26: Jornal Total | E26: Rendimiento | F26: Valor-Unit.
A27: CUADRILLA (1 obrero+1 oficial). | B27: 83348.65 | C27: 185 | D27: 154195 | E27: 180 | F27: 856.6389 | H27: C11
F28: Sub-Total | G28: 856.6389
D30: Total Costo Directo | G30: 22349
C33: DESCRIPCION | F33: PORCENTAGE | G33: VR TOTAL
C34: ADMINISTRACION | F34: 0.23 | G34: 5140.27
C35: IMPREVISTOS | F35: 0.02 | G35: 446.98
C36: UTILIDAD | F36: 0.05 | G36: 1117.45
C37: PRECIO UNITARIO TOTAL APROXIMADO AL PESO | G37: 29054
A40: ELABORO: PABLO CESAR ARRIETA RAMIREZ
A41: Apoyo Secretaria de Vias Departamental
A44: FECHA: Octubre de 2022

Sheet 3
A1: PROYECTO PLACA HUELLA MUNICIPIO DE GARZON | C1: ANÁLISIS DE PRECIOS UNITARIOS
A2: DEPARTAMENTO DEL HUILA
A4: OBJETO: “MEJORAMIENTO DE VÍAS TERCIARIAS MEDIANTE LA CONSTRUCCION DE PLACA HUELLA EN SITIOS CRITICOS DE LOS MUNICIPIOS DE GARZON, PITAL, AGRADO Y PAICOL DEPARTAMENTO DEL HUILA" | D4: ITEM: EXCAVACION MANUAL EN MATERIAL SECO (INCLUYE TRANSPORTE A SITIO AUTORIZADO.) | I4: ITEM: EXCAVACION MANUAL EN MATERIAL SECO (INCLUYE TRANSPORTE A SITIO AUTORIZADO.)
C6: No. | D6: UNIDAD: | E6: m3
C7: 3 | D7: ITEM DE PAGO: | E7: 2.2
A8: I. EQUIPO
A9: Descripción | C9: Tipo | D9: Tarifa/Hora | E9: Rendimiento | F9: Valor-Unit.
A10: HERRAMIENTA MENOR | E10: 0.1 | F10: 1199.4056
F14: Sub-Total | G14: 1199.4056
A15: II. MATERIALES
A16: Descripción | C16: Unidad | D16: Precio-Unit. | E16: Cantidad | F16: Valor-Unit.
A18: Derechos de explotación y/o disposición de materiales | C18: M3 | D18: 6667 | E18: 1.3 | F18: 8667.1
F21: Sub-Total | G21: 8667.1
A22: III. TRANSPORTES
A23: Material | B23: Vol-peso ó Cant. | C23: Distancia | D23: Und.-Km | E23: Tarifa | F23: Valor-Unit.
A24: TRANSPORTE DE MATERIAL SOBRANTES PROVENIENTE DE LA EXCAVACIÓN | B24: 1.3 | C24: 5 | D24: 6.5 | E24: 1233.33 | F24: 8016.645
F26: Sub-Total | G26: 8016.645
A27: IV. MANO DE OBRA
A28: Trabajador | B28: Jornal | C28: Prestaciones | D28: Jornal Total | E28: Rendimiento | F28: Valor-Unit.
A29: CUADRILLA (2 obreros+1 oficial). | B29: 116698.92 | C29: 185 | D29: 215893 | E29: 18 | F29: 11994.056 | H29: C21
F30: Sub-Total | G30: 11994.056
D32: Total Costo Directo | G32: 29877
C35: DESCRIPCION | F35: PORCENTAGE | G35: VR TOTAL
C36: ADMINISTRACION | F36: 0.23 | G36: 6871.71
C37: IMPREVISTOS | F37: 0.02 | G37: 597.54
C38: UTILIDAD | F38: 0.05 | G38: 1493.85
C39: PRECIO UNITARIO TOTAL APROXIMADO AL PESO | G39: 38840
A42: ELABORO: PABLO CESAR ARRIETA RAMIREZ
A43: Apoyo Secretaria de Vias Departamental
A46: FECHA: Octubre de 2022

Sheet 4
A1: PROYECTO PLACA HUELLA MUNICIPIO DE GARZON | C1: ANÁLISIS DE PRECIOS UNITARIOS
A2: DEPARTAMENTO DEL HUILA
A4: OBJETO: “MEJORAMIENTO DE VÍAS TERCIARIAS MEDIANTE LA CONSTRUCCION DE PLACA HUELLA EN SITIOS CRITICOS DE LOS MUNICIPIOS DE GARZON, PITAL, AGRADO Y PAICOL DEPARTAMENTO DEL HUILA" | D4: ITEM: SUMINISTRO, INSTALACION, EXTENDIDA, NIVELACION, HUMEDECIMIENTO O AIREACION Y COMPACTACION DE SUBBASE GRANULAR CBR ≥ 40%. ESP. 320-13 INV. | J4: ITEM: SUMINISTRO, INSTALACION, EXTENDIDA, NIVELACION, HUMEDECIMIENTO O AIREACION Y COMPACTACION DE SUBBASE GRANULAR CBR ≥ 40%. ESP. 320-13 INV.
C6: No. | D6: UNIDAD: | E6: m3
C7: 4 | D7: ITEM DE PAGO: | E7: 2.3
A8: I. EQUIPO
A9: Descripción | C9: Tipo | D9: Tarifa/Hora | E9: Rendimiento | F9: Valor-Unit.
A10: Motoniveladora potencia 215 HP, ancho de cuchilla 4,27 m, peso 18 ton. | D10: 166000 | E10: 45 | F10: 3688.8889
A11: Vibrocompatador, potencia 153 HP, peso 10 Ton. | D11: 121000 | E11: 45 | F11: 2688.8889
A12: Carrotanque de agua(1000 Galones) | D12: 116000 | E12: 45 | F12: 2577.7778
A13: HERRAMIENTA MENOR | E13: 0.01 | F13: 6.1683715
F14: Sub-Total | G14: 8961.7239
A15: II. MATERIALES
A16: Descripción | C16: Unidad | D16: Precio-Unit. | E16: Cantidad | F16: Valor-Unit.
A17: SUB-BASE GRANULAR CBR 40%-ESP. 320-13. INVIAS. | C17: M3 | D17: 55000 | E17: 1.3 | F17: 71500
A18: AGUA | C18: Lt | D18: 40 | E18: 24 | F18: 960
F19: Sub-Total | G19: 72460
A20: III. TRANSPORTES
A21: Material | B21: Vol-peso ó Cant. | C21: Distancia | D21: Und.-Km | E21: Tarifa | F21: Valor-Unit.
A22: TRANSPORTE MATERIAL PETREO. | B22: 1.3 | C22: 86.61 | D22: 112.593 | E22: 1233.33 | F22: 138864.32
F23: 0
F24: Sub-Total | G24: 138864.32
A25: IV. MANO DE OBRA
A26: Trabajador | B26: Jornal | C26: Prestaciones | D26: Jornal Total | E26: Rendimiento | F26: Valor-Unit.
A27: CUADRILLA (2 obreros+1 oficial). | B27: 116698.92 | C27: 185 | D27: 215893 | E27: 350 | F27: 616.83715 | H27: C21
F28: Sub-Total | G28: 616.83715
D30: Total Costo Directo | G30: 220903 | I30: 19881270
C33: DESCRIPCION | F33: PORCENTAGE | G33: VR TOTAL
C34: ADMINISTRACION | F34: 0.23 | G34: 50807.69
C35: IMPREVISTOS | F35: 0.02 | G35: 4418.06
C36: UTILIDAD | F36: 0.05 | G36: 11045.15
C37: PRECIO UNITARIO TOTAL APROXIMADO AL PESO | G37: 287174
A40: ELABORO: PABLO CESAR ARRIETA RAMIREZ
A41: Apoyo Secretaria de Vias Departamental
A44: FECHA: Octubre de 2022

Sheet 5
A1: PROYECTO PLACA HUELLA MUNICIPIO DE GARZON | C1: ANÁLISIS DE PRECIOS UNITARIOS
A2: DEPARTAMENTO DEL HUILA
A4: OBJETO: “MEJORAMIENTO DE VÍAS TERCIARIAS MEDIANTE LA CONSTRUCCION DE PLACA HUELLA EN SITIOS CRITICOS DE LOS MUNICIPIOS DE GARZON, PITAL, AGRADO Y PAICOL DEPARTAMENTO DEL HUILA" | D4: ITEM: ACERO DE REFUERZO 4.200 KG/CM² (60.000 PSI) ESP.640-13 INV. PARA PLACAS, RIOSTRAS, CUNETAS, BORDILLOS Y DENTELLONES | I4: ITEM: ACERO DE REFUERZO 4.200 KG/CM² (60.000 PSI) ESP.640-13 INV. PARA PLACAS, RIOSTRAS, CUNETAS, BORDILLOS Y DENTELLONES
C6: No. | D6: UNIDAD: | E6: kg
C7: 5 | D7: ITEM DE PAGO: | E7: 2.4
A8: I. EQUIPO
A9: Descripción | C9: Tipo | D9: Tarifa/Hora | E9: Rendimiento | F9: Valor-Unit.
A10: HERRAMIENTA MENOR | E10: 0.05 | F10: 43.1786
F11: Sub-Total | G11: 43.1786
A12: II. MATERIALES
A13: Descripción | C13: Unidad | D13: Precio-Unit. | E13: Cantidad | F13: Valor-Unit.
A14: ACERO DE REFUERZO | C14: KG | D14: 5200 | E14: 1.05 | F14: 5460
A15: ALAMBRE NEGRO No. 18 | C15: Kg | D15: 7400 | E15: 0.0105 | F15: 77.7
F16: Sub-Total | G16: 5537.7
A17: III. TRANSPORTES
A18: Material | B18: Vol-peso ó Cant. | C18: Distancia | D18: Und.-Km | E18: Tarifa | F18: Valor-Unit.
A19: Transporte del acero desde el casco urbano | B19: 1.05 | C19: 19.71 | D19: 20.6955 | E19: 2 | F19: 41.391
F20: 0
F21: Sub-Total | G21: 41.391 | K21: 6
A22: IV. MANO DE OBRA
A23: Trabajador | B23: Jornal | C23: Prestaciones | D23: Jornal Total | E23: Rendimiento | F23: Valor-Unit.
A24: CUADRILLA (2 obreros+1 oficial). | B24: 116698.92 | C24: 185 | D24: 215893 | E24: 250 | F24: 863.57201 | H24: C21
F25: Sub-Total | G25: 863.57201
D27: Total Costo Directo | G27: 6486
C30: DESCRIPCION | F30: PORCENTAGE | G30: VR TOTAL
C31: ADMINISTRACION | F31: 0.23 | G31: 1491.78
C32: IMPREVISTOS | F32: 0.02 | G32: 129.72 | I32: Diametro | J32: Long barra | K32: Peso por barra | L32: total | M32: precio kg
C33: UTILIDAD | F33: 0.05 | G33: 324.3 | I33: 1/2" | J33: 6 | K33: 1 | L33: 6 | M33: 5333.3333
C34: PRECIO UNITARIO TOTAL APROXIMADO AL PESO | G34: 8432 | I34: 3/8" | J34: 6 | K34: 0.56 | L34: 3.36 | M34: 5505.9524
I35: 5/8" | J35: 6 | K35: 1.55 | L35: 9.3 | M35: 5505.3763
L36: promedio | M36: 5448.2207
A37: ELABORO: PABLO CESAR ARRIETA RAMIREZ
A38: Apoyo Secretaria de Vias Departamental
A41: FECHA: Octubre de 2022

Sheet 6
A1: PROYECTO PLACA HUELLA MUNICIPIO DE GARZON | C1: ANÁLISIS DE PRECIOS UNITARIOS
A2: DEPARTAMENTO DEL HUILA
A4: OBJETO: “MEJORAMIENTO DE VÍAS TERCIARIAS MEDIANTE LA CONSTRUCCION DE PLACA HUELLA EN SITIOS CRITICOS DE LOS MUNICIPIOS DE GARZON, PITAL, AGRADO Y PAICOL DEPARTAMENTO DEL HUILA" | D4: ITEM: SUMINISTRO E INSTALACIÓN DE CONCRETO NORMAL CLASE D - (F´C=210 KGF/CM2) O (3.000 PSI) PARA DENTELLONES- PLACAS - RIOSTRAS - CUNETAS - BORDILLO. | I4: ITEM: SUMINISTRO E INSTALACIÓN DE CONCRETO NORMAL CLASE D - (F´C=210 KGF/CM2) O (3.000 PSI) PARA DENTELLONES- PLACAS - RIOSTRAS - CUNETAS - BORDILLO.
C6: No. | D6: UNIDAD: | E6: m3
C7: 6 | D7: ITEM DE PAGO: | E7: 2.5
A8: I. EQUIPO
A9: Descripción | C9: Tipo | D9: Tarifa/Hora | E9: Rendimiento | F9: Valor-Unit.
A10: HERRAMIENTA MENOR | E10: 0.05 | F10: 1982.7929
A11: Vibrador de concreto, Motor de 3 hp a 18.000 rpm Mangueras de 4 mt | D11: 6000 | E11: 3 | F11: 2000
F12: Sub-Total | G12: 3982.7929
A13: II. MATERIALES
A14: Descripción | C14: Unidad | D14: Precio-Unit. | E14: Cantidad | F14: Valor-Unit.
A15: SUBPRODUCTO: CONCRETO NORMAL CLASE D- (F´C=210 KGF/CM2). | C15: M3 | D15: 419250 | E15: 1.05 | F15: 440212.5
A16: Antisol Blanco | C16: Kg | D16: 7000 | E16: 1.3 | F16: 9100
A17: Formaleta (gaviones, juntas de bordillos, juntas de cunetas, muros, concretos clase D,E, F y G) | C17: m2 | D17: 4722.55 | E17: 4.6 | F17: 21723.73
F21: Sub-Total | G21: 471036.23 | I21: 47103.623
A22: III. TRANSPORTES
A23: Material | B23: Vol-peso ó Cant. | C23: Distancia | D23: Und.-Km | E23: Tarifa | F23: Valor-Unit.
A24: TRANSPORTE MATERIAL PETREO. | B24: 1.5 | C24: 86.61 | D24: 129.915 | E24: 1233.33 | F24: 160228.07
F25: 0
F26: Sub-Total | G26: 160228.07
A27: IV. MANO DE OBRA
A28: Trabajador | B28: Jornal | C28: Prestaciones | D28: Jornal Total | E28: Rendimiento | F28: Valor-Unit.
A29: CUADRILLA (3 obreros+1 oficial). | B29: 150049.19 | C29: 185 | D29: 277591 | E29: 7 | F29: 39655.858 | H29: C31
F30: Sub-Total | G30: 39655.858
D32: Total Costo Directo | G32: 674903
C35: DESCRIPCION | F35: PORCENTAGE | G35: VR TOTAL
C36: ADMINISTRACION | F36: 0.23 | G36: 155227.69
C37: IMPREVISTOS | F37: 0.02 | G37: 13498.06
C38: UTILIDAD | F38: 0.05 | G38: 33745.15
C39: PRECIO UNITARIO TOTAL APROXIMADO AL PESO | G39: 877374
A42: ELABORO: PABLO CESAR ARRIETA RAMIREZ
A43: Apoyo Secretaria de Vias Departamental
A46: FECHA: Octubre de 2022

Sheet 7
A1: PROYECTO PLACA HUELLA MUNICIPIO DE GARZON | C1: ANÁLISIS DE PRECIOS UNITARIOS
A2: DEPARTAMENTO DEL HUILA
A4: OBJETO: “MEJORAMIENTO DE VÍAS TERCIARIAS MEDIANTE LA CONSTRUCCION DE PLACA HUELLA EN SITIOS CRITICOS DE LOS MUNICIPIOS DE GARZON, PITAL, AGRADO Y PAICOL DEPARTAMENTO DEL HUILA" | D4: ITEM: SUMINISTRO E INSTALACIÓN DE CONCRETO CICLÓPEO DE 210 KG/CM² (3.000 PSI) ESPESOR 0,15 M.60% CONCRETO NORMAL DE 210 KG/CM² (3.000 PSI) , 40% PIEDRA ESP. 630-13 INV. PARA HUELLAS. | I4: ITEM: SUMINISTRO E INSTALACIÓN DE CONCRETO CICLÓPEO DE 210 KG/CM² (3.000 PSI) ESPESOR 0,15 M.60% CONCRETO NORMAL DE 210 KG/CM² (3.000 PSI) , 40% PIEDRA ESP. 630-13 INV.
C6: No. | D6: UNIDAD: | E6: m3
C7: 7 | D7: ITEM DE PAGO: | E7: 2.6
A8: I. EQUIPO
A9: Descripción | C9: Tipo | D9: Tarifa/Hora | E9: Rendimiento | F9: Valor-Unit.
A10: HERRAMIENTA MENOR | E10: 0.1 | F10: 3965.5858
F12: Sub-Total | G12: 3965.5858
A13: II. MATERIALES
A14: Descripción | C14: Unidad | D14: Precio-Unit. | E14: Cantidad | F14: Valor-Unit.
A15: SUBPRODUCTO: CONCRETO NORMAL CLASE D- (F´C=210 KGF/CM2). | C15: M3 | D15: 419250 | E15: 0.6 | F15: 251550
A16: PIEDRA ZONGA Y/O MEDIA ZONGA (6-10)PULG. | C16: M3 | D16: 80000 | E16: 0.4 | F16: 32000
A17: Formaleta (gaviones, juntas de bordillos, juntas de cunetas, muros, concretos clase D,E, F y G) | C17: m2 | D17: 4722.55 | E17: 2 | F17: 9445.1
A18: Agua para curado | C18: Kg | D18: 40 | E18: 100 | F18: 4000
F19: Sub-Total | G19: 296995.1
A20: III. TRANSPORTES
A21: Material | B21: Vol-peso ó Cant. | C21: Distancia | D21: Und.-Km | E21: Tarifa | F21: Valor-Unit.
A22: TRANSPORTE MATERIAL PIEDRA ZONGA Y/O MEDIA ZONGA. | B22: 0.4 | C22: 86.61 | D22: 34.644 | E22: 1233.33 | F22: 42727.485
A23: TRANSPORTE MATERIAL PETREO. | B23: 0.9 | C23: 86.61 | D23: 77.949 | E23: 1233.33 | F23: 96136.84
F24: Sub-Total | G24: 138864.32
A25: IV. MANO DE OBRA
A26: Trabajador | B26: Jornal | C26: Prestaciones | D26: Jornal Total | E26: Rendimiento | F26: Valor-Unit.
A27: CUADRILLA (3 obreros+1 oficial). | B27: 150049.19 | C27: 185 | D27: 277591 | E27: 7 | F27: 39655.858 | H27: C31
F28: Sub-Total | G28: 39655.858
D30: Total Costo Directo | G30: 479481
C33: DESCRIPCION | F33: PORCENTAGE | G33: VR TOTAL
C34: ADMINISTRACION | F34: 0.23 | G34: 110280.63
C35: IMPREVISTOS | F35: 0.02 | G35: 9589.62
C36: UTILIDAD | F36: 0.05 | G36: 23974.05
C37: PRECIO UNITARIO TOTAL APROXIMADO AL PESO | G37: 623325
A40: ELABORO: PABLO CESAR ARRIETA RAMIREZ
A41: Apoyo Secretaria de Vias Departamental
A44: FECHA: Octubre de 2022

Sheet 8
A1: PROYECTO PLACA HUELLA MUNICIPIO DE GARZON | C1: ANÁLISIS DE PRECIOS UNITARIOS
A2: DEPARTAMENTO DEL HUILA
A4: OBJETO: “MEJORAMIENTO DE VÍAS TERCIARIAS MEDIANTE LA CONSTRUCCION DE PLACA HUELLA EN SITIOS CRITICOS DE LOS MUNICIPIOS DE GARZON, PITAL, AGRADO Y PAICOL DEPARTAMENTO DEL HUILA" | D4: ITEM: SUMINISTRO E INSTALACIÓN DE SOLADO DE LIMPIEZA EN CONCRETO NORMAL CLASE F- (F´C=140 KGF/CM2). PARA OBRAS DE ARTE. | I4: ITEM: SUMINISTRO E INSTALACIÓN DE SOLADO DE LIMPIEZA EN CONCRETO NORMAL CLASE F- (F´C=140 KGF/CM2).
C6: No. | D6: UNIDAD: | E6: m3
C7: 8 | D7: ITEM DE PAGO: | E7: 3.1
A8: I. EQUIPO
A9: Descripción | C9: Tipo | D9: Tarifa/Hora | E9: Rendimiento | F9: Valor-Unit.
A10: HERRAMINETA MENOR(%) | E10: 0.1 | F10: 3469.8875
F12: Sub-Total | G12: 3469.8875 | I12: 20
A13: II. MATERIALES
A14: Descripción | C14: Unidad | D14: Precio-Unit. | E14: Cantidad | F14: Valor-Unit.
A15: subproducto: concreto normal clase f- (f´c=140 kgf/cm2). | C15: M3 | D15: 364808 | E15: 1.05 | F15: 383048.4 | I15: ,48 m3 de concret
A16: agua curado | C16: LITRO | D16: 40 | E16: 50 | F16: 2000 | I16: 0.192
J17: 1 | K17: litro | L17: 0.001 | M17: m3
F18: Sub-Total | G18: 385048.4 | J18: 192 | L18: 0.192
A19: III. TRANSPORTES
A20: Material | B20: Vol-peso ó Cant. | C20: Distancia | D20: Und.-Km | E20: Tarifa | F20: Valor-Unit.
A21: TRANSPORTE MATERIAL PETREO. | B21: 1.47 | C21: 86.61 | D21: 127.3167 | E21: 1233.33 | F21: 157023.51
F22: 0
F23: Sub-Total | G23: 157023.51
A24: IV. MANO DE OBRA
A25: Trabajador | B25: Jornal | C25: Prestaciones | D25: Jornal Total | E25: Rendimiento | F25: Valor-Unit.
A26: CUADRILLA (3 obreros+1 oficial). | B26: 150049.19 | C26: 185 | D26: 277591 | E26: 8 | F26: 34698.875 | H26: C31 | I26: 600
F27: Sub-Total | G27: 34698.875
D29: Total Costo Directo | G29: 580241
C32: DESCRIPCION | F32: PORCENTAGE | G32: VR TOTAL
C33: ADMINISTRACION | F33: 0.23 | G33: 133455.43
C34: IMPREVISTOS | F34: 0.02 | G34: 11604.82
C35: UTILIDAD | F35: 0.05 | G35: 29012.05
C36: PRECIO UNITARIO TOTAL APROXIMADO AL PESO | G36: 754313
A39: ELABORO: PABLO CESAR ARRIETA RAMIREZ
A40: Apoyo Secretaria de Vias Departamental
A43: FECHA: Octubre de 2022

Sheet 9
A1: PROYECTO PLACA HUELLA MUNICIPIO DE GARZON | C1: ANÁLISIS DE PRECIOS UNITARIOS
A2: DEPARTAMENTO DEL HUILA
A4: OBJETO: “MEJORAMIENTO DE VÍAS TERCIARIAS MEDIANTE LA CONSTRUCCION DE PLACA HUELLA EN SITIOS CRITICOS DE LOS MUNICIPIOS DE GARZON, PITAL, AGRADO Y PAICOL DEPARTAMENTO DEL HUILA" | D4: ITEM: SUMINISTRO E INSTALACIÓN DE CONCRETO NORMAL CLASE D- (F´C=210 KGF/CM2). PARA CONSTRUCCION DE ENCOLES, DESCOLES Y PLACAS DE SOBREPISO DE ALCANTARILLAS. | I4: ITEM: SUMINISTRO E INSTALACIÓN DE CONCRETO NORMAL CLASE D- (F´C=210 KGF/CM2). PARA CONSTRUCCION DE ENCOLES, DESCOLES Y PLACAS DE SOBREPISO DE ALCANTARILLAS.
C6: No. | D6: UNIDAD: | E6: m3
C7: 9 | D7: ITEM DE PAGO: | E7: 3.2
A8: I. EQUIPO
A9: Descripción | C9: Tipo | D9: Tarifa/Hora | E9: Rendimiento | F9: Valor-Unit.
A10: HERRAMIENTA MENOR | E10: 0.05 | F10: 1982.7929
A11: Vibrador de concreto, Motor de 3 hp a 18.000 rpm Mangueras de 4 mt | D11: 6000 | E11: 3 | F11: 2000
F12: Sub-Total | G12: 3982.7929
A13: II. MATERIALES
A14: Descripción | C14: Unidad | D14: Precio-Unit. | E14: Cantidad | F14: Valor-Unit.
A15: SUBPRODUCTO: CONCRETO NORMAL CLASE D- (F´C=210 KGF/CM2). | C15: M3 | D15: 419250 | E15: 1.05 | F15: 440212.5
A16: Antisol Blanco | C16: Kg | D16: 7000 | E16: 1.3 | F16: 9100
A17: Formaleta (gaviones, juntas de bordillos, juntas de cunetas, muros, concretos clase D,E, F y G) | C17: m2 | D17: 4722.55 | E17: 4.6 | F17: 21723.73
F21: Sub-Total | G21: 471036.23 | I21: 47103.623
A22: III. TRANSPORTES
A23: Material | B23: Vol-peso ó Cant. | C23: Distancia | D23: Und.-Km | E23: Tarifa | F23: Valor-Unit.
A24: TRANSPORTE MATERIAL PETREO. | B24: 1.5 | C24: 86.61 | D24: 129.915 | E24: 1233.33 | F24: 160228.07
F26: Sub-Total | G26: 160228.07
A27: IV. MANO DE OBRA
A28: Trabajador | B28: Jornal | C28: Prestaciones | D28: Jornal Total | E28: Rendimiento | F28: Valor-Unit.
A29: CUADRILLA (3 obreros+1 oficial). | B29: 150049.19 | C29: 185 | D29: 277591 | E29: 7 | F29: 39655.858 | H29: C31
F30: Sub-Total | G30: 39655.858
D32: Total Costo Directo | G32: 674903
C35: DESCRIPCION | F35: PORCENTAGE | G35: VR TOTAL
C36: ADMINISTRACION | F36: 0.23 | G36: 155227.69
C37: IMPREVISTOS | F37: 0.02 | G37: 13498.06
C38: UTILIDAD | F38: 0.05 | G38: 33745.15
C39: PRECIO UNITARIO TOTAL APROXIMADO AL PESO | G39: 877374
A42: ELABORO: PABLO CESAR ARRIETA RAMIREZ
A43: Apoyo Secretaria de Vias Departamental
A46: FECHA: Octubre de 2022

Sheet 10
A1: PROYECTO PLACA HUELLA MUNICIPIO DE GARZON | C1: ANÁLISIS DE PRECIOS UNITARIOS
A2: DEPARTAMENTO DEL HUILA
A4: OBJETO: “MEJORAMIENTO DE VÍAS TERCIARIAS MEDIANTE LA CONSTRUCCION DE PLACA HUELLA EN SITIOS CRITICOS DE LOS MUNICIPIOS DE GARZON, PITAL, AGRADO Y PAICOL DEPARTAMENTO DEL HUILA" | D4: ITEM: SUMINISTRO E INTALACION DE TUBERIA EN CONCRETO F=36", L=1M. ESP. 661-13 INV. | I4: ITEM: SUMINISTRO E INTALACION DE TUBERIA EN CONCRETO F=36", L=1M. ESP. 661-13 INV.
C6: No. | D6: UNIDAD: | E6: m
C7: 10 | D7: ITEM DE PAGO: | E7: 3.3
A8: I. EQUIPO
A9: Descripción | C9: Tipo | D9: Tarifa/Hora | E9: Rendimiento | F9: Valor-Unit.
A10: HERRAMIENTA MENOR | E10: 0.1 | F10: 1156.6292
A11: RETROEXCAVADORA DE LLANTAS | D11: 113000 | E11: 3 | F11: 37666.667
F13: Sub-Total | G13: 38823.296
A14: II. MATERIALES
A15: Descripción | C15: Unidad | D15: Precio-Unit. | E15: Cantidad | F15: Valor-Unit.
A16: TUBO EN CONCRETO REFORZADO 36" EN CONCRETO F'c=28 Mpa. Especificación AASHTO M-170M y NTC 401. | C16: ML | D16: 280000 | E16: 1 | F16: 280000
A17: SUBPRODUCTO: CONCRETO NORMAL CLASE F - ( F'C=140 KGF/CM2). PARA ATRAQUE. | C17: M3 | D17: 364808 | E17: 0.06 | F17: 21888.48
A18: SUBPRODUCTO : MORTERO RELACION 1:3.PARA JUNTAS. | C18: M3 | D18: 399568 | E18: 0.06 | F18: 23974.08
F19: Sub-Total | G19: 325862.56
A20: III. TRANSPORTES
A21: Material | B21: Vol-peso ó Cant. | C21: Distancia | D21: Und.-Km | E21: Tarifa | F21: Valor-Unit.
A22: Transporte de tubo | B22: 825 | C22: 19.71 | D22: 16260.75 | E22: 2 | F22: 32521.5
A23: TRANSPORTE MATERIAL PETREO. | B23: 0.12 | C23: 67.82 | D23: 8.1384 | E23: 1233.33 | F23: 10037.333
F24: Sub-Total | G24: 42558.833
A25: IV. MANO DE OBRA
A26: Trabajador | B26: Jornal | C26: Prestaciones | D26: Jornal Total | E26: Rendimiento | F26: Valor-Unit.
A27: CUADRILLA (3 obreros+1 oficial). | B27: 150049.19 | C27: 185 | D27: 277591 | E27: 24 | F27: 11566.292 | H27: C31
F28: Sub-Total | G28: 11566.292
D30: Total Costo Directo | G30: 418811
C33: DESCRIPCION | F33: PORCENTAGE | G33: VR TOTAL
C34: ADMINISTRACION | F34: 0.23 | G34: 96326.53
C35: IMPREVISTOS | F35: 0.02 | G35: 8376.22
C36: UTILIDAD | F36: 0.05 | G36: 20940.55
C37: PRECIO UNITARIO TOTAL APROXIMADO AL PESO | G37: 544454
A40: ELABORO: PABLO CESAR ARRIETA RAMIREZ
A41: Apoyo Secretaria de Vias Departamental
A44: FECHA: Octubre de 2022

Sheet 11
A1: PROYECTO PLACA HUELLA MUNICIPIO DE GARZON | C1: ANÁLISIS DE PRECIOS UNITARIOS
A2: DEPARTAMENTO DEL HUILA
A4: OBJETO: “MEJORAMIENTO DE VÍAS TERCIARIAS MEDIANTE LA CONSTRUCCION DE PLACA HUELLA EN SITIOS CRITICOS DE LOS MUNICIPIOS DE GARZON, PITAL, AGRADO Y PAICOL DEPARTAMENTO DEL HUILA" | D4: ITEM: ACERO DE REFUERZO 4.200 KG/CM² (60.000 PSI) ESP.640-13 INV. PARA ALCANTARILLA, BOX, MUROS. | I4: ITEM: ACERO DE REFUERZO 4.200 KG/CM² (60.000 PSI) ESP.640-13 INV. PARA ALCANTARILLA, BOX, MUROS.
C6: No. | D6: UNIDAD: | E6: Kg
C7: 11 | D7: ITEM DE PAGO: | E7: 3.4
A8: I. EQUIPO
A9: Descripción | C9: Tipo | D9: Tarifa/Hora | E9: Rendimiento | F9: Valor-Unit.
A10: HERRAMIENTA MENOR | E10: 0.05 | F10: 43.1786
F11: Sub-Total | G11: 43.1786
A12: II. MATERIALES
A13: Descripción | C13: Unidad | D13: Precio-Unit. | E13: Cantidad | F13: Valor-Unit.
A14: ACERO DE REFUERZO | C14: KG | D14: 5200 | E14: 1.05 | F14: 5460
A15: ALAMBRE NEGRO No. 18 | C15: Kg | D15: 7400 | E15: 0.0105 | F15: 77.7
F16: Sub-Total | G16: 5537.7
A17: III. TRANSPORTES
A18: Material | B18: Vol-peso ó Cant. | C18: Distancia | D18: Und.-Km | E18: Tarifa | F18: Valor-Unit.
A19: Transporte del acero desde el casco urbano | B19: 1.05 | C19: 19.71 | D19: 20.6955 | E19: 2 | F19: 41.391
F20: 0
F21: Sub-Total | G21: 41.391
A22: IV. MANO DE OBRA
A23: Trabajador | B23: Jornal | C23: Prestaciones | D23: Jornal Total | E23: Rendimiento | F23: Valor-Unit.
A24: CUADRILLA (2 obreros+1 oficial). | B24: 116698.92 | C24: 185 | D24: 215893 | E24: 250 | F24: 863.57201 | H24: C21
F25: Sub-Total | G25: 863.57201
D27: Total Costo Directo | G27: 6486
C30: DESCRIPCION | F30: PORCENTAGE | G30: VR TOTAL
C31: ADMINISTRACION | F31: 0.23 | G31: 1491.78
C32: IMPREVISTOS | F32: 0.02 | G32: 129.72
C33: UTILIDAD | F33: 0.05 | G33: 324.3
C34: PRECIO UNITARIO TOTAL APROXIMADO AL PESO | G34: 8432
A37: ELABORO: PABLO CESAR ARRIETA RAMIREZ
A38: Apoyo Secretaria de Vias Departamental
A41: FECHA: Octubre de 2022

Sheet 12
A1: PROYECTO PLACA HUELLA MUNICIPIO DE GARZON | C1: ANÁLISIS DE PRECIOS UNITARIOS
A2: DEPARTAMENTO DEL HUILA
A4: OBJETO: “MEJORAMIENTO DE VÍAS TERCIARIAS MEDIANTE LA CONSTRUCCION DE PLACA HUELLA EN SITIOS CRITICOS DE LOS MUNICIPIOS DE GARZON, PITAL, AGRADO Y PAICOL DEPARTAMENTO DEL HUILA" | D4: ITEM: SUMINISTRO E INSTALACION MATERIAL GRANULAR FILTRANTE. ESP. 673-13 INV. | I4: ITEM: SUMINISTRO E INSTALACION MATERIAL GRANULAR FILTRANTE. ESP. 673-13 INV.
C6: No. | D6: UNIDAD: | E6: m3
C7: 12 | D7: ITEM DE PAGO: | E7: 3.5
A8: I. EQUIPO
A9: Descripción | C9: Tipo | D9: Tarifa/Hora | E9: Rendimiento | F9: Valor-Unit.
A10: HERRAMIENTA MENOR | E10: 0.1 | F10: 555.18201
F12: Sub-Total | G12: 555.18201
A13: II. MATERIALES | J13: A | K13: H | L13: L | M13: M3
A14: Descripción | C14: Unidad | D14: Precio-Unit. | E14: Cantidad | F14: Valor-Unit. | J14: 0.4 | K14: 0.6 | L14: 4 | M14: 0.96
A15: GEOTEXTIL N.T. 2500 Ó SIMILAR.ESP. 673-13 INV. | C15: M2 | D15: 5100 | E15: 8 | F15: 40800
A16: TUBERIA PERFORADA 4" | C16: m | D16: 2174.4203 | E16: 4 | F16: 8697.681 | K16: 2 | L16: 8
A17: MATERIAL GRANULAR DRENANTE ENTRE 3" Y 3/4" | C17: M3 | D17: 95200 | E17: 1 | F17: 95200
F18: Sub-Total | G18: 144697.68
A19: III. TRANSPORTES
A20: Material | B20: Vol-peso ó Cant. | C20: Distancia | D20: Und.-Km | E20: Tarifa | F20: Valor-Unit.
A21: TRANSPORTE MATERIAL GRANULAR | B21: 1 | C21: 86.61 | D21: 86.61 | E21: 1233.33 | F21: 106818.71
F22: 0
F23: Sub-Total | G23: 106818.71 | I23: QUEDO CON EL TRANSPORTE
A24: IV. MANO DE OBRA
A25: Trabajador | B25: Jornal | C25: Prestaciones | D25: Jornal Total | E25: Rendimiento | F25: Valor-Unit.
A26: CUADRILLA (3 obreros+1 oficial). | B26: 150049.19 | C26: 185 | D26: 277591 | E26: 50 | F26: 5551.8201 | H26: C31
F27: Sub-Total | G27: 5551.8201
J28: 16034
D29: Total Costo Directo | G29: 257623 | I29: 160924 | J29: -96699
C32: DESCRIPCION | F32: PORCENTAGE | G32: VR TOTAL
C33: ADMINISTRACION | F33: 0.23 | G33: 59253.29
C34: IMPREVISTOS | F34: 0.02 | G34: 5152.46
C35: UTILIDAD | F35: 0.05 | G35: 12881.15
C36: PRECIO UNITARIO TOTAL APROXIMADO AL PESO | G36: 334910
A39: ELABORO: PABLO CESAR ARRIETA RAMIREZ
A40: Apoyo Secretaria de Vias Departamental
A43: FECHA: Octubre de 2022

Sheet 13
A1: PROYECTO PLACA HUELLA MUNICIPIO DE GARZON | C1: ANÁLISIS DE PRECIOS UNITARIOS
A2: DEPARTAMENTO DEL HUILA
A4: OBJETO: “MEJORAMIENTO DE VÍAS TERCIARIAS MEDIANTE LA CONSTRUCCION DE PLACA HUELLA EN SITIOS CRITICOS DE LOS MUNICIPIOS DE GARZON, PITAL, AGRADO Y PAICOL DEPARTAMENTO DEL HUILA" | D4: ITEM: TERRAPLEN / MEJORAMIENTO CONFORMADO CON MATERIAL SELECCIONADO. ESP. 220.1-13 INV. | I4: ITEM: RELLENOS CONFORMADO CON MATERIAL SELECCIONADO. ESP. 220.1-13 INV.
C6: No. | D6: UNIDAD: | E6: m3
C7: 13 | D7: ITEM DE PAGO: | E7: 3.6
A8: I. EQUIPO
A9: Descripción | C9: Tipo | D9: Tarifa/Hora | E9: Rendimiento | F9: Valor-Unit.
A10: HERRAMIENTA MENOR | E10: 0.05 | F10: 107.9465
A11: Vibrocompatador, potencia 153 HP, peso 10 Ton. | D11: 121000 | E11: 50 | F11: 2420 | J11: 121975 | K11: 50 | M11: 2439.5
A12: Motoniveladora potencia 215 HP, ancho de cuchilla 4,27 m, peso 18 ton. | D12: 166000 | E12: 50 | F12: 3320
A13: Carrotanque de agua(1000 Galones) | D13: 116000 | E13: 50 | F13: 2320
F14: Sub-Total | G14: 8167.9465
A15: II. MATERIALES
A16: Descripción | C16: Unidad | D16: Precio-Unit. | E16: Cantidad | F16: Valor-Unit.
A17: MATERIAL GRANULAR CLASIFICADO COMO SELECCIONADO. ESP. 220-13 INV. | C17: M3 | D17: 29750 | E17: 1.3 | F17: 38675
A18: Agua | C18: Lt | D18: 40 | E18: 25 | F18: 1000
F23: Sub-Total | G23: 39675
A24: III. TRANSPORTES
A25: Material | B25: Vol-peso ó Cant. | C25: Distancia | D25: Und.-Km | E25: Tarifa | F25: Valor-Unit.
A26: TRANSPORTE MATERIAL PÉTREO. ACARREO | B26: 1.3 | C26: 86.61 | D26: 112.593 | E26: 1233.33 | F26: 138864.32
F27: 0
F28: Sub-Total | G28: 138864.32
A29: IV. MANO DE OBRA
A30: Trabajador | B30: Jornal | C30: Prestaciones | D30: Jornal Total | E30: Rendimiento | F30: Valor-Unit.
A31: CUADRILLA (2 obreros+1 oficial). | B31: 116698.92 | C31: 185 | D31: 215893 | E31: 100 | F31: 2158.93 | H31: C21
F32: Sub-Total | G32: 2158.93
D34: Total Costo Directo | G34: 188866
C37: DESCRIPCION | F37: PORCENTAGE | G37: VR TOTAL
C38: ADMINISTRACION | F38: 0.23 | G38: 43439.18
C39: IMPREVISTOS | F39: 0.02 | G39: 3777.32
C40: UTILIDAD | F40: 0.05 | G40: 9443.3
C41: PRECIO UNITARIO TOTAL APROXIMADO AL PESO | G41: 245526
A44: ELABORO: PABLO CESAR ARRIETA RAMIREZ
A45: Apoyo Secretaria de Vias Departamental
A48: FECHA: Octubre de 2022

Sheet 14
A1: PROYECTO PLACA HUELLA MUNICIPIO DE EL PITAL | C1: ANÁLISIS DE PRECIOS UNITARIOS
A2: DEPARTAMENTO DEL HUILA
A4: OBJETO: “MEJORAMIENTO DE VÍAS TERCIARIAS MEDIANTE LA CONSTRUCCION DE PLACA HUELLA EN SITIOS CRITICOS DE LOS MUNICIPIOS DE GARZON, EL PITAL, EL AGRADO Y PAICOL DEPARTAMENTO DEL HUILA" | D4: ITEM: LOCALIZACIÓN Y REPLANTEO. | I4: ITEM: LOCALIZACIÓN Y REPLANTEO.
C6: No. | D6: UNIDAD: | E6: m
C7: 14 | D7: ITEM DE PAGO: | E7: 1.1
A8: I. EQUIPO
A9: Descripción | C9: Tipo | D9: Tarifa/Hora | E9: Rendimiento | F9: Valor-Unit.
A10: HERRAMIENTA MENOR | E10: 0.1 | F10: 154.2
F13: Sub-Total | G13: 154
A14: II. MATERIALES
A15: Descripción | C15: Unidad | D15: Precio-Unit. | E15: Cantidad | F15: Valor-Unit.
A16: ALAMBRE NEGRO No. 18 | C16: Kg | D16: 7400 | E16: 0.01 | F16: 74
A17: DURMIENTE ORDINARIO 4*4 CM | C17: m | D17: 3000 | E17: 0.5 | F17: 1500
A18: PUNTILLA DE 1" | C18: lb | D18: 2600 | E18: 0.01 | F18: 26
F19: Sub-Total | G19: 1600
A20: III. TRANSPORTES
A21: Material | B21: Vol-peso ó Cant. | C21: Distancia | D21: Und.-Km | E21: Tarifa | F21: Valor-Unit.
C22: 0 | D22: 0 | F22: 0
F23: 0
F24: Sub-Total | G24: 0
A25: IV. MANO DE OBRA
A26: Trabajador | B26: Jornal | C26: Prestaciones | D26: Jornal Total | E26: Rendimiento | F26: Valor-Unit.
A27: CUADRILLA (2 obreros+1 oficial). | B27: 116698.92 | C27: 185 | D27: 215893 | E27: 140 | F27: 1542.0929 | H27: C21
F28: Sub-Total | G28: 1542
D30: Total Costo Directo | G30: 3296
D33: DESCRIPCION | F33: PORCENTAGE | G33: VR TOTAL
D34: ADMINISTRACION | F34: 0.23 | G34: 758.08
D35: IMPREVISTOS | F35: 0.02 | G35: 65.92
D36: UTILIDAD | F36: 0.05 | G36: 164.8
D37: PRECIO UNITARIO TOTAL APROXIMADO AL PESO | G37: 4285
A40: ELABORO: PABLO CESAR ARRIETA RAMIREZ
A41: Apoyo Secretaria de Vias Departamental
A44: FECHA: Agosto de 2022

Sheet 15
A1: PROYECTO PLACA HUELLA MUNICIPIO DE EL PITAL | C1: ANÁLISIS DE PRECIOS UNITARIOS
A2: DEPARTAMENTO DEL HUILA
A4: OBJETO: “MEJORAMIENTO DE VÍAS TERCIARIAS MEDIANTE LA CONSTRUCCION DE PLACA HUELLA EN SITIOS CRITICOS DE LOS MUNICIPIOS DE GARZON, EL PITAL, EL AGRADO Y PAICOL DEPARTAMENTO DEL HUILA" | D4: ITEM: EXCAVACIÓN MECÁNICA (EXPLANACIÓN). ESP. 210-13 INV. INCLUYE RETIRO DE MATERIAL PROVENIENTE DE LA EXCAVACIÓN A DISPOSICIÓN FINAL DEL MISMO. | I4: ITEM: EXCAVACIÓN MECÁNICA (EXPLANACIÓN). ESP. 210-13 INV. INCLUYE RETIRO DE MATERIAL PROVENIENTE DE LA EXCAVACIÓN A DISPOSICIÓN FINAL DEL MISMO.
C6: No. | D6: UNIDAD: | E6: m3
C7: 15 | D7: ITEM DE PAGO: | E7: 2.1
A8: I. EQUIPO
A9: Descripción | C9: Tipo | D9: Tarifa/Hora | E9: Rendimiento | F9: Valor-Unit.
A10: HERRAMIENTA MENOR | E10: 0.01 | F10: 8.566389
A11: Retroexcavadora sobre oruga, potencia 138 HP, balde de 1,5 m3. | D11: 168000 | E11: 35 | F11: 4800
F14: Sub-Total | G14: 4808.5664
A15: II. MATERIALES
A16: Descripción | C16: Unidad | D16: Precio-Unit. | E16: Cantidad | F16: Valor-Unit.
A17: Derechos de explotación y/o disposición de materiales | C17: M3 | D17: 6667 | E17: 1.3 | F17: 8667.1
F19: Sub-Total | G19: 8667.1
A20: III. TRANSPORTES
A21: Material | B21: Vol-peso ó Cant. | C21: Distancia | D21: Und.-Km | E21: Tarifa | F21: Valor-Unit.
A22: TRANSPORTE DE MATERIAL SOBRANTES PROVENIENTE DE LA EXCAVACIÓN | B22: 1.3 | C22: 5 | D22: 6.5 | E22: 1233.33 | F22: 8016.645
F24: Sub-Total | G24: 8016.645
A25: IV. MANO DE OBRA
A26: Trabajador | B26: Jornal | C26: Prestaciones | D26: Jornal Total | E26: Rendimiento | F26: Valor-Unit.
A27: CUADRILLA (1 obrero+1 oficial). | B27: 83348.65 | C27: 185 | D27: 154195 | E27: 180 | F27: 856.6389 | H27: C11
F28: Sub-Total | G28: 856.6389
D30: Total Costo Directo | G30: 22349
C33: DESCRIPCION | F33: PORCENTAGE | G33: VR TOTAL
C34: ADMINISTRACION | F34: 0.23 | G34: 5140.27
C35: IMPREVISTOS | F35: 0.02 | G35: 446.98
C36: UTILIDAD | F36: 0.05 | G36: 1117.45
C37: PRECIO UNITARIO TOTAL APROXIMADO AL PESO | G37: 29054
A40: ELABORO: PABLO CESAR ARRIETA RAMIREZ
A41: Apoyo Secretaria de Vias Departamental
A44: FECHA: Agosto de 2022

Sheet 16
A1: PROYECTO PLACA HUELLA MUNICIPIO DE EL PITAL | C1: ANÁLISIS DE PRECIOS UNITARIOS
A2: DEPARTAMENTO DEL HUILA
A4: OBJETO: “MEJORAMIENTO DE VÍAS TERCIARIAS MEDIANTE LA CONSTRUCCION DE PLACA HUELLA EN SITIOS CRITICOS DE LOS MUNICIPIOS DE GARZON, EL PITAL, EL AGRADO Y PAICOL DEPARTAMENTO DEL HUILA" | D4: ITEM: EXCAVACION MANUAL EN MATERIAL SECO (INCLUYE TRANSPORTE A SITIO AUTORIZADO.) | I4: ITEM: EXCAVACION MANUAL EN MATERIAL SECO (INCLUYE TRANSPORTE A SITIO AUTORIZADO.)
C6: No. | D6: UNIDAD: | E6: m3
C7: 16 | D7: ITEM DE PAGO: | E7: 2.2
A8: I. EQUIPO
A9: Descripción | C9: Tipo | D9: Tarifa/Hora | E9: Rendimiento | F9: Valor-Unit.
A10: HERRAMIENTA MENOR | E10: 0.1 | F10: 1199.4056
F14: Sub-Total | G14: 1199.4056
A15: II. MATERIALES
A16: Descripción | C16: Unidad | D16: Precio-Unit. | E16: Cantidad | F16: Valor-Unit.
A18: Derechos de explotación y/o disposición de materiales | C18: M3 | D18: 6667 | E18: 1.3 | F18: 8667.1
F21: Sub-Total | G21: 8667.1
A22: III. TRANSPORTES
A23: Material | B23: Vol-peso ó Cant. | C23: Distancia | D23: Und.-Km | E23: Tarifa | F23: Valor-Unit.
A24: TRANSPORTE DE MATERIAL SOBRANTES PROVENIENTE DE LA EXCAVACIÓN | B24: 1.3 | C24: 5 | D24: 6.5 | E24: 1233.33 | F24: 8016.645
F26: Sub-Total | G26: 8016.645
A27: IV. MANO DE OBRA
A28: Trabajador | B28: Jornal | C28: Prestaciones | D28: Jornal Total | E28: Rendimiento | F28: Valor-Unit.
A29: CUADRILLA (2 obreros+1 oficial). | B29: 116698.92 | C29: 185 | D29: 215893 | E29: 18 | F29: 11994.056 | H29: C21
F30: Sub-Total | G30: 11994.056
D32: Total Costo Directo | G32: 29877
C35: DESCRIPCION | F35: PORCENTAGE | G35: VR TOTAL
C36: ADMINISTRACION | F36: 0.23 | G36: 6871.71
C37: IMPREVISTOS | F37: 0.02 | G37: 597.54
C38: UTILIDAD | F38: 0.05 | G38: 1493.85
C39: PRECIO UNITARIO TOTAL APROXIMADO AL PESO | G39: 38840
A42: ELABORO: PABLO CESAR ARRIETA RAMIREZ
A43: Apoyo Secretaria de Vias Departamental
A46: FECHA: Agosto de 2022

Sheet 17
A1: PROYECTO PLACA HUELLA MUNICIPIO DE EL PITAL | C1: ANÁLISIS DE PRECIOS UNITARIOS
A2: DEPARTAMENTO DEL HUILA
A4: OBJETO: “MEJORAMIENTO DE VÍAS TERCIARIAS MEDIANTE LA CONSTRUCCION DE PLACA HUELLA EN SITIOS CRITICOS DE LOS MUNICIPIOS DE GARZON, EL PITAL, EL AGRADO Y PAICOL DEPARTAMENTO DEL HUILA" | D4: ITEM: SUMINISTRO, INSTALACION, EXTENDIDA, NIVELACION, HUMEDECIMIENTO O AIREACION Y COMPACTACION DE SUBBASE GRANULAR CBR ≥ 40%. ESP. 320-13 INV. | J4: ITEM: SUMINISTRO, INSTALACION, EXTENDIDA, NIVELACION, HUMEDECIMIENTO O AIREACION Y COMPACTACION DE SUBBASE GRANULAR CBR ≥ 40%. ESP. 320-13 INV.
C6: No. | D6: UNIDAD: | E6: m3
C7: 17 | D7: ITEM DE PAGO: | E7: 2.3
A8: I. EQUIPO
A9: Descripción | C9: Tipo | D9: Tarifa/Hora | E9: Rendimiento | F9: Valor-Unit.
A10: Motoniveladora potencia 215 HP, ancho de cuchilla 4,27 m, peso 18 ton. | D10: 166000 | E10: 45 | F10: 3688.8889
A11: Vibrocompatador, potencia 153 HP, peso 10 Ton. | D11: 121000 | E11: 45 | F11: 2688.8889
A12: Carrotanque de agua(1000 Galones) | D12: 116000 | E12: 45 | F12: 2577.7778
A13: HERRAMIENTA MENOR | E13: 0.01 | F13: 6.1683715
F14: Sub-Total | G14: 8961.7239
A15: II. MATERIALES
A16: Descripción | C16: Unidad | D16: Precio-Unit. | E16: Cantidad | F16: Valor-Unit.
A17: SUB-BASE GRANULAR CBR 40%-ESP. 320-13. INVIAS. | C17: M3 | D17: 55000 | E17: 1.3 | F17: 71500
A18: AGUA | C18: Lt | D18: 40 | E18: 24 | F18: 960
F19: Sub-Total | G19: 72460
A20: III. TRANSPORTES
A21: Material | B21: Vol-peso ó Cant. | C21: Distancia | D21: Und.-Km | E21: Tarifa | F21: Valor-Unit.
A22: TRANSPORTE MATERIAL PETREO. | B22: 1.3 | C22: 74.14 | D22: 96.382 | E22: 1233.33 | F22: 118870.81
F23: 0
F24: Sub-Total | G24: 118870.81
A25: IV. MANO DE OBRA
A26: Trabajador | B26: Jornal | C26: Prestaciones | D26: Jornal Total | E26: Rendimiento | F26: Valor-Unit.
A27: CUADRILLA (2 obreros+1 oficial). | B27: 116698.92 | C27: 185 | D27: 215893 | E27: 350 | F27: 616.83715 | H27: C21
F28: Sub-Total | G28: 616.83715
D30: Total Costo Directo | G30: 200909 | I30: 18081810
C33: DESCRIPCION | F33: PORCENTAGE | G33: VR TOTAL
C34: ADMINISTRACION | F34: 0.23 | G34: 46209.07
C35: IMPREVISTOS | F35: 0.02 | G35: 4018.18
C36: UTILIDAD | F36: 0.05 | G36: 10045.45
C37: PRECIO UNITARIO TOTAL APROXIMADO AL PESO | G37: 261182
A40: ELABORO: PABLO CESAR ARRIETA RAMIREZ
A41: Apoyo Secretaria de Vias Departamental
A44: FECHA: Agosto de 2022

Sheet 18
A1: PROYECTO PLACA HUELLA MUNICIPIO DE EL PITAL | C1: ANÁLISIS DE PRECIOS UNITARIOS
A2: DEPARTAMENTO DEL HUILA
A4: OBJETO: “MEJORAMIENTO DE VÍAS TERCIARIAS MEDIANTE LA CONSTRUCCION DE PLACA HUELLA EN SITIOS CRITICOS DE LOS MUNICIPIOS DE GARZON, EL PITAL, EL AGRADO Y PAICOL DEPARTAMENTO DEL HUILA" | D4: ITEM: ACERO DE REFUERZO 4.200 KG/CM² (60.000 PSI) ESP.640-13 INV. PARA PLACAS, RIOSTRAS, CUNETAS, BORDILLOS Y DENTELLONES | I4: ITEM: ACERO DE REFUERZO 4.200 KG/CM² (60.000 PSI) ESP.640-13 INV. PARA PLACAS, RIOSTRAS, CUNETAS, BORDILLOS Y DENTELLONES
C6: No. | D6: UNIDAD: | E6: kg
C7: 18 | D7: ITEM DE PAGO: | E7: 2.4
A8: I. EQUIPO
A9: Descripción | C9: Tipo | D9: Tarifa/Hora | E9: Rendimiento | F9: Valor-Unit.
A10: HERRAMIENTA MENOR | E10: 0.05 | F10: 43.1786
F11: Sub-Total | G11: 43.1786
A12: II. MATERIALES
A13: Descripción | C13: Unidad | D13: Precio-Unit. | E13: Cantidad | F13: Valor-Unit.
A14: ACERO DE REFUERZO | C14: KG | D14: 5200 | E14: 1.05 | F14: 5460
A15: ALAMBRE NEGRO No. 18 | C15: Kg | D15: 7400 | E15: 0.0105 | F15: 77.7
F16: Sub-Total | G16: 5537.7
A17: III. TRANSPORTES
A18: Material | B18: Vol-peso ó Cant. | C18: Distancia | D18: Und.-Km | E18: Tarifa | F18: Valor-Unit.
A19: Transporte del acero desde el casco urbano | B19: 1.05 | C19: 12.34 | D19: 12.957 | E19: 2 | F19: 25.914
F20: 0
F21: Sub-Total | G21: 25.914 | K21: 6
A22: IV. MANO DE OBRA
A23: Trabajador | B23: Jornal | C23: Prestaciones | D23: Jornal Total | E23: Rendimiento | F23: Valor-Unit.
A24: CUADRILLA (2 obreros+1 oficial). | B24: 116698.92 | C24: 185 | D24: 215893 | E24: 250 | F24: 863.57201 | H24: C21
F25: Sub-Total | G25: 863.57201
D27: Total Costo Directo | G27: 6470
C30: DESCRIPCION | F30: PORCENTAGE | G30: VR TOTAL
C31: ADMINISTRACION | F31: 0.23 | G31: 1488.1
C32: IMPREVISTOS | F32: 0.02 | G32: 129.4 | I32: Diametro | J32: Long barra | K32: Peso por barra | L32: total | M32: precio kg
C33: UTILIDAD | F33: 0.05 | G33: 323.5 | I33: 1/2" | J33: 6 | K33: 1 | L33: 6 | M33: 5333.3333
C34: PRECIO UNITARIO TOTAL APROXIMADO AL PESO | G34: 8411 | I34: 3/8" | J34: 6 | K34: 0.56 | L34: 3.36 | M34: 5505.9524
I35: 5/8" | J35: 6 | K35: 1.55 | L35: 9.3 | M35: 5505.3763
L36: promedio | M36: 5448.2207
A37: ELABORO: PABLO CESAR ARRIETA RAMIREZ
A38: Apoyo Secretaria de Vias Departamental
A41: FECHA: Agosto de 2022

Sheet 19
A1: PROYECTO PLACA HUELLA MUNICIPIO DE EL PITAL | C1: ANÁLISIS DE PRECIOS UNITARIOS
A2: DEPARTAMENTO DEL HUILA
A4: OBJETO: “MEJORAMIENTO DE VÍAS TERCIARIAS MEDIANTE LA CONSTRUCCION DE PLACA HUELLA EN SITIOS CRITICOS DE LOS MUNICIPIOS DE GARZON, EL PITAL, EL AGRADO Y PAICOL DEPARTAMENTO DEL HUILA" | D4: ITEM: SUMINISTRO E INSTALACIÓN DE CONCRETO NORMAL CLASE D - (F´C=210 KGF/CM2) O (3.000 PSI) PARA DENTELLONES- PLACAS - RIOSTRAS - CUNETAS - BORDILLO. | I4: ITEM: SUMINISTRO E INSTALACIÓN DE CONCRETO NORMAL CLASE D - (F´C=210 KGF/CM2) O (3.000 PSI) PARA DENTELLONES- PLACAS - RIOSTRAS - CUNETAS - BORDILLO.
C6: No. | D6: UNIDAD: | E6: m3
C7: 19 | D7: ITEM DE PAGO: | E7: 2.5
A8: I. EQUIPO
A9: Descripción | C9: Tipo | D9: Tarifa/Hora | E9: Rendimiento | F9: Valor-Unit.
A10: HERRAMIENTA MENOR | E10: 0.05 | F10: 1982.7929
A11: Vibrador de concreto, Motor de 3 hp a 18.000 rpm Mangueras de 4 mt | D11: 6000 | E11: 3 | F11: 2000
F12: Sub-Total | G12: 3982.7929
A13: II. MATERIALES
A14: Descripción | C14: Unidad | D14: Precio-Unit. | E14: Cantidad | F14: Valor-Unit.
A15: SUBPRODUCTO: CONCRETO NORMAL CLASE D- (F´C=210 KGF/CM2). | C15: M3 | D15: 419250 | E15: 1.05 | F15: 440212.5
A16: Antisol Blanco | C16: Kg | D16: 7000 | E16: 1.3 | F16: 9100
A17: Formaleta (gaviones, juntas de bordillos, juntas de cunetas, muros, concretos clase D,E, F y G) | C17: m2 | D17: 4722.55 | E17: 4.6 | F17: 21723.73
F21: Sub-Total | G21: 471036.23 | I21: 47103.623
A22: III. TRANSPORTES
A23: Material | B23: Vol-peso ó Cant. | C23: Distancia | D23: Und.-Km | E23: Tarifa | F23: Valor-Unit.
A24: TRANSPORTE MATERIAL PETREO. | B24: 1.5 | C24: 74.14 | D24: 111.21 | E24: 1233.33 | F24: 137158.63
F25: 0
F26: Sub-Total | G26: 137158.63
A27: IV. MANO DE OBRA
A28: Trabajador | B28: Jornal | C28: Prestaciones | D28: Jornal Total | E28: Rendimiento | F28: Valor-Unit.
A29: CUADRILLA (3 obreros+1 oficial). | B29: 150049.19 | C29: 185 | D29: 277591 | E29: 7 | F29: 39655.858 | H29: C31
F30: Sub-Total | G30: 39655.858
D32: Total Costo Directo | G32: 651834
C35: DESCRIPCION | F35: PORCENTAGE | G35: VR TOTAL
C36: ADMINISTRACION | F36: 0.23 | G36: 149921.82
C37: IMPREVISTOS | F37: 0.02 | G37: 13036.68
C38: UTILIDAD | F38: 0.05 | G38: 32591.7
C39: PRECIO UNITARIO TOTAL APROXIMADO AL PESO | G39: 847384
A42: ELABORO: PABLO CESAR ARRIETA RAMIREZ
A43: Apoyo Secretaria de Vias Departamental
A46: FECHA: Agosto de 2022

Sheet 20
A1: PROYECTO PLACA HUELLA MUNICIPIO DE EL PITAL | C1: ANÁLISIS DE PRECIOS UNITARIOS
A2: DEPARTAMENTO DEL HUILA
A4: OBJETO: “MEJORAMIENTO DE VÍAS TERCIARIAS MEDIANTE LA CONSTRUCCION DE PLACA HUELLA EN SITIOS CRITICOS DE LOS MUNICIPIOS DE GARZON, EL PITAL, EL AGRADO Y PAICOL DEPARTAMENTO DEL HUILA" | D4: ITEM: SUMINISTRO E INSTALACIÓN DE CONCRETO CICLÓPEO DE 210 KG/CM² (3.000 PSI) ESPESOR 0,15 M.60% CONCRETO NORMAL DE 210 KG/CM² (3.000 PSI) , 40% PIEDRA ESP. 630-13 INV. PARA HUELLAS. | I4: ITEM: SUMINISTRO E INSTALACIÓN DE CONCRETO CICLÓPEO DE 210 KG/CM² (3.000 PSI) ESPESOR 0,15 M.60% CONCRETO NORMAL DE 210 KG/CM² (3.000 PSI) , 40% PIEDRA ESP. 630-13 INV.
C6: No. | D6: UNIDAD: | E6: m3
C7: 20 | D7: ITEM DE PAGO: | E7: 2.6
A8: I. EQUIPO
A9: Descripción | C9: Tipo | D9: Tarifa/Hora | E9: Rendimiento | F9: Valor-Unit.
A10: HERRAMIENTA MENOR | E10: 0.1 | F10: 3965.5858
F12: Sub-Total | G12: 3965.5858
A13: II. MATERIALES
A14: Descripción | C14: Unidad | D14: Precio-Unit. | E14: Cantidad | F14: Valor-Unit.
A15: SUBPRODUCTO: CONCRETO NORMAL CLASE D- (F´C=210 KGF/CM2). | C15: M3 | D15: 419250 | E15: 0.6 | F15: 251550
A16: PIEDRA ZONGA Y/O MEDIA ZONGA (6-10)PULG. | C16: M3 | D16: 80000 | E16: 0.4 | F16: 32000
A17: Formaleta (gaviones, juntas de bordillos, juntas de cunetas, muros, concretos clase D,E, F y G) | C17: m2 | D17: 4722.55 | E17: 2 | F17: 9445.1
A18: Agua para curado | C18: Kg | D18: 40 | E18: 100 | F18: 4000
F19: Sub-Total | G19: 296995.1
A20: III. TRANSPORTES
A21: Material | B21: Vol-peso ó Cant. | C21: Distancia | D21: Und.-Km | E21: Tarifa | F21: Valor-Unit.
A22: TRANSPORTE MATERIAL PIEDRA ZONGA Y/O MEDIA ZONGA. | B22: 0.4 | C22: 74.14 | D22: 29.656 | E22: 1233.33 | F22: 36575.634
A23: TRANSPORTE MATERIAL PETREO. | B23: 0.9 | C23: 74.14 | D23: 66.726 | E23: 1233.33 | F23: 82295.178
F24: Sub-Total | G24: 118870.81
A25: IV. MANO DE OBRA
A26: Trabajador | B26: Jornal | C26: Prestaciones | D26: Jornal Total | E26: Rendimiento | F26: Valor-Unit.
A27: CUADRILLA (3 obreros+1 oficial). | B27: 150049.19 | C27: 185 | D27: 277591 | E27: 7 | F27: 39655.858 | H27: C31
F28: Sub-Total | G28: 39655.858
D30: Total Costo Directo | G30: 459487
C33: DESCRIPCION | F33: PORCENTAGE | G33: VR TOTAL
C34: ADMINISTRACION | F34: 0.23 | G34: 105682.01
C35: IMPREVISTOS | F35: 0.02 | G35: 9189.74
C36: UTILIDAD | F36: 0.05 | G36: 22974.35
C37: PRECIO UNITARIO TOTAL APROXIMADO AL PESO | G37: 597333
A40: ELABORO: PABLO CESAR ARRIETA RAMIREZ
A41: Apoyo Secretaria de Vias Departamental
A44: FECHA: Agosto de 2022

Sheet 21
A1: PROYECTO PLACA HUELLA MUNICIPIO DE EL PITAL | C1: ANÁLISIS DE PRECIOS UNITARIOS
A2: DEPARTAMENTO DEL HUILA
A4: OBJETO: “MEJORAMIENTO DE VÍAS TERCIARIAS MEDIANTE LA CONSTRUCCION DE PLACA HUELLA EN SITIOS CRITICOS DE LOS MUNICIPIOS DE GARZON, EL PITAL, EL AGRADO Y PAICOL DEPARTAMENTO DEL HUILA" | D4: ITEM: SUMINISTRO E INSTALACIÓN DE SOLADO DE LIMPIEZA EN CONCRETO NORMAL CLASE F- (F´C=140 KGF/CM2). PARA OBRAS DE ARTE. | I4: ITEM: SUMINISTRO E INSTALACIÓN DE SOLADO DE LIMPIEZA EN CONCRETO NORMAL CLASE F- (F´C=140 KGF/CM2).
C6: No. | D6: UNIDAD: | E6: m3
C7: 21 | D7: ITEM DE PAGO: | E7: 3.1
A8: I. EQUIPO
A9: Descripción | C9: Tipo | D9: Tarifa/Hora | E9: Rendimiento | F9: Valor-Unit.
A10: HERRAMINETA MENOR(%) | E10: 0.1 | F10: 3469.8875
F12: Sub-Total | G12: 3469.8875 | I12: 20
A13: II. MATERIALES
A14: Descripción | C14: Unidad | D14: Precio-Unit. | E14: Cantidad | F14: Valor-Unit.
A15: subproducto: concreto normal clase f- (f´c=140 kgf/cm2). | C15: M3 | D15: 364808 | E15: 1.05 | F15: 383048.4 | I15: ,48 m3 de concret
A16: agua curado | C16: LITRO | D16: 40 | E16: 50 | F16: 2000 | I16: 0.192
J17: 1 | K17: litro | L17: 0.001 | M17: m3
F18: Sub-Total | G18: 385048.4 | J18: 192 | L18: 0.192
A19: III. TRANSPORTES
A20: Material | B20: Vol-peso ó Cant. | C20: Distancia | D20: Und.-Km | E20: Tarifa | F20: Valor-Unit.
A21: TRANSPORTE MATERIAL PETREO. | B21: 1.47 | C21: 74.14 | D21: 108.9858 | E21: 1233.33 | F21: 134415.46
F22: 0
F23: Sub-Total | G23: 134415.46
A24: IV. MANO DE OBRA
A25: Trabajador | B25: Jornal | C25: Prestaciones | D25: Jornal Total | E25: Rendimiento | F25: Valor-Unit.
A26: CUADRILLA (3 obreros+1 oficial). | B26: 150049.19 | C26: 185 | D26: 277591 | E26: 8 | F26: 34698.875 | H26: C31 | I26: 600
F27: Sub-Total | G27: 34698.875
D29: Total Costo Directo | G29: 557633
C32: DESCRIPCION | F32: PORCENTAGE | G32: VR TOTAL
C33: ADMINISTRACION | F33: 0.23 | G33: 128255.59
C34: IMPREVISTOS | F34: 0.02 | G34: 11152.66
C35: UTILIDAD | F35: 0.05 | G35: 27881.65
C36: PRECIO UNITARIO TOTAL APROXIMADO AL PESO | G36: 724923
A39: ELABORO: PABLO CESAR ARRIETA RAMIREZ
A40: Apoyo Secretaria de Vias Departamental
A43: FECHA: Agosto de 2022

Sheet 22
A1: PROYECTO PLACA HUELLA MUNICIPIO DE EL PITAL | C1: ANÁLISIS DE PRECIOS UNITARIOS
A2: DEPARTAMENTO DEL HUILA
A4: OBJETO: “MEJORAMIENTO DE VÍAS TERCIARIAS MEDIANTE LA CONSTRUCCION DE PLACA HUELLA EN SITIOS CRITICOS DE LOS MUNICIPIOS DE GARZON, EL PITAL, EL AGRADO Y PAICOL DEPARTAMENTO DEL HUILA" | D4: ITEM: SUMINISTRO E INSTALACIÓN DE CONCRETO NORMAL CLASE D- (F´C=210 KGF/CM2). PARA CONSTRUCCION DE ENCOLES, DESCOLES Y PLACAS DE SOBREPISO DE ALCANTARILLAS. | I4: ITEM: SUMINISTRO E INSTALACIÓN DE CONCRETO NORMAL CLASE D- (F´C=210 KGF/CM2). PARA CONSTRUCCION DE ENCOLES, DESCOLES Y PLACAS DE SOBREPISO DE ALCANTARILLAS.
C6: No. | D6: UNIDAD: | E6: m3
C7: 22 | D7: ITEM DE PAGO: | E7: 3.2
A8: I. EQUIPO
A9: Descripción | C9: Tipo | D9: Tarifa/Hora | E9: Rendimiento | F9: Valor-Unit.
A10: HERRAMIENTA MENOR | E10: 0.05 | F10: 1982.7929
A11: Vibrador de concreto, Motor de 3 hp a 18.000 rpm Mangueras de 4 mt | D11: 6000 | E11: 3 | F11: 2000
F12: Sub-Total | G12: 3982.7929
A13: II. MATERIALES
A14: Descripción | C14: Unidad | D14: Precio-Unit. | E14: Cantidad | F14: Valor-Unit.
A15: SUBPRODUCTO: CONCRETO NORMAL CLASE D- (F´C=210 KGF/CM2). | C15: M3 | D15: 419250 | E15: 1.05 | F15: 440212.5
A16: Antisol Blanco | C16: Kg | D16: 7000 | E16: 1.3 | F16: 9100
A17: Formaleta (gaviones, juntas de bordillos, juntas de cunetas, muros, concretos clase D,E, F y G) | C17: m2 | D17: 4722.55 | E17: 4.6 | F17: 21723.73
F21: Sub-Total | G21: 471036.23 | I21: 47103.623
A22: III. TRANSPORTES
A23: Material | B23: Vol-peso ó Cant. | C23: Distancia | D23: Und.-Km | E23: Tarifa | F23: Valor-Unit.
A24: TRANSPORTE MATERIAL PETREO. | B24: 1.5 | C24: 74.14 | D24: 111.21 | E24: 1233.33 | F24: 137158.63
F26: Sub-Total | G26: 137158.63
A27: IV. MANO DE OBRA
A28: Trabajador | B28: Jornal | C28: Prestaciones | D28: Jornal Total | E28: Rendimiento | F28: Valor-Unit.
A29: CUADRILLA (3 obreros+1 oficial). | B29: 150049.19 | C29: 185 | D29: 277591 | E29: 7 | F29: 39655.858 | H29: C31
F30: Sub-Total | G30: 39655.858
D32: Total Costo Directo | G32: 651834
C35: DESCRIPCION | F35: PORCENTAGE | G35: VR TOTAL
C36: ADMINISTRACION | F36: 0.23 | G36: 149921.82
C37: IMPREVISTOS | F37: 0.02 | G37: 13036.68
C38: UTILIDAD | F38: 0.05 | G38: 32591.7
C39: PRECIO UNITARIO TOTAL APROXIMADO AL PESO | G39: 847384
A42: ELABORO: PABLO CESAR ARRIETA RAMIREZ
A43: Apoyo Secretaria de Vias Departamental
A46: FECHA: Agosto de 2022

Sheet 23
A1: PROYECTO PLACA HUELLA MUNICIPIO DE EL PITAL | C1: ANÁLISIS DE PRECIOS UNITARIOS
A2: DEPARTAMENTO DEL HUILA
A4: OBJETO: “MEJORAMIENTO DE VÍAS TERCIARIAS MEDIANTE LA CONSTRUCCION DE PLACA HUELLA EN SITIOS CRITICOS DE LOS MUNICIPIOS DE GARZON, EL PITAL, EL AGRADO Y PAICOL DEPARTAMENTO DEL HUILA" | D4: ITEM: SUMINISTRO E INTALACION DE TUBERIA EN CONCRETO F=36", L=1M. ESP. 661-13 INV. | I4: ITEM: SUMINISTRO E INTALACION DE TUBERIA EN CONCRETO F=36", L=1M. ESP. 661-13 INV.
C6: No. | D6: UNIDAD: | E6: m
C7: 23 | D7: ITEM DE PAGO: | E7: 3.3
A8: I. EQUIPO
A9: Descripción | C9: Tipo | D9: Tarifa/Hora | E9: Rendimiento | F9: Valor-Unit.
A10: HERRAMIENTA MENOR | E10: 0.1 | F10: 1156.6292
A11: RETROEXCAVADORA DE LLANTAS | D11: 113000 | E11: 3 | F11: 37666.667
F13: Sub-Total | G13: 38823.296
A14: II. MATERIALES
A15: Descripción | C15: Unidad | D15: Precio-Unit. | E15: Cantidad | F15: Valor-Unit.
A16: TUBO EN CONCRETO REFORZADO 36" EN CONCRETO F'c=28 Mpa. Especificación AASHTO M-170M y NTC 401. | C16: ML | D16: 280000 | E16: 1 | F16: 280000
A17: SUBPRODUCTO: CONCRETO NORMAL CLASE F - ( F'C=140 KGF/CM2). PARA ATRAQUE. | C17: M3 | D17: 364808 | E17: 0.06 | F17: 21888.48
A18: SUBPRODUCTO : MORTERO RELACION 1:3.PARA JUNTAS. | C18: M3 | D18: 399568 | E18: 0.06 | F18: 23974.08
F19: Sub-Total | G19: 325862.56
A20: III. TRANSPORTES
A21: Material | B21: Vol-peso ó Cant. | C21: Distancia | D21: Und.-Km | E21: Tarifa | F21: Valor-Unit.
A22: Transporte de tubo | B22: 825 | C22: 12.34 | D22: 10180.5 | E22: 2 | F22: 20361
A23: TRANSPORTE MATERIAL PETREO. | B23: 0.12 | C23: 67.82 | D23: 8.1384 | E23: 1233.33 | F23: 10037.333
F24: Sub-Total | G24: 30398.333
A25: IV. MANO DE OBRA
A26: Trabajador | B26: Jornal | C26: Prestaciones | D26: Jornal Total | E26: Rendimiento | F26: Valor-Unit.
A27: CUADRILLA (3 obreros+1 oficial). | B27: 150049.19 | C27: 185 | D27: 277591 | E27: 24 | F27: 11566.292 | H27: C31
F28: Sub-Total | G28: 11566.292
D30: Total Costo Directo | G30: 406650
C33: DESCRIPCION | F33: PORCENTAGE | G33: VR TOTAL
C34: ADMINISTRACION | F34: 0.23 | G34: 93529.5
C35: IMPREVISTOS | F35: 0.02 | G35: 8133
C36: UTILIDAD | F36: 0.05 | G36: 20332.5
C37: PRECIO UNITARIO TOTAL APROXIMADO AL PESO | G37: 528645
A40: ELABORO: PABLO CESAR ARRIETA RAMIREZ
A41: Apoyo Secretaria de Vias Departamental
A44: FECHA: Agosto de 2022

Sheet 24
A1: PROYECTO PLACA HUELLA MUNICIPIO DE EL PITAL | C1: ANÁLISIS DE PRECIOS UNITARIOS
A2: DEPARTAMENTO DEL HUILA
A4: OBJETO: “MEJORAMIENTO DE VÍAS TERCIARIAS MEDIANTE LA CONSTRUCCION DE PLACA HUELLA EN SITIOS CRITICOS DE LOS MUNICIPIOS DE GARZON, EL PITAL, EL AGRADO Y PAICOL DEPARTAMENTO DEL HUILA" | D4: ITEM: ACERO DE REFUERZO 4.200 KG/CM² (60.000 PSI) ESP.640-13 INV. PARA ALCANTARILLA, BOX, MUROS. | I4: ITEM: ACERO DE REFUERZO 4.200 KG/CM² (60.000 PSI) ESP.640-13 INV. PARA ALCANTARILLA, BOX, MUROS.
C6: No. | D6: UNIDAD: | E6: Kg
C7: 24 | D7: ITEM DE PAGO: | E7: 3.4
A8: I. EQUIPO
A9: Descripción | C9: Tipo | D9: Tarifa/Hora | E9: Rendimiento | F9: Valor-Unit.
A10: HERRAMIENTA MENOR | E10: 0.05 | F10: 43.1786
F11: Sub-Total | G11: 43.1786
A12: II. MATERIALES
A13: Descripción | C13: Unidad | D13: Precio-Unit. | E13: Cantidad | F13: Valor-Unit.
A14: ACERO DE REFUERZO | C14: KG | D14: 5200 | E14: 1.05 | F14: 5460
A15: ALAMBRE NEGRO No. 18 | C15: Kg | D15: 7400 | E15: 0.0105 | F15: 77.7
F16: Sub-Total | G16: 5537.7
A17: III. TRANSPORTES
A18: Material | B18: Vol-peso ó Cant. | C18: Distancia | D18: Und.-Km | E18: Tarifa | F18: Valor-Unit.
A19: Transporte del acero desde el casco urbano | B19: 1.05 | C19: 12.34 | D19: 12.957 | E19: 2 | F19: 25.914
F20: 0
F21: Sub-Total | G21: 25.914
A22: IV. MANO DE OBRA
A23: Trabajador | B23: Jornal | C23: Prestaciones | D23: Jornal Total | E23: Rendimiento | F23: Valor-Unit.
A24: CUADRILLA (2 obreros+1 oficial). | B24: 116698.92 | C24: 185 | D24: 215893 | E24: 250 | F24: 863.57201 | H24: C21
F25: Sub-Total | G25: 863.57201
D27: Total Costo Directo | G27: 6470
C30: DESCRIPCION | F30: PORCENTAGE | G30: VR TOTAL
C31: ADMINISTRACION | F31: 0.23 | G31: 1488.1
C32: IMPREVISTOS | F32: 0.02 | G32: 129.4
C33: UTILIDAD | F33: 0.05 | G33: 323.5
C34: PRECIO UNITARIO TOTAL APROXIMADO AL PESO | G34: 8411
A37: ELABORO: PABLO CESAR ARRIETA RAMIREZ
A38: Apoyo Secretaria de Vias Departamental
A41: FECHA: Agosto de 2022

Sheet 25
A1: PROYECTO PLACA HUELLA MUNICIPIO DE EL PITAL | C1: ANÁLISIS DE PRECIOS UNITARIOS
A2: DEPARTAMENTO DEL HUILA
A4: OBJETO: “MEJORAMIENTO DE VÍAS TERCIARIAS MEDIANTE LA CONSTRUCCION DE PLACA HUELLA EN SITIOS CRITICOS DE LOS MUNICIPIOS DE GARZON, EL PITAL, EL AGRADO Y PAICOL DEPARTAMENTO DEL HUILA" | D4: ITEM: SUMINISTRO E INSTALACION MATERIAL GRANULAR FILTRANTE. ESP. 673-13 INV. | I4: ITEM: SUMINISTRO E INSTALACION MATERIAL GRANULAR FILTRANTE. ESP. 673-13 INV.
C6: No. | D6: UNIDAD: | E6: m3
C7: 25 | D7: ITEM DE PAGO: | E7: 3.5
A8: I. EQUIPO
A9: Descripción | C9: Tipo | D9: Tarifa/Hora | E9: Rendimiento | F9: Valor-Unit.
A10: HERRAMIENTA MENOR | E10: 0.1 | F10: 555.18201
F12: Sub-Total | G12: 555.18201
A13: II. MATERIALES | J13: A | K13: H | L13: L | M13: M3
A14: Descripción | C14: Unidad | D14: Precio-Unit. | E14: Cantidad | F14: Valor-Unit. | J14: 0.4 | K14: 0.6 | L14: 4 | M14: 0.96
A15: GEOTEXTIL N.T. 2500 Ó SIMILAR.ESP. 673-13 INV. | C15: M2 | D15: 5100 | E15: 8 | F15: 40800
A16: TUBERIA PERFORADA 4" | C16: m | D16: 2174.4203 | E16: 4 | F16: 8697.681 | K16: 2 | L16: 8
A17: MATERIAL GRANULAR DRENANTE ENTRE 3" Y 3/4" | C17: M3 | D17: 95200 | E17: 1 | F17: 95200
F18: Sub-Total | G18: 144697.68
A19: III. TRANSPORTES
A20: Material | B20: Vol-peso ó Cant. | C20: Distancia | D20: Und.-Km | E20: Tarifa | F20: Valor-Unit.
A21: TRANSPORTE MATERIAL GRANULAR | B21: 1 | C21: 74.14 | D21: 74.14 | E21: 1233.33 | F21: 91439.086
F22: 0
F23: Sub-Total | G23: 91439.086 | I23: QUEDO CON EL TRANSPORTE
A24: IV. MANO DE OBRA
A25: Trabajador | B25: Jornal | C25: Prestaciones | D25: Jornal Total | E25: Rendimiento | F25: Valor-Unit.
A26: CUADRILLA (3 obreros+1 oficial). | B26: 150049.19 | C26: 185 | D26: 277591 | E26: 50 | F26: 5551.8201 | H26: C31
F27: Sub-Total | G27: 5551.8201
J28: 16034
D29: Total Costo Directo | G29: 242244 | I29: 160924 | J29: -81320
C32: DESCRIPCION | F32: PORCENTAGE | G32: VR TOTAL
C33: ADMINISTRACION | F33: 0.23 | G33: 55716.12
C34: IMPREVISTOS | F34: 0.02 | G34: 4844.88
C35: UTILIDAD | F35: 0.05 | G35: 12112.2
C36: PRECIO UNITARIO TOTAL APROXIMADO AL PESO | G36: 314917
A39: ELABORO: PABLO CESAR ARRIETA RAMIREZ
A40: Apoyo Secretaria de Vias Departamental
A43: FECHA: Agosto de 2022

Sheet 26
A1: PROYECTO PLACA HUELLA MUNICIPIO DE EL PITAL | C1: ANÁLISIS DE PRECIOS UNITARIOS
A2: DEPARTAMENTO DEL HUILA
A4: OBJETO: “MEJORAMIENTO DE VÍAS TERCIARIAS MEDIANTE LA CONSTRUCCION DE PLACA HUELLA EN SITIOS CRITICOS DE LOS MUNICIPIOS DE GARZON, EL PITAL, EL AGRADO Y PAICOL DEPARTAMENTO DEL HUILA" | D4: ITEM: TERRAPLEN / MEJORAMIENTO CONFORMADO CON MATERIAL SELECCIONADO. ESP. 220.1-13 INV. | I4: ITEM: RELLENOS CONFORMADO CON MATERIAL SELECCIONADO. ESP. 220.1-13 INV.
C6: No. | D6: UNIDAD: | E6: m3
C7: 26 | D7: ITEM DE PAGO: | E7: 3.6
A8: I. EQUIPO
A9: Descripción | C9: Tipo | D9: Tarifa/Hora | E9: Rendimiento | F9: Valor-Unit.
A10: HERRAMIENTA MENOR | E10: 0.05 | F10: 107.9465
A11: Vibrocompatador, potencia 153 HP, peso 10 Ton. | D11: 121000 | E11: 50 | F11: 2420 | J11: 121975 | K11: 50 | M11: 2439.5
A12: Motoniveladora potencia 215 HP, ancho de cuchilla 4,27 m, peso 18 ton. | D12: 166000 | E12: 50 | F12: 3320
A13: Carrotanque de agua(1000 Galones) | D13: 116000 | E13: 50 | F13: 2320
F14: Sub-Total | G14: 8167.9465
A15: II. MATERIALES
A16: Descripción | C16: Unidad | D16: Precio-Unit. | E16: Cantidad | F16: Valor-Unit.
A17: MATERIAL GRANULAR CLASIFICADO COMO SELECCIONADO. ESP. 220-13 INV. | C17: M3 | D17: 29750 | E17: 1.3 | F17: 38675
A18: Agua | C18: Lt | D18: 40 | E18: 25 | F18: 1000
F23: Sub-Total | G23: 39675
A24: III. TRANSPORTES
A25: Material | B25: Vol-peso ó Cant. | C25: Distancia | D25: Und.-Km | E25: Tarifa | F25: Valor-Unit.
A26: TRANSPORTE MATERIAL PÉTREO. ACARREO | B26: 1.3 | C26: 74.14 | D26: 96.382 | E26: 1233.33 | F26: 118870.81
F27: 0
F28: Sub-Total | G28: 118870.81
A29: IV. MANO DE OBRA
A30: Trabajador | B30: Jornal | C30: Prestaciones | D30: Jornal Total | E30: Rendimiento | F30: Valor-Unit.
A31: CUADRILLA (2 obreros+1 oficial). | B31: 116698.92 | C31: 185 | D31: 215893 | E31: 100 | F31: 2158.93 | H31: C21
F32: Sub-Total | G32: 2158.93
D34: Total Costo Directo | G34: 168873
C37: DESCRIPCION | F37: PORCENTAGE | G37: VR TOTAL
C38: ADMINISTRACION | F38: 0.23 | G38: 38840.79
C39: IMPREVISTOS | F39: 0.02 | G39: 3377.46
C40: UTILIDAD | F40: 0.05 | G40: 8443.65
C41: PRECIO UNITARIO TOTAL APROXIMADO AL PESO | G41: 219535
A44: ELABORO: PABLO CESAR ARRIETA RAMIREZ
A45: Apoyo Secretaria de Vias Departamental
A48: FECHA: Agosto de 2022

Sheet 27
A1: PROYECTO PLACA HUELLA MUNICIPIO DE EL AGRADO | C1: ANÁLISIS DE PRECIOS UNITARIOS
A2: DEPARTAMENTO DEL HUILA
A4: OBJETO: “MEJORAMIENTO DE VÍAS TERCIARIAS MEDIANTE LA CONSTRUCCION DE PLACA HUELLA EN SITIOS CRITICOS DE LOS MUNICIPIOS DE GARZON, EL PITAL, EL AGRADO Y PAICOL DEPARTAMENTO DEL HUILA" | D4: ITEM: LOCALIZACIÓN Y REPLANTEO. | I4: ITEM: LOCALIZACIÓN Y REPLANTEO.
C6: No. | D6: UNIDAD: | E6: m
C7: 27 | D7: ITEM DE PAGO: | E7: 1.1
A8: I. EQUIPO
A9: Descripción | C9: Tipo | D9: Tarifa/Hora | E9: Rendimiento | F9: Valor-Unit.
A10: HERRAMIENTA MENOR | E10: 0.1 | F10: 154.2
F13: Sub-Total | G13: 154
A14: II. MATERIALES
A15: Descripción | C15: Unidad | D15: Precio-Unit. | E15: Cantidad | F15: Valor-Unit.
A16: ALAMBRE NEGRO No. 18 | C16: Kg | D16: 7400 | E16: 0.01 | F16: 74
A17: DURMIENTE ORDINARIO 4*4 CM | C17: m | D17: 3000 | E17: 0.5 | F17: 1500
A18: PUNTILLA DE 1" | C18: lb | D18: 2600 | E18: 0.01 | F18: 26
F19: Sub-Total | G19: 1600
A20: III. TRANSPORTES
A21: Material | B21: Vol-peso ó Cant. | C21: Distancia | D21: Und.-Km | E21: Tarifa | F21: Valor-Unit.
C22: 0 | D22: 0 | F22: 0
F23: 0
F24: Sub-Total | G24: 0
A25: IV. MANO DE OBRA
A26: Trabajador | B26: Jornal | C26: Prestaciones | D26: Jornal Total | E26: Rendimiento | F26: Valor-Unit.
A27: CUADRILLA (2 obreros+1 oficial). | B27: 116698.92 | C27: 185 | D27: 215893 | E27: 140 | F27: 1542.0929 | H27: C21
F28: Sub-Total | G28: 1542
D30: Total Costo Directo | G30: 3296
D33: DESCRIPCION | F33: PORCENTAGE | G33: VR TOTAL
D34: ADMINISTRACION | F34: 0.23 | G34: 758.08
D35: IMPREVISTOS | F35: 0.02 | G35: 65.92
D36: UTILIDAD | F36: 0.05 | G36: 164.8
D37: PRECIO UNITARIO TOTAL APROXIMADO AL PESO | G37: 4285
A40: ELABORO: PABLO CESAR ARRIETA RAMIREZ
A41: Apoyo Secretaria de Vias Departamental
A44: FECHA: Agosto de 2022

Sheet 28
A1: PROYECTO PLACA HUELLA MUNICIPIO DE EL AGRADO | C1: ANÁLISIS DE PRECIOS UNITARIOS
A2: DEPARTAMENTO DEL HUILA
A4: OBJETO: “MEJORAMIENTO DE VÍAS TERCIARIAS MEDIANTE LA CONSTRUCCION DE PLACA HUELLA EN SITIOS CRITICOS DE LOS MUNICIPIOS DE GARZON, EL PITAL, EL AGRADO Y PAICOL DEPARTAMENTO DEL HUILA" | D4: ITEM: EXCAVACIÓN MECÁNICA (EXPLANACIÓN). ESP. 210-13 INV. INCLUYE RETIRO DE MATERIAL PROVENIENTE DE LA EXCAVACIÓN A DISPOSICIÓN FINAL DEL MISMO. | I4: ITEM: EXCAVACIÓN MECÁNICA (EXPLANACIÓN). ESP. 210-13 INV. INCLUYE RETIRO DE MATERIAL PROVENIENTE DE LA EXCAVACIÓN A DISPOSICIÓN FINAL DEL MISMO.
C6: No. | D6: UNIDAD: | E6: m3
C7: 28 | D7: ITEM DE PAGO: | E7: 2.1
A8: I. EQUIPO
A9: Descripción | C9: Tipo | D9: Tarifa/Hora | E9: Rendimiento | F9: Valor-Unit.
A10: HERRAMIENTA MENOR | E10: 0.01 | F10: 8.566389
A11: Retroexcavadora sobre oruga, potencia 138 HP, balde de 1,5 m3. | D11: 168000 | E11: 35 | F11: 4800
F14: Sub-Total | G14: 4808.5664
A15: II. MATERIALES
A16: Descripción | C16: Unidad | D16: Precio-Unit. | E16: Cantidad | F16: Valor-Unit.
A17: Derechos de explotación y/o disposición de materiales | C17: M3 | D17: 6667 | E17: 1.3 | F17: 8667.1
F19: Sub-Total | G19: 8667.1
A20: III. TRANSPORTES
A21: Material | B21: Vol-peso ó Cant. | C21: Distancia | D21: Und.-Km | E21: Tarifa | F21: Valor-Unit.
A22: TRANSPORTE DE MATERIAL SOBRANTES PROVENIENTE DE LA EXCAVACIÓN | B22: 1.3 | C22: 5 | D22: 6.5 | E22: 1233.33 | F22: 8016.645
F24: Sub-Total | G24: 8016.645
A25: IV. MANO DE OBRA
A26: Trabajador | B26: Jornal | C26: Prestaciones | D26: Jornal Total | E26: Rendimiento | F26: Valor-Unit.
A27: CUADRILLA (1 obrero+1 oficial). | B27: 83348.65 | C27: 185 | D27: 154195 | E27: 180 | F27: 856.6389 | H27: C11
F28: Sub-Total | G28: 856.6389
D30: Total Costo Directo | G30: 22349
C33: DESCRIPCION | F33: PORCENTAGE | G33: VR TOTAL
C34: ADMINISTRACION | F34: 0.23 | G34: 5140.27
C35: IMPREVISTOS | F35: 0.02 | G35: 446.98
C36: UTILIDAD | F36: 0.05 | G36: 1117.45
C37: PRECIO UNITARIO TOTAL APROXIMADO AL PESO | G37: 29054
A40: ELABORO: PABLO CESAR ARRIETA RAMIREZ
A41: Apoyo Secretaria de Vias Departamental
A44: FECHA: Agosto de 2022

Sheet 29
A1: PROYECTO PLACA HUELLA MUNICIPIO DE EL AGRADO | C1: ANÁLISIS DE PRECIOS UNITARIOS
A2: DEPARTAMENTO DEL HUILA
A4: OBJETO: “MEJORAMIENTO DE VÍAS TERCIARIAS MEDIANTE LA CONSTRUCCION DE PLACA HUELLA EN SITIOS CRITICOS DE LOS MUNICIPIOS DE GARZON, EL PITAL, EL AGRADO Y PAICOL DEPARTAMENTO DEL HUILA" | D4: ITEM: EXCAVACION MANUAL EN MATERIAL SECO (INCLUYE TRANSPORTE A SITIO AUTORIZADO.) | I4: ITEM: EXCAVACION MANUAL EN MATERIAL SECO (INCLUYE TRANSPORTE A SITIO AUTORIZADO.)
C6: No. | D6: UNIDAD: | E6: m3
C7: 29 | D7: ITEM DE PAGO: | E7: 2.2
A8: I. EQUIPO
A9: Descripción | C9: Tipo | D9: Tarifa/Hora | E9: Rendimiento | F9: Valor-Unit.
A10: HERRAMIENTA MENOR | E10: 0.1 | F10: 1199.4056
F14: Sub-Total | G14: 1199.4056
A15: II. MATERIALES
A16: Descripción | C16: Unidad | D16: Precio-Unit. | E16: Cantidad | F16: Valor-Unit.
A18: Derechos de explotación y/o disposición de materiales | C18: M3 | D18: 6667 | E18: 1.3 | F18: 8667.1
F21: Sub-Total | G21: 8667.1
A22: III. TRANSPORTES
A23: Material | B23: Vol-peso ó Cant. | C23: Distancia | D23: Und.-Km | E23: Tarifa | F23: Valor-Unit.
A24: TRANSPORTE DE MATERIAL SOBRANTES PROVENIENTE DE LA EXCAVACIÓN | B24: 1.3 | C24: 5 | D24: 6.5 | E24: 1233.33 | F24: 8016.645
F26: Sub-Total | G26: 8016.645
A27: IV. MANO DE OBRA
A28: Trabajador | B28: Jornal | C28: Prestaciones | D28: Jornal Total | E28: Rendimiento | F28: Valor-Unit.
A29: CUADRILLA (2 obreros+1 oficial). | B29: 116698.92 | C29: 185 | D29: 215893 | E29: 18 | F29: 11994.056 | H29: C21
F30: Sub-Total | G30: 11994.056
D32: Total Costo Directo | G32: 29877
C35: DESCRIPCION | F35: PORCENTAGE | G35: VR TOTAL
C36: ADMINISTRACION | F36: 0.23 | G36: 6871.71
C37: IMPREVISTOS | F37: 0.02 | G37: 597.54
C38: UTILIDAD | F38: 0.05 | G38: 1493.85
C39: PRECIO UNITARIO TOTAL APROXIMADO AL PESO | G39: 38840
A42: ELABORO: PABLO CESAR ARRIETA RAMIREZ
A43: Apoyo Secretaria de Vias Departamental
A46: FECHA: Agosto de 2022

Sheet 30
A1: PROYECTO PLACA HUELLA MUNICIPIO DE EL AGRADO | C1: ANÁLISIS DE PRECIOS UNITARIOS
A2: DEPARTAMENTO DEL HUILA
A4: OBJETO: “MEJORAMIENTO DE VÍAS TERCIARIAS MEDIANTE LA CONSTRUCCION DE PLACA HUELLA EN SITIOS CRITICOS DE LOS MUNICIPIOS DE GARZON, EL PITAL, EL AGRADO Y PAICOL DEPARTAMENTO DEL HUILA" | D4: ITEM: SUMINISTRO, INSTALACION, EXTENDIDA, NIVELACION, HUMEDECIMIENTO O AIREACION Y COMPACTACION DE SUBBASE GRANULAR CBR ≥ 40%. ESP. 320-13 INV. | J4: ITEM: SUMINISTRO, INSTALACION, EXTENDIDA, NIVELACION, HUMEDECIMIENTO O AIREACION Y COMPACTACION DE SUBBASE GRANULAR CBR ≥ 40%. ESP. 320-13 INV.
C6: No. | D6: UNIDAD: | E6: m3
C7: 30 | D7: ITEM DE PAGO: | E7: 2.3
A8: I. EQUIPO
A9: Descripción | C9: Tipo | D9: Tarifa/Hora | E9: Rendimiento | F9: Valor-Unit.
A10: Motoniveladora potencia 215 HP, ancho de cuchilla 4,27 m, peso 18 ton. | D10: 166000 | E10: 45 | F10: 3688.8889
A11: Vibrocompatador, potencia 153 HP, peso 10 Ton. | D11: 121000 | E11: 45 | F11: 2688.8889
A12: Carrotanque de agua(1000 Galones) | D12: 116000 | E12: 45 | F12: 2577.7778
A13: HERRAMIENTA MENOR | E13: 0.01 | F13: 6.1683715
F14: Sub-Total | G14: 8961.7239
A15: II. MATERIALES
A16: Descripción | C16: Unidad | D16: Precio-Unit. | E16: Cantidad | F16: Valor-Unit.
A17: SUB-BASE GRANULAR CBR 40%-ESP. 320-13. INVIAS. | C17: M3 | D17: 55000 | E17: 1.3 | F17: 71500
A18: AGUA | C18: Lt | D18: 40 | E18: 24 | F18: 960
F19: Sub-Total | G19: 72460
A20: III. TRANSPORTES
A21: Material | B21: Vol-peso ó Cant. | C21: Distancia | D21: Und.-Km | E21: Tarifa | F21: Valor-Unit.
A22: TRANSPORTE MATERIAL PETREO. | B22: 1.3 | C22: 79.24 | D22: 103.012 | E22: 1233.33 | F22: 127047.79
F23: 0
F24: Sub-Total | G24: 127047.79
A25: IV. MANO DE OBRA
A26: Trabajador | B26: Jornal | C26: Prestaciones | D26: Jornal Total | E26: Rendimiento | F26: Valor-Unit.
A27: CUADRILLA (2 obreros+1 oficial). | B27: 116698.92 | C27: 185 | D27: 215893 | E27: 350 | F27: 616.83715 | H27: C21
F28: Sub-Total | G28: 616.83715
D30: Total Costo Directo | G30: 209086 | I30: 18817740
C33: DESCRIPCION | F33: PORCENTAGE | G33: VR TOTAL
C34: ADMINISTRACION | F34: 0.23 | G34: 48089.78
C35: IMPREVISTOS | F35: 0.02 | G35: 4181.72
C36: UTILIDAD | F36: 0.05 | G36: 10454.3
C37: PRECIO UNITARIO TOTAL APROXIMADO AL PESO | G37: 271812
A40: ELABORO: PABLO CESAR ARRIETA RAMIREZ
A41: Apoyo Secretaria de Vias Departamental
A44: FECHA: Agosto de 2022

Sheet 31
A1: PROYECTO PLACA HUELLA MUNICIPIO DE EL AGRADO | C1: ANÁLISIS DE PRECIOS UNITARIOS
A2: DEPARTAMENTO DEL HUILA
A4: OBJETO: “MEJORAMIENTO DE VÍAS TERCIARIAS MEDIANTE LA CONSTRUCCION DE PLACA HUELLA EN SITIOS CRITICOS DE LOS MUNICIPIOS DE GARZON, EL PITAL, EL AGRADO Y PAICOL DEPARTAMENTO DEL HUILA" | D4: ITEM: ACERO DE REFUERZO 4.200 KG/CM² (60.000 PSI) ESP.640-13 INV. PARA PLACAS, RIOSTRAS, CUNETAS, BORDILLOS Y DENTELLONES | I4: ITEM: ACERO DE REFUERZO 4.200 KG/CM² (60.000 PSI) ESP.640-13 INV. PARA PLACAS, RIOSTRAS, CUNETAS, BORDILLOS Y DENTELLONES
C6: No. | D6: UNIDAD: | E6: kg
C7: 31 | D7: ITEM DE PAGO: | E7: 2.4
A8: I. EQUIPO
A9: Descripción | C9: Tipo | D9: Tarifa/Hora | E9: Rendimiento | F9: Valor-Unit.
A10: HERRAMIENTA MENOR | E10: 0.05 | F10: 43.1786
F11: Sub-Total | G11: 43.1786
A12: II. MATERIALES
A13: Descripción | C13: Unidad | D13: Precio-Unit. | E13: Cantidad | F13: Valor-Unit.
A14: ACERO DE REFUERZO | C14: KG | D14: 5200 | E14: 1.05 | F14: 5460
A15: ALAMBRE NEGRO No. 18 | C15: Kg | D15: 7400 | E15: 0.0105 | F15: 77.7
F16: Sub-Total | G16: 5537.7
A17: III. TRANSPORTES
A18: Material | B18: Vol-peso ó Cant. | C18: Distancia | D18: Und.-Km | E18: Tarifa | F18: Valor-Unit.
A19: Transporte del acero desde el casco urbano | B19: 1.05 | C19: 13.64 | D19: 14.322 | E19: 2 | F19: 28.644
F20: 0
F21: Sub-Total | G21: 28.644 | K21: 6
A22: IV. MANO DE OBRA
A23: Trabajador | B23: Jornal | C23: Prestaciones | D23: Jornal Total | E23: Rendimiento | F23: Valor-Unit.
A24: CUADRILLA (2 obreros+1 oficial). | B24: 116698.92 | C24: 185 | D24: 215893 | E24: 250 | F24: 863.57201 | H24: C21
F25: Sub-Total | G25: 863.57201
D27: Total Costo Directo | G27: 6473
C30: DESCRIPCION | F30: PORCENTAGE | G30: VR TOTAL
C31: ADMINISTRACION | F31: 0.23 | G31: 1488.79
C32: IMPREVISTOS | F32: 0.02 | G32: 129.46 | I32: Diametro | J32: Long barra | K32: Peso por barra | L32: total | M32: precio kg
C33: UTILIDAD | F33: 0.05 | G33: 323.65 | I33: 1/2" | J33: 6 | K33: 1 | L33: 6 | M33: 5333.3333
C34: PRECIO UNITARIO TOTAL APROXIMADO AL PESO | G34: 8415 | I34: 3/8" | J34: 6 | K34: 0.56 | L34: 3.36 | M34: 5505.9524
I35: 5/8" | J35: 6 | K35: 1.55 | L35: 9.3 | M35: 5505.3763
L36: promedio | M36: 5448.2207
A37: ELABORO: PABLO CESAR ARRIETA RAMIREZ
A38: Apoyo Secretaria de Vias Departamental
A41: FECHA: Agosto de 2022

Sheet 32
A1: PROYECTO PLACA HUELLA MUNICIPIO DE EL AGRADO | C1: ANÁLISIS DE PRECIOS UNITARIOS
A2: DEPARTAMENTO DEL HUILA
A4: OBJETO: “MEJORAMIENTO DE VÍAS TERCIARIAS MEDIANTE LA CONSTRUCCION DE PLACA HUELLA EN SITIOS CRITICOS DE LOS MUNICIPIOS DE GARZON, EL PITAL, EL AGRADO Y PAICOL DEPARTAMENTO DEL HUILA" | D4: ITEM: SUMINISTRO E INSTALACIÓN DE CONCRETO NORMAL CLASE D - (F´C=210 KGF/CM2) O (3.000 PSI) PARA DENTELLONES- PLACAS - RIOSTRAS - CUNETAS - BORDILLO. | I4: ITEM: SUMINISTRO E INSTALACIÓN DE CONCRETO NORMAL CLASE D - (F´C=210 KGF/CM2) O (3.000 PSI) PARA DENTELLONES- PLACAS - RIOSTRAS - CUNETAS - BORDILLO.
C6: No. | D6: UNIDAD: | E6: m3
C7: 32 | D7: ITEM DE PAGO: | E7: 2.5
A8: I. EQUIPO
A9: Descripción | C9: Tipo | D9: Tarifa/Hora | E9: Rendimiento | F9: Valor-Unit.
A10: HERRAMIENTA MENOR | E10: 0.05 | F10: 1982.7929
A11: Vibrador de concreto, Motor de 3 hp a 18.000 rpm Mangueras de 4 mt | D11: 6000 | E11: 3 | F11: 2000
F12: Sub-Total | G12: 3982.7929
A13: II. MATERIALES
A14: Descripción | C14: Unidad | D14: Precio-Unit. | E14: Cantidad | F14: Valor-Unit.
A15: SUBPRODUCTO: CONCRETO NORMAL CLASE D- (F´C=210 KGF/CM2). | C15: M3 | D15: 419250 | E15: 1.05 | F15: 440212.5
A16: Antisol Blanco | C16: Kg | D16: 7000 | E16: 1.3 | F16: 9100
A17: Formaleta (gaviones, juntas de bordillos, juntas de cunetas, muros, concretos clase D,E, F y G) | C17: m2 | D17: 4722.55 | E17: 4.6 | F17: 21723.73
F21: Sub-Total | G21: 471036.23 | I21: 47103.623
A22: III. TRANSPORTES
A23: Material | B23: Vol-peso ó Cant. | C23: Distancia | D23: Und.-Km | E23: Tarifa | F23: Valor-Unit.
A24: TRANSPORTE MATERIAL PETREO. | B24: 1.5 | C24: 79.24 | D24: 118.86 | E24: 1233.33 | F24: 146593.6
F25: 0
F26: Sub-Total | G26: 146593.6
A27: IV. MANO DE OBRA
A28: Trabajador | B28: Jornal | C28: Prestaciones | D28: Jornal Total | E28: Rendimiento | F28: Valor-Unit.
A29: CUADRILLA (3 obreros+1 oficial). | B29: 150049.19 | C29: 185 | D29: 277591 | E29: 7 | F29: 39655.858 | H29: C31
F30: Sub-Total | G30: 39655.858
D32: Total Costo Directo | G32: 661268
C35: DESCRIPCION | F35: PORCENTAGE | G35: VR TOTAL
C36: ADMINISTRACION | F36: 0.23 | G36: 152091.64
C37: IMPREVISTOS | F37: 0.02 | G37: 13225.36
C38: UTILIDAD | F38: 0.05 | G38: 33063.4
C39: PRECIO UNITARIO TOTAL APROXIMADO AL PESO | G39: 859648
A42: ELABORO: PABLO CESAR ARRIETA RAMIREZ
A43: Apoyo Secretaria de Vias Departamental
A46: FECHA: Agosto de 2022

Sheet 33
A1: PROYECTO PLACA HUELLA MUNICIPIO DE EL AGRADO | C1: ANÁLISIS DE PRECIOS UNITARIOS
A2: DEPARTAMENTO DEL HUILA
A4: OBJETO: “MEJORAMIENTO DE VÍAS TERCIARIAS MEDIANTE LA CONSTRUCCION DE PLACA HUELLA EN SITIOS CRITICOS DE LOS MUNICIPIOS DE GARZON, EL PITAL, EL AGRADO Y PAICOL DEPARTAMENTO DEL HUILA" | D4: ITEM: SUMINISTRO E INSTALACIÓN DE CONCRETO CICLÓPEO DE 210 KG/CM² (3.000 PSI) ESPESOR 0,15 M.60% CONCRETO NORMAL DE 210 KG/CM² (3.000 PSI) , 40% PIEDRA ESP. 630-13 INV. PARA HUELLAS. | I4: ITEM: SUMINISTRO E INSTALACIÓN DE CONCRETO CICLÓPEO DE 210 KG/CM² (3.000 PSI) ESPESOR 0,15 M.60% CONCRETO NORMAL DE 210 KG/CM² (3.000 PSI) , 40% PIEDRA ESP. 630-13 INV.
C6: No. | D6: UNIDAD: | E6: m3
C7: 33 | D7: ITEM DE PAGO: | E7: 2.6
A8: I. EQUIPO
A9: Descripción | C9: Tipo | D9: Tarifa/Hora | E9: Rendimiento | F9: Valor-Unit.
A10: HERRAMIENTA MENOR | E10: 0.1 | F10: 3965.5858
F12: Sub-Total | G12: 3965.5858
A13: II. MATERIALES
A14: Descripción | C14: Unidad | D14: Precio-Unit. | E14: Cantidad | F14: Valor-Unit.
A15: SUBPRODUCTO: CONCRETO NORMAL CLASE D- (F´C=210 KGF/CM2). | C15: M3 | D15: 419250 | E15: 0.6 | F15: 251550
A16: PIEDRA ZONGA Y/O MEDIA ZONGA (6-10)PULG. | C16: M3 | D16: 80000 | E16: 0.4 | F16: 32000
A17: Formaleta (gaviones, juntas de bordillos, juntas de cunetas, muros, concretos clase D,E, F y G) | C17: m2 | D17: 4722.55 | E17: 2 | F17: 9445.1
A18: Agua para curado | C18: Kg | D18: 40 | E18: 100 | F18: 4000
F19: Sub-Total | G19: 296995.1
A20: III. TRANSPORTES
A21: Material | B21: Vol-peso ó Cant. | C21: Distancia | D21: Und.-Km | E21: Tarifa | F21: Valor-Unit.
A22: TRANSPORTE MATERIAL PIEDRA ZONGA Y/O MEDIA ZONGA. | B22: 0.4 | C22: 79.24 | D22: 31.696 | E22: 1233.33 | F22: 39091.628
A23: TRANSPORTE MATERIAL PETREO. | B23: 0.9 | C23: 79.24 | D23: 71.316 | E23: 1233.33 | F23: 87956.162
F24: Sub-Total | G24: 127047.79
A25: IV. MANO DE OBRA
A26: Trabajador | B26: Jornal | C26: Prestaciones | D26: Jornal Total | E26: Rendimiento | F26: Valor-Unit.
A27: CUADRILLA (3 obreros+1 oficial). | B27: 150049.19 | C27: 185 | D27: 277591 | E27: 7 | F27: 39655.858 | H27: C31
F28: Sub-Total | G28: 39655.858
D30: Total Costo Directo | G30: 467664
C33: DESCRIPCION | F33: PORCENTAGE | G33: VR TOTAL
C34: ADMINISTRACION | F34: 0.23 | G34: 107562.72
C35: IMPREVISTOS | F35: 0.02 | G35: 9353.28
C36: UTILIDAD | F36: 0.05 | G36: 23383.2
C37: PRECIO UNITARIO TOTAL APROXIMADO AL PESO | G37: 607963
A40: ELABORO: PABLO CESAR ARRIETA RAMIREZ
A41: Apoyo Secretaria de Vias Departamental
A44: FECHA: Agosto de 2022

Sheet 34
A1: PROYECTO PLACA HUELLA MUNICIPIO DE EL AGRADO | C1: ANÁLISIS DE PRECIOS UNITARIOS
A2: DEPARTAMENTO DEL HUILA
A4: OBJETO: “MEJORAMIENTO DE VÍAS TERCIARIAS MEDIANTE LA CONSTRUCCION DE PLACA HUELLA EN SITIOS CRITICOS DE LOS MUNICIPIOS DE GARZON, EL PITAL, EL AGRADO Y PAICOL DEPARTAMENTO DEL HUILA" | D4: ITEM: SUMINISTRO E INSTALACIÓN DE SOLADO DE LIMPIEZA EN CONCRETO NORMAL CLASE F- (F´C=140 KGF/CM2). PARA OBRAS DE ARTE. | I4: ITEM: SUMINISTRO E INSTALACIÓN DE SOLADO DE LIMPIEZA EN CONCRETO NORMAL CLASE F- (F´C=140 KGF/CM2).
C6: No. | D6: UNIDAD: | E6: m3
C7: 34 | D7: ITEM DE PAGO: | E7: 3.1
A8: I. EQUIPO
A9: Descripción | C9: Tipo | D9: Tarifa/Hora | E9: Rendimiento | F9: Valor-Unit.
A10: HERRAMINETA MENOR(%) | E10: 0.1 | F10: 3469.8875
F12: Sub-Total | G12: 3469.8875 | I12: 20
A13: II. MATERIALES
A14: Descripción | C14: Unidad | D14: Precio-Unit. | E14: Cantidad | F14: Valor-Unit.
A15: subproducto: concreto normal clase f- (f´c=140 kgf/cm2). | C15: M3 | D15: 364808 | E15: 1.05 | F15: 383048.4 | I15: ,48 m3 de concret
A16: agua curado | C16: LITRO | D16: 40 | E16: 50 | F16: 2000 | I16: 0.192
J17: 1 | K17: litro | L17: 0.001 | M17: m3
F18: Sub-Total | G18: 385048.4 | J18: 192 | L18: 0.192
A19: III. TRANSPORTES
A20: Material | B20: Vol-peso ó Cant. | C20: Distancia | D20: Und.-Km | E20: Tarifa | F20: Valor-Unit.
A21: TRANSPORTE MATERIAL PETREO. | B21: 1.47 | C21: 79.24 | D21: 116.4828 | E21: 1233.33 | F21: 143661.73
F22: 0
F23: Sub-Total | G23: 143661.73
A24: IV. MANO DE OBRA
A25: Trabajador | B25: Jornal | C25: Prestaciones | D25: Jornal Total | E25: Rendimiento | F25: Valor-Unit.
A26: CUADRILLA (3 obreros+1 oficial). | B26: 150049.19 | C26: 185 | D26: 277591 | E26: 8 | F26: 34698.875 | H26: C31 | I26: 600
F27: Sub-Total | G27: 34698.875
D29: Total Costo Directo | G29: 566879
C32: DESCRIPCION | F32: PORCENTAGE | G32: VR TOTAL
C33: ADMINISTRACION | F33: 0.23 | G33: 130382.17
C34: IMPREVISTOS | F34: 0.02 | G34: 11337.58
C35: UTILIDAD | F35: 0.05 | G35: 28343.95
C36: PRECIO UNITARIO TOTAL APROXIMADO AL PESO | G36: 736943
A39: ELABORO: PABLO CESAR ARRIETA RAMIREZ
A40: Apoyo Secretaria de Vias Departamental
A43: FECHA: Agosto de 2022

Sheet 35
A1: PROYECTO PLACA HUELLA MUNICIPIO DE EL AGRADO | C1: ANÁLISIS DE PRECIOS UNITARIOS
A2: DEPARTAMENTO DEL HUILA
A4: OBJETO: “MEJORAMIENTO DE VÍAS TERCIARIAS MEDIANTE LA CONSTRUCCION DE PLACA HUELLA EN SITIOS CRITICOS DE LOS MUNICIPIOS DE GARZON, EL PITAL, EL AGRADO Y PAICOL DEPARTAMENTO DEL HUILA" | D4: ITEM: SUMINISTRO E INSTALACIÓN DE CONCRETO NORMAL CLASE D- (F´C=210 KGF/CM2). PARA CONSTRUCCION DE ENCOLES, DESCOLES Y PLACAS DE SOBREPISO DE ALCANTARILLAS. | I4: ITEM: SUMINISTRO E INSTALACIÓN DE CONCRETO NORMAL CLASE D- (F´C=210 KGF/CM2). PARA CONSTRUCCION DE ENCOLES, DESCOLES Y PLACAS DE SOBREPISO DE ALCANTARILLAS.
C6: No. | D6: UNIDAD: | E6: m3
C7: 35 | D7: ITEM DE PAGO: | E7: 3.2
A8: I. EQUIPO
A9: Descripción | C9: Tipo | D9: Tarifa/Hora | E9: Rendimiento | F9: Valor-Unit.
A10: HERRAMIENTA MENOR | E10: 0.05 | F10: 1982.7929
A11: Vibrador de concreto, Motor de 3 hp a 18.000 rpm Mangueras de 4 mt | D11: 6000 | E11: 3 | F11: 2000
F12: Sub-Total | G12: 3982.7929
A13: II. MATERIALES
A14: Descripción | C14: Unidad | D14: Precio-Unit. | E14: Cantidad | F14: Valor-Unit.
A15: SUBPRODUCTO: CONCRETO NORMAL CLASE D- (F´C=210 KGF/CM2). | C15: M3 | D15: 419250 | E15: 1.05 | F15: 440212.5
A16: Antisol Blanco | C16: Kg | D16: 7000 | E16: 1.3 | F16: 9100
A17: Formaleta (gaviones, juntas de bordillos, juntas de cunetas, muros, concretos clase D,E, F y G) | C17: m2 | D17: 4722.55 | E17: 4.6 | F17: 21723.73
F21: Sub-Total | G21: 471036.23 | I21: 47103.623
A22: III. TRANSPORTES
A23: Material | B23: Vol-peso ó Cant. | C23: Distancia | D23: Und.-Km | E23: Tarifa | F23: Valor-Unit.
A24: TRANSPORTE MATERIAL PETREO. | B24: 1.5 | C24: 67.82 | D24: 101.73 | E24: 1233.33 | F24: 125466.66
F26: Sub-Total | G26: 125466.66
A27: IV. MANO DE OBRA
A28: Trabajador | B28: Jornal | C28: Prestaciones | D28: Jornal Total | E28: Rendimiento | F28: Valor-Unit.
A29: CUADRILLA (3 obreros+1 oficial). | B29: 150049.19 | C29: 185 | D29: 277591 | E29: 7 | F29: 39655.858 | H29: C31
F30: Sub-Total | G30: 39655.858
D32: Total Costo Directo | G32: 640142
C35: DESCRIPCION | F35: PORCENTAGE | G35: VR TOTAL
C36: ADMINISTRACION | F36: 0.23 | G36: 147232.66
C37: IMPREVISTOS | F37: 0.02 | G37: 12802.84
C38: UTILIDAD | F38: 0.05 | G38: 32007.1
C39: PRECIO UNITARIO TOTAL APROXIMADO AL PESO | G39: 832185
A42: ELABORO: PABLO CESAR ARRIETA RAMIREZ
A43: Apoyo Secretaria de Vias Departamental
A46: FECHA: Agosto de 2022

Sheet 36
A1: PROYECTO PLACA HUELLA MUNICIPIO DE EL AGRADO | C1: ANÁLISIS DE PRECIOS UNITARIOS
A2: DEPARTAMENTO DEL HUILA
A4: OBJETO: “MEJORAMIENTO DE VÍAS TERCIARIAS MEDIANTE LA CONSTRUCCION DE PLACA HUELLA EN SITIOS CRITICOS DE LOS MUNICIPIOS DE GARZON, EL PITAL, EL AGRADO Y PAICOL DEPARTAMENTO DEL HUILA" | D4: ITEM: SUMINISTRO E INTALACION DE TUBERIA EN CONCRETO F=36", L=1M. ESP. 661-13 INV. | I4: ITEM: SUMINISTRO E INTALACION DE TUBERIA EN CONCRETO F=36", L=1M. ESP. 661-13 INV.
C6: No. | D6: UNIDAD: | E6: m
C7: 36 | D7: ITEM DE PAGO: | E7: 3.3
A8: I. EQUIPO
A9: Descripción | C9: Tipo | D9: Tarifa/Hora | E9: Rendimiento | F9: Valor-Unit.
A10: HERRAMIENTA MENOR | E10: 0.1 | F10: 1156.6292
A11: RETROEXCAVADORA DE LLANTAS | D11: 113000 | E11: 3 | F11: 37666.667
F13: Sub-Total | G13: 38823.296
A14: II. MATERIALES
A15: Descripción | C15: Unidad | D15: Precio-Unit. | E15: Cantidad | F15: Valor-Unit.
A16: TUBO EN CONCRETO REFORZADO 36" EN CONCRETO F'c=28 Mpa. Especificación AASHTO M-170M y NTC 401. | C16: ML | D16: 280000 | E16: 1 | F16: 280000
A17: SUBPRODUCTO: CONCRETO NORMAL CLASE F - ( F'C=140 KGF/CM2). PARA ATRAQUE. | C17: M3 | D17: 364808 | E17: 0.06 | F17: 21888.48
A18: SUBPRODUCTO : MORTERO RELACION 1:3.PARA JUNTAS. | C18: M3 | D18: 399568 | E18: 0.06 | F18: 23974.08
F19: Sub-Total | G19: 325862.56
A20: III. TRANSPORTES
A21: Material | B21: Vol-peso ó Cant. | C21: Distancia | D21: Und.-Km | E21: Tarifa | F21: Valor-Unit.
A22: Transporte de tubo | B22: 825 | C22: 13.64 | D22: 11253 | E22: 2 | F22: 22506
A23: TRANSPORTE MATERIAL PETREO. | B23: 0.12 | C23: 67.82 | D23: 8.1384 | E23: 1233.33 | F23: 10037.333
F24: Sub-Total | G24: 32543.333
A25: IV. MANO DE OBRA
A26: Trabajador | B26: Jornal | C26: Prestaciones | D26: Jornal Total | E26: Rendimiento | F26: Valor-Unit.
A27: CUADRILLA (3 obreros+1 oficial). | B27: 150049.19 | C27: 185 | D27: 277591 | E27: 24 | F27: 11566.292 | H27: C31
F28: Sub-Total | G28: 11566.292
D30: Total Costo Directo | G30: 408795
C33: DESCRIPCION | F33: PORCENTAGE | G33: VR TOTAL
C34: ADMINISTRACION | F34: 0.23 | G34: 94022.85
C35: IMPREVISTOS | F35: 0.02 | G35: 8175.9
C36: UTILIDAD | F36: 0.05 | G36: 20439.75
C37: PRECIO UNITARIO TOTAL APROXIMADO AL PESO | G37: 531434
A40: ELABORO: PABLO CESAR ARRIETA RAMIREZ
A41: Apoyo Secretaria de Vias Departamental
A44: FECHA: Agosto de 2022

Sheet 37
A1: PROYECTO PLACA HUELLA MUNICIPIO DE EL AGRADO | C1: ANÁLISIS DE PRECIOS UNITARIOS
A2: DEPARTAMENTO DEL HUILA
A4: OBJETO: “MEJORAMIENTO DE VÍAS TERCIARIAS MEDIANTE LA CONSTRUCCION DE PLACA HUELLA EN SITIOS CRITICOS DE LOS MUNICIPIOS DE GARZON, EL PITAL, EL AGRADO Y PAICOL DEPARTAMENTO DEL HUILA" | D4: ITEM: ACERO DE REFUERZO 4.200 KG/CM² (60.000 PSI) ESP.640-13 INV. PARA ALCANTARILLA, BOX, MUROS. | I4: ITEM: ACERO DE REFUERZO 4.200 KG/CM² (60.000 PSI) ESP.640-13 INV. PARA ALCANTARILLA, BOX, MUROS.
C6: No. | D6: UNIDAD: | E6: Kg
C7: 37 | D7: ITEM DE PAGO: | E7: 3.4
A8: I. EQUIPO
A9: Descripción | C9: Tipo | D9: Tarifa/Hora | E9: Rendimiento | F9: Valor-Unit.
A10: HERRAMIENTA MENOR | E10: 0.05 | F10: 43.1786
F11: Sub-Total | G11: 43.1786
A12: II. MATERIALES
A13: Descripción | C13: Unidad | D13: Precio-Unit. | E13: Cantidad | F13: Valor-Unit.
A14: ACERO DE REFUERZO | C14: KG | D14: 5200 | E14: 1.05 | F14: 5460
A15: ALAMBRE NEGRO No. 18 | C15: Kg | D15: 7400 | E15: 0.0105 | F15: 77.7
F16: Sub-Total | G16: 5537.7
A17: III. TRANSPORTES
A18: Material | B18: Vol-peso ó Cant. | C18: Distancia | D18: Und.-Km | E18: Tarifa | F18: Valor-Unit.
A19: Transporte del acero desde el casco urbano | B19: 1.05 | C19: 13.64 | D19: 14.322 | E19: 2 | F19: 28.644
F20: 0
F21: Sub-Total | G21: 28.644
A22: IV. MANO DE OBRA
A23: Trabajador | B23: Jornal | C23: Prestaciones | D23: Jornal Total | E23: Rendimiento | F23: Valor-Unit.
A24: CUADRILLA (2 obreros+1 oficial). | B24: 116698.92 | C24: 185 | D24: 215893 | E24: 250 | F24: 863.57201 | H24: C21
F25: Sub-Total | G25: 863.57201
D27: Total Costo Directo | G27: 6473
C30: DESCRIPCION | F30: PORCENTAGE | G30: VR TOTAL
C31: ADMINISTRACION | F31: 0.23 | G31: 1488.79
C32: IMPREVISTOS | F32: 0.02 | G32: 129.46
C33: UTILIDAD | F33: 0.05 | G33: 323.65
C34: PRECIO UNITARIO TOTAL APROXIMADO AL PESO | G34: 8415
A37: ELABORO: PABLO CESAR ARRIETA RAMIREZ
A38: Apoyo Secretaria de Vias Departamental
A41: FECHA: Agosto de 2022

Sheet 38
A1: PROYECTO PLACA HUELLA MUNICIPIO DE EL AGRADO | C1: ANÁLISIS DE PRECIOS UNITARIOS
A2: DEPARTAMENTO DEL HUILA
A4: OBJETO: “MEJORAMIENTO DE VÍAS TERCIARIAS MEDIANTE LA CONSTRUCCION DE PLACA HUELLA EN SITIOS CRITICOS DE LOS MUNICIPIOS DE GARZON, EL PITAL, EL AGRADO Y PAICOL DEPARTAMENTO DEL HUILA" | D4: ITEM: SUMINISTRO E INSTALACION MATERIAL GRANULAR FILTRANTE. ESP. 673-13 INV. | I4: ITEM: SUMINISTRO E INSTALACION MATERIAL GRANULAR FILTRANTE. ESP. 673-13 INV.
C6: No. | D6: UNIDAD: | E6: m3
C7: 38 | D7: ITEM DE PAGO: | E7: 3.5
A8: I. EQUIPO
A9: Descripción | C9: Tipo | D9: Tarifa/Hora | E9: Rendimiento | F9: Valor-Unit.
A10: HERRAMIENTA MENOR | E10: 0.1 | F10: 555.18201
F12: Sub-Total | G12: 555.18201
A13: II. MATERIALES | J13: A | K13: H | L13: L | M13: M3
A14: Descripción | C14: Unidad | D14: Precio-Unit. | E14: Cantidad | F14: Valor-Unit. | J14: 0.4 | K14: 0.6 | L14: 4 | M14: 0.96
A15: GEOTEXTIL N.T. 2500 Ó SIMILAR.ESP. 673-13 INV. | C15: M2 | D15: 5100 | E15: 8 | F15: 40800
A16: TUBERIA PERFORADA 4" | C16: m | D16: 2174.4203 | E16: 4 | F16: 8697.681 | K16: 2 | L16: 8
A17: MATERIAL GRANULAR DRENANTE ENTRE 3" Y 3/4" | C17: M3 | D17: 95200 | E17: 1 | F17: 95200
F18: Sub-Total | G18: 144697.68
A19: III. TRANSPORTES
A20: Material | B20: Vol-peso ó Cant. | C20: Distancia | D20: Und.-Km | E20: Tarifa | F20: Valor-Unit.
A21: TRANSPORTE MATERIAL GRANULAR | B21: 1 | C21: 79.24 | D21: 79.24 | E21: 1233.33 | F21: 97729.069
F22: 0
F23: Sub-Total | G23: 97729.069 | I23: QUEDO CON EL TRANSPORTE
A24: IV. MANO DE OBRA
A25: Trabajador | B25: Jornal | C25: Prestaciones | D25: Jornal Total | E25: Rendimiento | F25: Valor-Unit.
A26: CUADRILLA (3 obreros+1 oficial). | B26: 150049.19 | C26: 185 | D26: 277591 | E26: 50 | F26: 5551.8201 | H26: C31
F27: Sub-Total | G27: 5551.8201
J28: 16034
D29: Total Costo Directo | G29: 248534 | I29: 160924 | J29: -87610
C32: DESCRIPCION | F32: PORCENTAGE | G32: VR TOTAL
C33: ADMINISTRACION | F33: 0.23 | G33: 57162.82
C34: IMPREVISTOS | F34: 0.02 | G34: 4970.68
C35: UTILIDAD | F35: 0.05 | G35: 12426.7
C36: PRECIO UNITARIO TOTAL APROXIMADO AL PESO | G36: 323094
A39: ELABORO: PABLO CESAR ARRIETA RAMIREZ
A40: Apoyo Secretaria de Vias Departamental
A43: FECHA: Agosto de 2022

Sheet 39
A1: PROYECTO PLACA HUELLA MUNICIPIO DE EL AGRADO | C1: ANÁLISIS DE PRECIOS UNITARIOS
A2: DEPARTAMENTO DEL HUILA
A4: OBJETO: “MEJORAMIENTO DE VÍAS TERCIARIAS MEDIANTE LA CONSTRUCCION DE PLACA HUELLA EN SITIOS CRITICOS DE LOS MUNICIPIOS DE GARZON, EL PITAL, EL AGRADO Y PAICOL DEPARTAMENTO DEL HUILA" | D4: ITEM: TERRAPLEN / MEJORAMIENTO CONFORMADO CON MATERIAL SELECCIONADO. ESP. 220.1-13 INV. | I4: ITEM: RELLENOS CONFORMADO CON MATERIAL SELECCIONADO. ESP. 220.1-13 INV.
C6: No. | D6: UNIDAD: | E6: m3
C7: 39 | D7: ITEM DE PAGO: | E7: 3.6
A8: I. EQUIPO
A9: Descripción | C9: Tipo | D9: Tarifa/Hora | E9: Rendimiento | F9: Valor-Unit.
A10: HERRAMIENTA MENOR | E10: 0.05 | F10: 107.9465
A11: Vibrocompatador, potencia 153 HP, peso 10 Ton. | D11: 121000 | E11: 50 | F11: 2420 | J11: 121975 | K11: 50 | M11: 2439.5
A12: Motoniveladora potencia 215 HP, ancho de cuchilla 4,27 m, peso 18 ton. | D12: 166000 | E12: 50 | F12: 3320
A13: Carrotanque de agua(1000 Galones) | D13: 116000 | E13: 50 | F13: 2320
F14: Sub-Total | G14: 8167.9465
A15: II. MATERIALES
A16: Descripción | C16: Unidad | D16: Precio-Unit. | E16: Cantidad | F16: Valor-Unit.
A17: MATERIAL GRANULAR CLASIFICADO COMO SELECCIONADO. ESP. 220-13 INV. | C17: M3 | D17: 29750 | E17: 1.3 | F17: 38675
A18: Agua | C18: Lt | D18: 40 | E18: 25 | F18: 1000
F23: Sub-Total | G23: 39675
A24: III. TRANSPORTES
A25: Material | B25: Vol-peso ó Cant. | C25: Distancia | D25: Und.-Km | E25: Tarifa | F25: Valor-Unit.
A26: TRANSPORTE MATERIAL PÉTREO. ACARREO | B26: 1.3 | C26: 79.24 | D26: 103.012 | E26: 1233.33 | F26: 127047.79
F27: 0
F28: Sub-Total | G28: 127047.79
A29: IV. MANO DE OBRA
A30: Trabajador | B30: Jornal | C30: Prestaciones | D30: Jornal Total | E30: Rendimiento | F30: Valor-Unit.
A31: CUADRILLA (2 obreros+1 oficial). | B31: 116698.92 | C31: 185 | D31: 215893 | E31: 100 | F31: 2158.93 | H31: C21
F32: Sub-Total | G32: 2158.93
D34: Total Costo Directo | G34: 177050
C37: DESCRIPCION | F37: PORCENTAGE | G37: VR TOTAL
C38: ADMINISTRACION | F38: 0.23 | G38: 40721.5
C39: IMPREVISTOS | F39: 0.02 | G39: 3541
C40: UTILIDAD | F40: 0.05 | G40: 8852.5
C41: PRECIO UNITARIO TOTAL APROXIMADO AL PESO | G41: 230165
A44: ELABORO: PABLO CESAR ARRIETA RAMIREZ
A45: Apoyo Secretaria de Vias Departamental
A48: FECHA: Agosto de 2022

Sheet 40
A1: PROYECTO PLACA HUELLA MUNICIPIO DE PAICOL | C1: ANÁLISIS DE PRECIOS UNITARIOS
A2: DEPARTAMENTO DEL HUILA
A4: OBJETO: “MEJORAMIENTO DE VÍAS TERCIARIAS MEDIANTE LA CONSTRUCCION DE PLACA HUELLA EN SITIOS CRITICOS DE LOS MUNICIPIOS DE GARZON, EL PITAL, EL AGRADO Y PAICOL DEPARTAMENTO DEL HUILA" | D4: ITEM: LOCALIZACIÓN Y REPLANTEO. | I4: ITEM: LOCALIZACIÓN Y REPLANTEO.
C6: No. | D6: UNIDAD: | E6: m
C7: 40 | D7: ITEM DE PAGO: | E7: 1.1
A8: I. EQUIPO
A9: Descripción | C9: Tipo | D9: Tarifa/Hora | E9: Rendimiento | F9: Valor-Unit.
A10: HERRAMIENTA MENOR | E10: 0.1 | F10: 154.2
F13: Sub-Total | G13: 154
A14: II. MATERIALES
A15: Descripción | C15: Unidad | D15: Precio-Unit. | E15: Cantidad | F15: Valor-Unit.
A16: ALAMBRE NEGRO No. 18 | C16: Kg | D16: 7400 | E16: 0.01 | F16: 74
A17: DURMIENTE ORDINARIO 4*4 CM | C17: m | D17: 3000 | E17: 0.5 | F17: 1500
A18: PUNTILLA DE 1" | C18: lb | D18: 2600 | E18: 0.01 | F18: 26
F19: Sub-Total | G19: 1600
A20: III. TRANSPORTES
A21: Material | B21: Vol-peso ó Cant. | C21: Distancia | D21: Und.-Km | E21: Tarifa | F21: Valor-Unit.
C22: 0 | D22: 0 | F22: 0
F23: 0
F24: Sub-Total | G24: 0
A25: IV. MANO DE OBRA
A26: Trabajador | B26: Jornal | C26: Prestaciones | D26: Jornal Total | E26: Rendimiento | F26: Valor-Unit.
A27: CUADRILLA (2 obreros+1 oficial). | B27: 116698.92 | C27: 185 | D27: 215893 | E27: 140 | F27: 1542.0929 | H27: C21
F28: Sub-Total | G28: 1542
D30: Total Costo Directo | G30: 3296
D33: DESCRIPCION | F33: PORCENTAGE | G33: VR TOTAL
D34: ADMINISTRACION | F34: 0.23 | G34: 758.08
D35: IMPREVISTOS | F35: 0.02 | G35: 65.92
D36: UTILIDAD | F36: 0.05 | G36: 164.8
D37: PRECIO UNITARIO TOTAL APROXIMADO AL PESO | G37: 4285
A40: ELABORO: PABLO CESAR ARRIETA RAMIREZ
A41: Apoyo Secretaria de Vias Departamental
A44: FECHA: Agosto de 2022

Sheet 41
A1: PROYECTO PLACA HUELLA MUNICIPIO DE PAICOL | C1: ANÁLISIS DE PRECIOS UNITARIOS
A2: DEPARTAMENTO DEL HUILA
A4: OBJETO: “MEJORAMIENTO DE VÍAS TERCIARIAS MEDIANTE LA CONSTRUCCION DE PLACA HUELLA EN SITIOS CRITICOS DE LOS MUNICIPIOS DE GARZON, EL PITAL, EL AGRADO Y PAICOL DEPARTAMENTO DEL HUILA" | D4: ITEM: EXCAVACIÓN MECÁNICA (EXPLANACIÓN). ESP. 210-13 INV. INCLUYE RETIRO DE MATERIAL PROVENIENTE DE LA EXCAVACIÓN A DISPOSICIÓN FINAL DEL MISMO. | I4: ITEM: EXCAVACIÓN MECÁNICA (EXPLANACIÓN). ESP. 210-13 INV. INCLUYE RETIRO DE MATERIAL PROVENIENTE DE LA EXCAVACIÓN A DISPOSICIÓN FINAL DEL MISMO.
C6: No. | D6: UNIDAD: | E6: m3
C7: 41 | D7: ITEM DE PAGO: | E7: 2.1
A8: I. EQUIPO
A9: Descripción | C9: Tipo | D9: Tarifa/Hora | E9: Rendimiento | F9: Valor-Unit.
A10: HERRAMIENTA MENOR | E10: 0.01 | F10: 8.566389
A11: Retroexcavadora sobre oruga, potencia 138 HP, balde de 1,5 m3. | D11: 168000 | E11: 35 | F11: 4800
F14: Sub-Total | G14: 4808.5664
A15: II. MATERIALES
A16: Descripción | C16: Unidad | D16: Precio-Unit. | E16: Cantidad | F16: Valor-Unit.
A17: Derechos de explotación y/o disposición de materiales | C17: M3 | D17: 6667 | E17: 1.3 | F17: 8667.1
F19: Sub-Total | G19: 8667.1
A20: III. TRANSPORTES
A21: Material | B21: Vol-peso ó Cant. | C21: Distancia | D21: Und.-Km | E21: Tarifa | F21: Valor-Unit.
A22: TRANSPORTE DE MATERIAL SOBRANTES PROVENIENTE DE LA EXCAVACIÓN | B22: 1.3 | C22: 5 | D22: 6.5 | E22: 1233.33 | F22: 8016.645
F24: Sub-Total | G24: 8016.645
A25: IV. MANO DE OBRA
A26: Trabajador | B26: Jornal | C26: Prestaciones | D26: Jornal Total | E26: Rendimiento | F26: Valor-Unit.
A27: CUADRILLA (1 obrero+1 oficial). | B27: 83348.65 | C27: 185 | D27: 154195 | E27: 180 | F27: 856.6389 | H27: C11
F28: Sub-Total | G28: 856.6389
D30: Total Costo Directo | G30: 22349
C33: DESCRIPCION | F33: PORCENTAGE | G33: VR TOTAL
C34: ADMINISTRACION | F34: 0.23 | G34: 5140.27
C35: IMPREVISTOS | F35: 0.02 | G35: 446.98
C36: UTILIDAD | F36: 0.05 | G36: 1117.45
C37: PRECIO UNITARIO TOTAL APROXIMADO AL PESO | G37: 29054
A40: ELABORO: PABLO CESAR ARRIETA RAMIREZ
A41: Apoyo Secretaria de Vias Departamental
A44: FECHA: Agosto de 2022

Sheet 42
A1: PROYECTO PLACA HUELLA MUNICIPIO DE PAICOL | C1: ANÁLISIS DE PRECIOS UNITARIOS
A2: DEPARTAMENTO DEL HUILA
A4: OBJETO: “MEJORAMIENTO DE VÍAS TERCIARIAS MEDIANTE LA CONSTRUCCION DE PLACA HUELLA EN SITIOS CRITICOS DE LOS MUNICIPIOS DE GARZON, EL PITAL, EL AGRADO Y PAICOL DEPARTAMENTO DEL HUILA" | D4: ITEM: EXCAVACION MANUAL EN MATERIAL SECO (INCLUYE TRANSPORTE A SITIO AUTORIZADO.) | I4: ITEM: EXCAVACION MANUAL EN MATERIAL SECO (INCLUYE TRANSPORTE A SITIO AUTORIZADO.)
C6: No. | D6: UNIDAD: | E6: m3
C7: 42 | D7: ITEM DE PAGO: | E7: 2.2
A8: I. EQUIPO
A9: Descripción | C9: Tipo | D9: Tarifa/Hora | E9: Rendimiento | F9: Valor-Unit.
A10: HERRAMIENTA MENOR | E10: 0.1 | F10: 1199.4056
F14: Sub-Total | G14: 1199.4056
A15: II. MATERIALES
A16: Descripción | C16: Unidad | D16: Precio-Unit. | E16: Cantidad | F16: Valor-Unit.
A18: Derechos de explotación y/o disposición de materiales | C18: M3 | D18: 6667 | E18: 1.3 | F18: 8667.1
F21: Sub-Total | G21: 8667.1
A22: III. TRANSPORTES
A23: Material | B23: Vol-peso ó Cant. | C23: Distancia | D23: Und.-Km | E23: Tarifa | F23: Valor-Unit.
A24: TRANSPORTE DE MATERIAL SOBRANTES PROVENIENTE DE LA EXCAVACIÓN | B24: 1.3 | C24: 5 | D24: 6.5 | E24: 1233.33 | F24: 8016.645
F26: Sub-Total | G26: 8016.645
A27: IV. MANO DE OBRA
A28: Trabajador | B28: Jornal | C28: Prestaciones | D28: Jornal Total | E28: Rendimiento | F28: Valor-Unit.
A29: CUADRILLA (2 obreros+1 oficial). | B29: 116698.92 | C29: 185 | D29: 215893 | E29: 18 | F29: 11994.056 | H29: C21
F30: Sub-Total | G30: 11994.056
D32: Total Costo Directo | G32: 29877
C35: DESCRIPCION | F35: PORCENTAGE | G35: VR TOTAL
C36: ADMINISTRACION | F36: 0.23 | G36: 6871.71
C37: IMPREVISTOS | F37: 0.02 | G37: 597.54
C38: UTILIDAD | F38: 0.05 | G38: 1493.85
C39: PRECIO UNITARIO TOTAL APROXIMADO AL PESO | G39: 38840
A42: ELABORO: PABLO CESAR ARRIETA RAMIREZ
A43: Apoyo Secretaria de Vias Departamental
A46: FECHA: Agosto de 2022

Sheet 43
A1: PROYECTO PLACA HUELLA MUNICIPIO DE PAICOL | C1: ANÁLISIS DE PRECIOS UNITARIOS
A2: DEPARTAMENTO DEL HUILA
A4: OBJETO: “MEJORAMIENTO DE VÍAS TERCIARIAS MEDIANTE LA CONSTRUCCION DE PLACA HUELLA EN SITIOS CRITICOS DE LOS MUNICIPIOS DE GARZON, EL PITAL, EL AGRADO Y PAICOL DEPARTAMENTO DEL HUILA" | D4: ITEM: SUMINISTRO, INSTALACION, EXTENDIDA, NIVELACION, HUMEDECIMIENTO O AIREACION Y COMPACTACION DE SUBBASE GRANULAR CBR ≥ 40%. ESP. 320-13 INV. | J4: ITEM: SUMINISTRO, INSTALACION, EXTENDIDA, NIVELACION, HUMEDECIMIENTO O AIREACION Y COMPACTACION DE SUBBASE GRANULAR CBR ≥ 40%. ESP. 320-13 INV.
C6: No. | D6: UNIDAD: | E6: m3
C7: 43 | D7: ITEM DE PAGO: | E7: 2.3
A8: I. EQUIPO
A9: Descripción | C9: Tipo | D9: Tarifa/Hora | E9: Rendimiento | F9: Valor-Unit.
A10: Motoniveladora potencia 215 HP, ancho de cuchilla 4,27 m, peso 18 ton. | D10: 166000 | E10: 45 | F10: 3688.8889
A11: Vibrocompatador, potencia 153 HP, peso 10 Ton. | D11: 121000 | E11: 45 | F11: 2688.8889
A12: Carrotanque de agua(1000 Galones) | D12: 116000 | E12: 45 | F12: 2577.7778
A13: HERRAMIENTA MENOR | E13: 0.01 | F13: 6.1683715
F14: Sub-Total | G14: 8961.7239
A15: II. MATERIALES
A16: Descripción | C16: Unidad | D16: Precio-Unit. | E16: Cantidad | F16: Valor-Unit.
A17: SUB-BASE GRANULAR CBR 40%-ESP. 320-13. INVIAS. | C17: M3 | D17: 55000 | E17: 1.3 | F17: 71500
A18: AGUA | C18: Lt | D18: 40 | E18: 24 | F18: 960
F19: Sub-Total | G19: 72460
A20: III. TRANSPORTES
A21: Material | B21: Vol-peso ó Cant. | C21: Distancia | D21: Und.-Km | E21: Tarifa | F21: Valor-Unit.
A22: TRANSPORTE MATERIAL PETREO. | B22: 1.3 | C22: 18.82 | D22: 24.466 | E22: 1233.33 | F22: 30174.652
F23: 0
F24: Sub-Total | G24: 30174.652
A25: IV. MANO DE OBRA
A26: Trabajador | B26: Jornal | C26: Prestaciones | D26: Jornal Total | E26: Rendimiento | F26: Valor-Unit.
A27: CUADRILLA (2 obreros+1 oficial). | B27: 116698.92 | C27: 185 | D27: 215893 | E27: 350 | F27: 616.83715 | H27: C21
F28: Sub-Total | G28: 616.83715
D30: Total Costo Directo | G30: 112213 | I30: 10099170
C33: DESCRIPCION | F33: PORCENTAGE | G33: VR TOTAL
C34: ADMINISTRACION | F34: 0.23 | G34: 25808.99
C35: IMPREVISTOS | F35: 0.02 | G35: 2244.26
C36: UTILIDAD | F36: 0.05 | G36: 5610.65
C37: PRECIO UNITARIO TOTAL APROXIMADO AL PESO | G37: 145877
A40: ELABORO: PABLO CESAR ARRIETA RAMIREZ
A41: Apoyo Secretaria de Vias Departamental
A44: FECHA: Agosto de 2022

Sheet 44
A1: PROYECTO PLACA HUELLA MUNICIPIO DE PAICOL | C1: ANÁLISIS DE PRECIOS UNITARIOS
A2: DEPARTAMENTO DEL HUILA
A4: OBJETO: “MEJORAMIENTO DE VÍAS TERCIARIAS MEDIANTE LA CONSTRUCCION DE PLACA HUELLA EN SITIOS CRITICOS DE LOS MUNICIPIOS DE GARZON, EL PITAL, EL AGRADO Y PAICOL DEPARTAMENTO DEL HUILA" | D4: ITEM: ACERO DE REFUERZO 4.200 KG/CM² (60.000 PSI) ESP.640-13 INV. PARA PLACAS, RIOSTRAS, CUNETAS, BORDILLOS Y DENTELLONES | I4: ITEM: ACERO DE REFUERZO 4.200 KG/CM² (60.000 PSI) ESP.640-13 INV. PARA PLACAS, RIOSTRAS, CUNETAS, BORDILLOS Y DENTELLONES
C6: No. | D6: UNIDAD: | E6: kg
C7: 44 | D7: ITEM DE PAGO: | E7: 2.4
A8: I. EQUIPO
A9: Descripción | C9: Tipo | D9: Tarifa/Hora | E9: Rendimiento | F9: Valor-Unit.
A10: HERRAMIENTA MENOR | E10: 0.05 | F10: 43.1786
F11: Sub-Total | G11: 43.1786
A12: II. MATERIALES
A13: Descripción | C13: Unidad | D13: Precio-Unit. | E13: Cantidad | F13: Valor-Unit.
A14: ACERO DE REFUERZO | C14: KG | D14: 5200 | E14: 1.05 | F14: 5460
A15: ALAMBRE NEGRO No. 18 | C15: Kg | D15: 7400 | E15: 0.0105 | F15: 77.7
F16: Sub-Total | G16: 5537.7
A17: III. TRANSPORTES
A18: Material | B18: Vol-peso ó Cant. | C18: Distancia | D18: Und.-Km | E18: Tarifa | F18: Valor-Unit.
A19: Transporte del acero desde el casco urbano | B19: 1.05 | C19: 7.92 | D19: 8.316 | E19: 2 | F19: 16.632
F20: 0
F21: Sub-Total | G21: 16.632 | K21: 6
A22: IV. MANO DE OBRA
A23: Trabajador | B23: Jornal | C23: Prestaciones | D23: Jornal Total | E23: Rendimiento | F23: Valor-Unit.
A24: CUADRILLA (2 obreros+1 oficial). | B24: 116698.92 | C24: 185 | D24: 215893 | E24: 250 | F24: 863.57201 | H24: C21
F25: Sub-Total | G25: 863.57201
D27: Total Costo Directo | G27: 6461
C30: DESCRIPCION | F30: PORCENTAGE | G30: VR TOTAL
C31: ADMINISTRACION | F31: 0.23 | G31: 1486.03
C32: IMPREVISTOS | F32: 0.02 | G32: 129.22 | I32: Diametro | J32: Long barra | K32: Peso por barra | L32: total | M32: precio kg
C33: UTILIDAD | F33: 0.05 | G33: 323.05 | I33: 1/2" | J33: 6 | K33: 1 | L33: 6 | M33: 5333.3333
C34: PRECIO UNITARIO TOTAL APROXIMADO AL PESO | G34: 8399 | I34: 3/8" | J34: 6 | K34: 0.56 | L34: 3.36 | M34: 5505.9524
I35: 5/8" | J35: 6 | K35: 1.55 | L35: 9.3 | M35: 5505.3763
L36: promedio | M36: 5448.2207
A37: ELABORO: PABLO CESAR ARRIETA RAMIREZ
A38: Apoyo Secretaria de Vias Departamental
A41: FECHA: Agosto de 2022

Sheet 45
A1: PROYECTO PLACA HUELLA MUNICIPIO DE PAICOL | C1: ANÁLISIS DE PRECIOS UNITARIOS
A2: DEPARTAMENTO DEL HUILA
A4: OBJETO: “MEJORAMIENTO DE VÍAS TERCIARIAS MEDIANTE LA CONSTRUCCION DE PLACA HUELLA EN SITIOS CRITICOS DE LOS MUNICIPIOS DE GARZON, EL PITAL, EL AGRADO Y PAICOL DEPARTAMENTO DEL HUILA" | D4: ITEM: SUMINISTRO E INSTALACIÓN DE CONCRETO NORMAL CLASE D - (F´C=210 KGF/CM2) O (3.000 PSI) PARA DENTELLONES- PLACAS - RIOSTRAS - CUNETAS - BORDILLO. | I4: ITEM: SUMINISTRO E INSTALACIÓN DE CONCRETO NORMAL CLASE D - (F´C=210 KGF/CM2) O (3.000 PSI) PARA DENTELLONES- PLACAS - RIOSTRAS - CUNETAS - BORDILLO.
C6: No. | D6: UNIDAD: | E6: m3
C7: 45 | D7: ITEM DE PAGO: | E7: 2.5
A8: I. EQUIPO
A9: Descripción | C9: Tipo | D9: Tarifa/Hora | E9: Rendimiento | F9: Valor-Unit.
A10: HERRAMIENTA MENOR | E10: 0.05 | F10: 1982.7929
A11: Vibrador de concreto, Motor de 3 hp a 18.000 rpm Mangueras de 4 mt | D11: 6000 | E11: 3 | F11: 2000
F12: Sub-Total | G12: 3982.7929
A13: II. MATERIALES
A14: Descripción | C14: Unidad | D14: Precio-Unit. | E14: Cantidad | F14: Valor-Unit.
A15: SUBPRODUCTO: CONCRETO NORMAL CLASE D- (F´C=210 KGF/CM2). | C15: M3 | D15: 419250 | E15: 1.05 | F15: 440212.5
A16: Antisol Blanco | C16: Kg | D16: 7000 | E16: 1.3 | F16: 9100
A17: Formaleta (gaviones, juntas de bordillos, juntas de cunetas, muros, concretos clase D,E, F y G) | C17: m2 | D17: 4722.55 | E17: 4.6 | F17: 21723.73
F21: Sub-Total | G21: 471036.23 | I21: 47103.623
A22: III. TRANSPORTES
A23: Material | B23: Vol-peso ó Cant. | C23: Distancia | D23: Und.-Km | E23: Tarifa | F23: Valor-Unit.
A24: TRANSPORTE MATERIAL PETREO. | B24: 1.5 | C24: 18.82 | D24: 28.23 | E24: 1233.33 | F24: 34816.906
F25: 0
F26: Sub-Total | G26: 34816.906
A27: IV. MANO DE OBRA
A28: Trabajador | B28: Jornal | C28: Prestaciones | D28: Jornal Total | E28: Rendimiento | F28: Valor-Unit.
A29: CUADRILLA (3 obreros+1 oficial). | B29: 150049.19 | C29: 185 | D29: 277591 | E29: 7 | F29: 39655.858 | H29: C31
F30: Sub-Total | G30: 39655.858
D32: Total Costo Directo | G32: 549492
C35: DESCRIPCION | F35: PORCENTAGE | G35: VR TOTAL
C36: ADMINISTRACION | F36: 0.23 | G36: 126383.16
C37: IMPREVISTOS | F37: 0.02 | G37: 10989.84
C38: UTILIDAD | F38: 0.05 | G38: 27474.6
C39: PRECIO UNITARIO TOTAL APROXIMADO AL PESO | G39: 714340
A42: ELABORO: PABLO CESAR ARRIETA RAMIREZ
A43: Apoyo Secretaria de Vias Departamental
A46: FECHA: Agosto de 2022

Sheet 46
A1: PROYECTO PLACA HUELLA MUNICIPIO DE PAICOL | C1: ANÁLISIS DE PRECIOS UNITARIOS
A2: DEPARTAMENTO DEL HUILA
A4: OBJETO: “MEJORAMIENTO DE VÍAS TERCIARIAS MEDIANTE LA CONSTRUCCION DE PLACA HUELLA EN SITIOS CRITICOS DE LOS MUNICIPIOS DE GARZON, EL PITAL, EL AGRADO Y PAICOL DEPARTAMENTO DEL HUILA" | D4: ITEM: SUMINISTRO E INSTALACIÓN DE CONCRETO CICLÓPEO DE 210 KG/CM² (3.000 PSI) ESPESOR 0,15 M.60% CONCRETO NORMAL DE 210 KG/CM² (3.000 PSI) , 40% PIEDRA ESP. 630-13 INV. PARA HUELLAS. | I4: ITEM: SUMINISTRO E INSTALACIÓN DE CONCRETO CICLÓPEO DE 210 KG/CM² (3.000 PSI) ESPESOR 0,15 M.60% CONCRETO NORMAL DE 210 KG/CM² (3.000 PSI) , 40% PIEDRA ESP. 630-13 INV.
C6: No. | D6: UNIDAD: | E6: m3
C7: 46 | D7: ITEM DE PAGO: | E7: 2.6
A8: I. EQUIPO
A9: Descripción | C9: Tipo | D9: Tarifa/Hora | E9: Rendimiento | F9: Valor-Unit.
A10: HERRAMIENTA MENOR | E10: 0.1 | F10: 3965.5858
F12: Sub-Total | G12: 3965.5858
A13: II. MATERIALES
A14: Descripción | C14: Unidad | D14: Precio-Unit. | E14: Cantidad | F14: Valor-Unit.
A15: SUBPRODUCTO: CONCRETO NORMAL CLASE D- (F´C=210 KGF/CM2). | C15: M3 | D15: 419250 | E15: 0.6 | F15: 251550
A16: PIEDRA ZONGA Y/O MEDIA ZONGA (6-10)PULG. | C16: M3 | D16: 80000 | E16: 0.4 | F16: 32000
A17: Formaleta (gaviones, juntas de bordillos, juntas de cunetas, muros, concretos clase D,E, F y G) | C17: m2 | D17: 4722.55 | E17: 2 | F17: 9445.1
A18: Agua para curado | C18: Kg | D18: 40 | E18: 100 | F18: 4000
F19: Sub-Total | G19: 296995.1
A20: III. TRANSPORTES
A21: Material | B21: Vol-peso ó Cant. | C21: Distancia | D21: Und.-Km | E21: Tarifa | F21: Valor-Unit.
A22: TRANSPORTE MATERIAL PIEDRA ZONGA Y/O MEDIA ZONGA. | B22: 0.4 | C22: 18.82 | D22: 7.528 | E22: 1233.33 | F22: 9284.5082
A23: TRANSPORTE MATERIAL PETREO. | B23: 0.9 | C23: 18.82 | D23: 16.938 | E23: 1233.33 | F23: 20890.144
F24: Sub-Total | G24: 30174.652
A25: IV. MANO DE OBRA
A26: Trabajador | B26: Jornal | C26: Prestaciones | D26: Jornal Total | E26: Rendimiento | F26: Valor-Unit.
A27: CUADRILLA (3 obreros+1 oficial). | B27: 150049.19 | C27: 185 | D27: 277591 | E27: 7 | F27: 39655.858 | H27: C31
F28: Sub-Total | G28: 39655.858
D30: Total Costo Directo | G30: 370791
C33: DESCRIPCION | F33: PORCENTAGE | G33: VR TOTAL
C34: ADMINISTRACION | F34: 0.23 | G34: 85281.93
C35: IMPREVISTOS | F35: 0.02 | G35: 7415.82
C36: UTILIDAD | F36: 0.05 | G36: 18539.55
C37: PRECIO UNITARIO TOTAL APROXIMADO AL PESO | G37: 482028
A40: ELABORO: PABLO CESAR ARRIETA RAMIREZ
A41: Apoyo Secretaria de Vias Departamental
A44: FECHA: Agosto de 2022

Sheet 47
A1: PROYECTO PLACA HUELLA MUNICIPIO DE PAICOL | C1: ANÁLISIS DE PRECIOS UNITARIOS
A2: DEPARTAMENTO DEL HUILA
A4: OBJETO: “MEJORAMIENTO DE VÍAS TERCIARIAS MEDIANTE LA CONSTRUCCION DE PLACA HUELLA EN SITIOS CRITICOS DE LOS MUNICIPIOS DE GARZON, EL PITAL, EL AGRADO Y PAICOL DEPARTAMENTO DEL HUILA" | D4: ITEM: SUMINISTRO E INSTALACIÓN DE SOLADO DE LIMPIEZA EN CONCRETO NORMAL CLASE F- (F´C=140 KGF/CM2). PARA OBRAS DE ARTE. | I4: ITEM: SUMINISTRO E INSTALACIÓN DE SOLADO DE LIMPIEZA EN CONCRETO NORMAL CLASE F- (F´C=140 KGF/CM2).
C6: No. | D6: UNIDAD: | E6: m3
C7: 47 | D7: ITEM DE PAGO: | E7: 3.1
A8: I. EQUIPO
A9: Descripción | C9: Tipo | D9: Tarifa/Hora | E9: Rendimiento | F9: Valor-Unit.
A10: HERRAMINETA MENOR(%) | E10: 0.1 | F10: 3469.8875
F12: Sub-Total | G12: 3469.8875 | I12: 20
A13: II. MATERIALES
A14: Descripción | C14: Unidad | D14: Precio-Unit. | E14: Cantidad | F14: Valor-Unit.
A15: subproducto: concreto normal clase f- (f´c=140 kgf/cm2). | C15: M3 | D15: 364808 | E15: 1.05 | F15: 383048.4 | I15: ,48 m3 de concret
A16: agua curado | C16: LITRO | D16: 40 | E16: 50 | F16: 2000 | I16: 0.192
J17: 1 | K17: litro | L17: 0.001 | M17: m3
F18: Sub-Total | G18: 385048.4 | J18: 192 | L18: 0.192
A19: III. TRANSPORTES
A20: Material | B20: Vol-peso ó Cant. | C20: Distancia | D20: Und.-Km | E20: Tarifa | F20: Valor-Unit.
A21: TRANSPORTE MATERIAL PETREO. | B21: 1.47 | C21: 18.82 | D21: 27.6654 | E21: 1233.33 | F21: 34120.568
F22: 0
F23: Sub-Total | G23: 34120.568
A24: IV. MANO DE OBRA
A25: Trabajador | B25: Jornal | C25: Prestaciones | D25: Jornal Total | E25: Rendimiento | F25: Valor-Unit.
A26: CUADRILLA (3 obreros+1 oficial). | B26: 150049.19 | C26: 185 | D26: 277591 | E26: 8 | F26: 34698.875 | H26: C31 | I26: 600
F27: Sub-Total | G27: 34698.875
D29: Total Costo Directo | G29: 457338
C32: DESCRIPCION | F32: PORCENTAGE | G32: VR TOTAL
C33: ADMINISTRACION | F33: 0.23 | G33: 105187.74
C34: IMPREVISTOS | F34: 0.02 | G34: 9146.76
C35: UTILIDAD | F35: 0.05 | G35: 22866.9
C36: PRECIO UNITARIO TOTAL APROXIMADO AL PESO | G36: 594539
A39: ELABORO: PABLO CESAR ARRIETA RAMIREZ
A40: Apoyo Secretaria de Vias Departamental
A43: FECHA: Agosto de 2022

Sheet 48
A1: PROYECTO PLACA HUELLA MUNICIPIO DE PAICOL | C1: ANÁLISIS DE PRECIOS UNITARIOS
A2: DEPARTAMENTO DEL HUILA
A4: OBJETO: “MEJORAMIENTO DE VÍAS TERCIARIAS MEDIANTE LA CONSTRUCCION DE PLACA HUELLA EN SITIOS CRITICOS DE LOS MUNICIPIOS DE GARZON, EL PITAL, EL AGRADO Y PAICOL DEPARTAMENTO DEL HUILA" | D4: ITEM: SUMINISTRO E INSTALACIÓN DE CONCRETO NORMAL CLASE D- (F´C=210 KGF/CM2). PARA CONSTRUCCION DE ENCOLES, DESCOLES Y PLACAS DE SOBREPISO DE ALCANTARILLAS. | I4: ITEM: SUMINISTRO E INSTALACIÓN DE CONCRETO NORMAL CLASE D- (F´C=210 KGF/CM2). PARA CONSTRUCCION DE ENCOLES, DESCOLES Y PLACAS DE SOBREPISO DE ALCANTARILLAS.
C6: No. | D6: UNIDAD: | E6: m3
C7: 48 | D7: ITEM DE PAGO: | E7: 3.2
A8: I. EQUIPO
A9: Descripción | C9: Tipo | D9: Tarifa/Hora | E9: Rendimiento | F9: Valor-Unit.
A10: HERRAMIENTA MENOR | E10: 0.05 | F10: 1982.7929
A11: Vibrador de concreto, Motor de 3 hp a 18.000 rpm Mangueras de 4 mt | D11: 6000 | E11: 3 | F11: 2000
F12: Sub-Total | G12: 3982.7929
A13: II. MATERIALES
A14: Descripción | C14: Unidad | D14: Precio-Unit. | E14: Cantidad | F14: Valor-Unit.
A15: SUBPRODUCTO: CONCRETO NORMAL CLASE D- (F´C=210 KGF/CM2). | C15: M3 | D15: 419250 | E15: 1.05 | F15: 440212.5
A16: Antisol Blanco | C16: Kg | D16: 7000 | E16: 1.3 | F16: 9100
A17: Formaleta (gaviones, juntas de bordillos, juntas de cunetas, muros, concretos clase D,E, F y G) | C17: m2 | D17: 4722.55 | E17: 4.6 | F17: 21723.73
F21: Sub-Total | G21: 471036.23 | I21: 47103.623
A22: III. TRANSPORTES
A23: Material | B23: Vol-peso ó Cant. | C23: Distancia | D23: Und.-Km | E23: Tarifa | F23: Valor-Unit.
A24: TRANSPORTE MATERIAL PETREO. | B24: 1.5 | C24: 18.82 | D24: 28.23 | E24: 1233.33 | F24: 34816.906
F26: Sub-Total | G26: 34816.906
A27: IV. MANO DE OBRA
A28: Trabajador | B28: Jornal | C28: Prestaciones | D28: Jornal Total | E28: Rendimiento | F28: Valor-Unit.
A29: CUADRILLA (3 obreros+1 oficial). | B29: 150049.19 | C29: 185 | D29: 277591 | E29: 7 | F29: 39655.858 | H29: C31
F30: Sub-Total | G30: 39655.858
D32: Total Costo Directo | G32: 549492
C35: DESCRIPCION | F35: PORCENTAGE | G35: VR TOTAL
C36: ADMINISTRACION | F36: 0.23 | G36: 126383.16
C37: IMPREVISTOS | F37: 0.02 | G37: 10989.84
C38: UTILIDAD | F38: 0.05 | G38: 27474.6
C39: PRECIO UNITARIO TOTAL APROXIMADO AL PESO | G39: 714340
A42: ELABORO: PABLO CESAR ARRIETA RAMIREZ
A43: Apoyo Secretaria de Vias Departamental
A46: FECHA: Agosto de 2022

Sheet 49
A1: PROYECTO PLACA HUELLA MUNICIPIO DE PAICOL | C1: ANÁLISIS DE PRECIOS UNITARIOS
A2: DEPARTAMENTO DEL HUILA
A4: OBJETO: “MEJORAMIENTO DE VÍAS TERCIARIAS MEDIANTE LA CONSTRUCCION DE PLACA HUELLA EN SITIOS CRITICOS DE LOS MUNICIPIOS DE GARZON, EL PITAL, EL AGRADO Y PAICOL DEPARTAMENTO DEL HUILA" | D4: ITEM: SUMINISTRO E INTALACION DE TUBERIA EN CONCRETO F=36", L=1M. ESP. 661-13 INV. | I4: ITEM: SUMINISTRO E INTALACION DE TUBERIA EN CONCRETO F=36", L=1M. ESP. 661-13 INV.
C6: No. | D6: UNIDAD: | E6: m
C7: 49 | D7: ITEM DE PAGO: | E7: 3.3
A8: I. EQUIPO
A9: Descripción | C9: Tipo | D9: Tarifa/Hora | E9: Rendimiento | F9: Valor-Unit.
A10: HERRAMIENTA MENOR | E10: 0.1 | F10: 1156.6292
A11: RETROEXCAVADORA DE LLANTAS | D11: 113000 | E11: 3 | F11: 37666.667
F13: Sub-Total | G13: 38823.296
A14: II. MATERIALES
A15: Descripción | C15: Unidad | D15: Precio-Unit. | E15: Cantidad | F15: Valor-Unit.
A16: TUBO EN CONCRETO REFORZADO 36" EN CONCRETO F'c=28 Mpa. Especificación AASHTO M-170M y NTC 401. | C16: ML | D16: 280000 | E16: 1 | F16: 280000
A17: SUBPRODUCTO: CONCRETO NORMAL CLASE F - ( F'C=140 KGF/CM2). PARA ATRAQUE. | C17: M3 | D17: 364808 | E17: 0.06 | F17: 21888.48
A18: SUBPRODUCTO : MORTERO RELACION 1:3.PARA JUNTAS. | C18: M3 | D18: 399568 | E18: 0.06 | F18: 23974.08
F19: Sub-Total | G19: 325862.56
A20: III. TRANSPORTES
A21: Material | B21: Vol-peso ó Cant. | C21: Distancia | D21: Und.-Km | E21: Tarifa | F21: Valor-Unit.
A22: Transporte de tubo | B22: 825 | C22: 7.92 | D22: 6534 | E22: 2 | F22: 13068
A23: TRANSPORTE MATERIAL PETREO. | B23: 0.12 | C23: 67.82 | D23: 8.1384 | E23: 1233.33 | F23: 10037.333
F24: Sub-Total | G24: 23105.333
A25: IV. MANO DE OBRA
A26: Trabajador | B26: Jornal | C26: Prestaciones | D26: Jornal Total | E26: Rendimiento | F26: Valor-Unit.
A27: CUADRILLA (3 obreros+1 oficial). | B27: 150049.19 | C27: 185 | D27: 277591 | E27: 24 | F27: 11566.292 | H27: C31
F28: Sub-Total | G28: 11566.292
D30: Total Costo Directo | G30: 399357
C33: DESCRIPCION | F33: PORCENTAGE | G33: VR TOTAL
C34: ADMINISTRACION | F34: 0.23 | G34: 91852.11
C35: IMPREVISTOS | F35: 0.02 | G35: 7987.14
C36: UTILIDAD | F36: 0.05 | G36: 19967.85
C37: PRECIO UNITARIO TOTAL APROXIMADO AL PESO | G37: 519164
A40: ELABORO: PABLO CESAR ARRIETA RAMIREZ
A41: Apoyo Secretaria de Vias Departamental
A44: FECHA: Agosto de 2022

Sheet 50
A1: PROYECTO PLACA HUELLA MUNICIPIO DE PAICOL | C1: ANÁLISIS DE PRECIOS UNITARIOS
A2: DEPARTAMENTO DEL HUILA
A4: OBJETO: “MEJORAMIENTO DE VÍAS TERCIARIAS MEDIANTE LA CONSTRUCCION DE PLACA HUELLA EN SITIOS CRITICOS DE LOS MUNICIPIOS DE GARZON, EL PITAL, EL AGRADO Y PAICOL DEPARTAMENTO DEL HUILA" | D4: ITEM: ACERO DE REFUERZO 4.200 KG/CM² (60.000 PSI) ESP.640-13 INV. PARA ALCANTARILLA, BOX, MUROS. | I4: ITEM: ACERO DE REFUERZO 4.200 KG/CM² (60.000 PSI) ESP.640-13 INV. PARA ALCANTARILLA, BOX, MUROS.
C6: No. | D6: UNIDAD: | E6: Kg
C7: 50 | D7: ITEM DE PAGO: | E7: 3.4
A8: I. EQUIPO
A9: Descripción | C9: Tipo | D9: Tarifa/Hora | E9: Rendimiento | F9: Valor-Unit.
A10: HERRAMIENTA MENOR | E10: 0.05 | F10: 43.1786
F11: Sub-Total | G11: 43.1786
A12: II. MATERIALES
A13: Descripción | C13: Unidad | D13: Precio-Unit. | E13: Cantidad | F13: Valor-Unit.
A14: ACERO DE REFUERZO | C14: KG | D14: 5200 | E14: 1.05 | F14: 5460
A15: ALAMBRE NEGRO No. 18 | C15: Kg | D15: 7400 | E15: 0.0105 | F15: 77.7
F16: Sub-Total | G16: 5537.7
A17: III. TRANSPORTES
A18: Material | B18: Vol-peso ó Cant. | C18: Distancia | D18: Und.-Km | E18: Tarifa | F18: Valor-Unit.
A19: Transporte del acero desde el casco urbano | B19: 1.05 | C19: 7.92 | D19: 8.316 | E19: 2 | F19: 16.632
F20: 0
F21: Sub-Total | G21: 16.632
A22: IV. MANO DE OBRA
A23: Trabajador | B23: Jornal | C23: Prestaciones | D23: Jornal Total | E23: Rendimiento | F23: Valor-Unit.
A24: CUADRILLA (2 obreros+1 oficial). | B24: 116698.92 | C24: 185 | D24: 215893 | E24: 250 | F24: 863.57201 | H24: C21
F25: Sub-Total | G25: 863.57201
D27: Total Costo Directo | G27: 6461
C30: DESCRIPCION | F30: PORCENTAGE | G30: VR TOTAL
C31: ADMINISTRACION | F31: 0.23 | G31: 1486.03
C32: IMPREVISTOS | F32: 0.02 | G32: 129.22
C33: UTILIDAD | F33: 0.05 | G33: 323.05
C34: PRECIO UNITARIO TOTAL APROXIMADO AL PESO | G34: 8399
A37: ELABORO: PABLO CESAR ARRIETA RAMIREZ
A38: Apoyo Secretaria de Vias Departamental
A41: FECHA: Agosto de 2022

Sheet 51
A1: PROYECTO PLACA HUELLA MUNICIPIO DE PAICOL | C1: ANÁLISIS DE PRECIOS UNITARIOS
A2: DEPARTAMENTO DEL HUILA
A4: OBJETO: “MEJORAMIENTO DE VÍAS TERCIARIAS MEDIANTE LA CONSTRUCCION DE PLACA HUELLA EN SITIOS CRITICOS DE LOS MUNICIPIOS DE GARZON, EL PITAL, EL AGRADO Y PAICOL DEPARTAMENTO DEL HUILA" | D4: ITEM: SUMINISTRO E INSTALACION MATERIAL GRANULAR FILTRANTE. ESP. 673-13 INV. | I4: ITEM: SUMINISTRO E INSTALACION MATERIAL GRANULAR FILTRANTE. ESP. 673-13 INV.
C6: No. | D6: UNIDAD: | E6: m3
C7: 51 | D7: ITEM DE PAGO: | E7: 3.5
A8: I. EQUIPO
A9: Descripción | C9: Tipo | D9: Tarifa/Hora | E9: Rendimiento | F9: Valor-Unit.
A10: HERRAMIENTA MENOR | E10: 0.1 | F10: 555.18201
F12: Sub-Total | G12: 555.18201
A13: II. MATERIALES | J13: A | K13: H | L13: L | M13: M3
A14: Descripción | C14: Unidad | D14: Precio-Unit. | E14: Cantidad | F14: Valor-Unit. | J14: 0.4 | K14: 0.6 | L14: 4 | M14: 0.96
A15: GEOTEXTIL N.T. 2500 Ó SIMILAR.ESP. 673-13 INV. | C15: M2 | D15: 5100 | E15: 8 | F15: 40800
A16: TUBERIA PERFORADA 4" | C16: m | D16: 2174.4203 | E16: 4 | F16: 8697.681 | K16: 2 | L16: 8
A17: MATERIAL GRANULAR DRENANTE ENTRE 3" Y 3/4" | C17: M3 | D17: 95200 | E17: 1 | F17: 95200
F18: Sub-Total | G18: 144697.68
A19: III. TRANSPORTES
A20: Material | B20: Vol-peso ó Cant. | C20: Distancia | D20: Und.-Km | E20: Tarifa | F20: Valor-Unit.
A21: TRANSPORTE MATERIAL GRANULAR | B21: 1 | C21: 18.82 | D21: 18.82 | E21: 1233.33 | F21: 23211.271
F22: 0
F23: Sub-Total | G23: 23211.271 | I23: QUEDO CON EL TRANSPORTE
A24: IV. MANO DE OBRA
A25: Trabajador | B25: Jornal | C25: Prestaciones | D25: Jornal Total | E25: Rendimiento | F25: Valor-Unit.
A26: CUADRILLA (3 obreros+1 oficial). | B26: 150049.19 | C26: 185 | D26: 277591 | E26: 50 | F26: 5551.8201 | H26: C31
F27: Sub-Total | G27: 5551.8201
J28: 16034
D29: Total Costo Directo | G29: 174016 | I29: 160924 | J29: -13092
C32: DESCRIPCION | F32: PORCENTAGE | G32: VR TOTAL
C33: ADMINISTRACION | F33: 0.23 | G33: 40023.68
C34: IMPREVISTOS | F34: 0.02 | G34: 3480.32
C35: UTILIDAD | F35: 0.05 | G35: 8700.8
C36: PRECIO UNITARIO TOTAL APROXIMADO AL PESO | G36: 226221
A39: ELABORO: PABLO CESAR ARRIETA RAMIREZ
A40: Apoyo Secretaria de Vias Departamental
A43: FECHA: Agosto de 2022

Sheet 52
A1: PROYECTO PLACA HUELLA MUNICIPIO DE PAICOL | C1: ANÁLISIS DE PRECIOS UNITARIOS
A2: DEPARTAMENTO DEL HUILA
A4: OBJETO: “MEJORAMIENTO DE VÍAS TERCIARIAS MEDIANTE LA CONSTRUCCION DE PLACA HUELLA EN SITIOS CRITICOS DE LOS MUNICIPIOS DE GARZON, EL PITAL, EL AGRADO Y PAICOL DEPARTAMENTO DEL HUILA" | D4: ITEM: TERRAPLEN / MEJORAMIENTO CONFORMADO CON MATERIAL SELECCIONADO. ESP. 220.1-13 INV. | I4: ITEM: RELLENOS CONFORMADO CON MATERIAL SELECCIONADO. ESP. 220.1-13 INV.
C6: No. | D6: UNIDAD: | E6: m3
C7: 52 | D7: ITEM DE PAGO: | E7: 3.6
A8: I. EQUIPO
A9: Descripción | C9: Tipo | D9: Tarifa/Hora | E9: Rendimiento | F9: Valor-Unit.
A10: HERRAMIENTA MENOR | E10: 0.05 | F10: 107.9465
A11: Vibrocompatador, potencia 153 HP, peso 10 Ton. | D11: 121000 | E11: 50 | F11: 2420 | J11: 121975 | K11: 50 | M11: 2439.5
A12: Motoniveladora potencia 215 HP, ancho de cuchilla 4,27 m, peso 18 ton. | D12: 166000 | E12: 50 | F12: 3320
A13: Carrotanque de agua(1000 Galones) | D13: 116000 | E13: 50 | F13: 2320
F14: Sub-Total | G14: 8167.9465
A15: II. MATERIALES
A16: Descripción | C16: Unidad | D16: Precio-Unit. | E16: Cantidad | F16: Valor-Unit.
A17: MATERIAL GRANULAR CLASIFICADO COMO SELECCIONADO. ESP. 220-13 INV. | C17: M3 | D17: 29750 | E17: 1.3 | F17: 38675
A18: Agua | C18: Lt | D18: 40 | E18: 25 | F18: 1000
F23: Sub-Total | G23: 39675
A24: III. TRANSPORTES
A25: Material | B25: Vol-peso ó Cant. | C25: Distancia | D25: Und.-Km | E25: Tarifa | F25: Valor-Unit.
A26: TRANSPORTE MATERIAL PÉTREO. ACARREO | B26: 1.3 | C26: 18.82 | D26: 24.466 | E26: 1233.33 | F26: 30174.652
F27: 0
F28: Sub-Total | G28: 30174.652
A29: IV. MANO DE OBRA
A30: Trabajador | B30: Jornal | C30: Prestaciones | D30: Jornal Total | E30: Rendimiento | F30: Valor-Unit.
A31: CUADRILLA (2 obreros+1 oficial). | B31: 116698.92 | C31: 185 | D31: 215893 | E31: 100 | F31: 2158.93 | H31: C21
F32: Sub-Total | G32: 2158.93
D34: Total Costo Directo | G34: 80177
C37: DESCRIPCION | F37: PORCENTAGE | G37: VR TOTAL
C38: ADMINISTRACION | F38: 0.23 | G38: 18440.71
C39: IMPREVISTOS | F39: 0.02 | G39: 1603.54
C40: UTILIDAD | F40: 0.05 | G40: 4008.85
C41: PRECIO UNITARIO TOTAL APROXIMADO AL PESO | G41: 104230
A44: ELABORO: PABLO CESAR ARRIETA RAMIREZ
A45: Apoyo Secretaria de Vias Departamental
A48: FECHA: Agosto de 2022
